Workbook

Sheet 附件1汇总简表 
A1: 附件1
A2: 2026年省级水利建设和发展专项资金（第一批水利发展）汇总表
L3: 单位：万元
A4: 地 区 | B4: 合计 | C4: 农村水利与水土保持 | D4: 水利工程维修养护 | E4: 水文设施维修养护 | F4: 河湖管理与保护 | G4: 长江河道监测 | H4: 水资源管理与保 护 | I4: 节约用水管理 | J4: 河湖采砂及水行政执法管理 | K4: 水旱灾害防御 | L4: 南水北调水费奖补
A5: 合 计 | B5: =SUM(C5:L5) -> 132353 | C5: =C7+C75 -> 38520 | D5: =D7+D75 -> 45229 | E5: =E7+E75 -> 4000 | F5: =F7+F75 -> 13300 | G5: =G7+G75 -> 1000 | H5: =H7+H75 -> 6739 | I5: =I7+I75 -> 3500 | J5: =J7+J75 -> 3000 | ... L5: =L7+L75 -> 10548
A6: 支出科目
A7: 市县小计 | B7: =SUM(C7:L7) -> 95966 | C7: =SUM(C8,C10,C14,C21,C24,C30,C36,C41,C46,C54,C59,C64,C69) -> 36961 | D7: =SUM(D8,D10,D14,D21,D24,D30,D36,D41,D46,D54,D59,D64,D69) -> 26528 | E7: =SUM(E8,E10,E14,E21,E24,E30,E36,E41,E46,E54,E59,E64,E69) -> 0 | F7: =SUM(F8,F10,F14,F21,F24,F30,F36,F41,F46,F54,F59,F64,F69) -> 9400 | G7: =SUM(G8,G10,G14,G21,G24,G30,G36,G41,G46,G54,G59,G64,G69) -> 420 | H7: =SUM(H8,H10,H14,H21,H24,H30,H36,H41,H46,H54,H59,H64,H69) -> 2640 | I7: =SUM(I8,I10,I14,I21,I24,I30,I36,I41,I46,I54,I59,I64,I69) -> 3000 | J7: =SUM(J8,J10,J14,J21,J24,J30,J36,J41,J46,J54,J59,J64,J69) -> 2412 | ... L7: =SUM(L8,L10,L14,L21,L24,L30,L36,L41,L46,L54,L59,L64,L69) -> 10548
A8: 南京市 | B8: =SUM(C8:L8) -> 9310 | C8: =SUM(C9) -> 4702 | D8: =SUM(D9) -> 3523 | E8: =SUM(E9) -> 0 | F8: =SUM(F9) -> 66 | G8: =SUM(G9) -> 0 | H8: =SUM(H9) -> 180 | I8: =SUM(I9) -> 245 | J8: =SUM(J9) -> 217 | ... L8: =SUM(L9) -> 0
A9: 南京市本级 | B9: =SUM(C9:L9) -> 9310 | C9: ='附件3-1-1'!B8 -> 4702 | D9: ='附件3-2-1'!B6 -> 3523 | F9: ='附件3-4-1'!B7 -> 66 | H9: ='附件3-6'!B7 -> 180 | I9: ='附件3-7'!B7 -> 245 | J9: ='附件3-8-1'!B7 -> 217 | K9: =SUM('附件3-9'!G7) -> 377
A10: 无锡市 | B10: =SUM(C10:L10) -> 2738 | C10: =SUM(C11:C13) -> 649 | D10: =SUM(D11:D13) -> 1089 | E10: =SUM(E11:E13) -> 0 | F10: =SUM(F11:F13) -> 84 | G10: =SUM(G11:G13) -> 0 | H10: =SUM(H11:H13) -> 170 | I10: =SUM(I11:I13) -> 360 | J10: =SUM(J11:J13) -> 357 | ... L10: =SUM(L11:L13) -> 0
A11: 无锡市本级 | B11: =SUM(C11:L11) -> 941 | C11: =SUM('附件3-1-1'!B17:B19) -> 270 | D11: ='附件3-2-1'!B14 -> 290 | F11: ='附件3-4-1'!B16+'附件3-4-1'!B17+'附件3-4-1'!B18+'附件3-4-1'!B19 -> 40 | H11: =SUM('附件3-6'!B11:B12) -> 110 | I11: ='附件3-7'!B18+'附件3-7'!B19+'附件3-7'!B20+'附件3-7'!B21+'附件3-7'!B22 -> 160 | J11: =SUM('附件3-8-1'!B11:B14) -> 71
A12: 江阴市 | B12: =SUM(C12:L12) -> 647 | C12: ='附件3-1-1'!B20 -> 266 | D12: ='附件3-2-1'!B15 -> 146 | F12: ='附件3-4-1'!B20 -> 15 | H12: =SUM('附件3-6'!B13) -> 40 | I12: ='附件3-7'!B23 -> 0 | J12: =SUM('附件3-8-1'!B15) -> 176 | K12: =SUM('附件3-9'!G18) -> 4
A13: 宜兴市 | B13: =SUM(C13:L13) -> 1150 | C13: ='附件3-1-1'!B21 -> 113 | D13: ='附件3-2-1'!B16 -> 653 | F13: ='附件3-4-1'!B21 -> 29 | H13: =SUM('附件3-6'!B14) -> 20 | I13: ='附件3-7'!B24 -> 200 | J13: =SUM('附件3-8-1'!B16) -> 110 | K13: =SUM('附件3-9'!G19:G20) -> 25
A14: 徐州市 | B14: =SUM(C14:L14) -> 11933 | C14: =SUM(C15:C20) -> 4182 | D14: =SUM(D15:D20) -> 2641 | E14: =SUM(E15:E20) -> 0 | F14: =SUM(F15:F20) -> 66 | G14: =SUM(G15:G20) -> 0 | H14: =SUM(H15:H20) -> 279 | I14: =SUM(I15:I20) -> 61 | J14: =SUM(J15:J20) -> 382 | ... L14: =SUM(L15:L20) -> 2973
A15: 徐州市本级 | B15: =SUM(C15:L15) -> 3596 | C15: =SUM('附件3-1-1'!B23:B27) -> 635 | D15: ='附件3-2-1'!B18+'附件3-2-1'!B19+'附件3-2-1'!B20 -> 1557 | F15: =SUM('附件3-4-1'!B23:B24) -> 14 | H15: =SUM('附件3-6'!B16:B17) -> 190 | I15: ='附件3-7'!B26+'附件3-7'!B27+'附件3-7'!B28 -> 59 | J15: =SUM('附件3-8-1'!B18:B24) -> 225 | K15: =SUM('附件3-9'!G22:G23) -> 8 | L15: ='附件3-10'!E7 -> 908
A16: 丰县 | B16: =SUM(C16:L16) -> 780 | C16: ='附件3-1-1'!B28 -> 359 | D16: ='附件3-2-1'!B21 -> 55 | F16: =SUM('附件3-4-1'!B25) -> 2 | H16: =SUM('附件3-6'!B18) -> 50 | I16: ='附件3-7'!B29 -> 2 | J16: =SUM('附件3-8-1'!B25) -> 8 | L16: ='附件3-10'!E11 -> 304
A17: 沛县 | B17: =SUM(C17:L17) -> 986 | C17: ='附件3-1-1'!B29 -> 426 | D17: ='附件3-2-1'!B22 -> 67 | F17: =SUM('附件3-4-1'!B26) -> 2 | H17: =SUM('附件3-6'!B19) -> 39 | I17: ='附件3-7'!B30 -> 0 | J17: =SUM('附件3-8-1'!B26) -> 48 | K17: ='附件3-9'!G24 -> 2 | L17: ='附件3-10'!E12 -> 402
A18: 睢宁县 | B18: =SUM(C18:L18) -> 1568 | C18: ='附件3-1-1'!B30 -> 766 | D18: ='附件3-2-1'!B23 -> 364 | F18: =SUM('附件3-4-1'!B27) -> 7 | I18: ='附件3-7'!B31 -> 0 | J18: =SUM('附件3-8-1'!B27) -> 8 | K18: =SUM('附件3-9'!G25:G26) -> 12 | L18: ='附件3-10'!E13 -> 411
A19: 邳州市 | B19: =SUM(C19:L19) -> 2580 | C19: ='附件3-1-1'!B31 -> 1139 | D19: ='附件3-2-1'!B24 -> 198 | F19: =SUM('附件3-4-1'!B28) -> 26 | I19: ='附件3-7'!B32 -> 0 | J19: =SUM('附件3-8-1'!B28) -> 15 | K19: =SUM('附件3-9'!G27:G28) -> 726 | L19: ='附件3-10'!E14 -> 476
A20: 新沂市 | B20: =SUM(C20:L20) -> 2423 | C20: ='附件3-1-1'!B32 -> 857 | D20: ='附件3-2-1'!B25 -> 400 | F20: =SUM('附件3-4-1'!B29) -> 15 | I20: ='附件3-7'!B33 -> 0 | J20: =SUM('附件3-8-1'!B29) -> 78 | K20: =SUM('附件3-9'!G29:G31) -> 601 | L20: ='附件3-10'!E15 -> 472
A21: 常州市 | B21: =SUM(C21:L21) -> 3056 | C21: =SUM(C22:C23) -> 992 | D21: =SUM(D22:D23) -> 1540 | E21: =SUM(E22:E23) -> 0 | F21: =SUM(F22:F23) -> 55 | G21: =SUM(G22:G23) -> 14 | H21: =SUM(H22:H23) -> 200 | I21: =SUM(I22:I23) -> 161 | J21: =SUM(J22:J23) -> 92 | ... L21: =SUM(L22:L23) -> 0
A22: 常州市本级 | B22: =SUM(C22:L22) -> 1726 | C22: =SUM('附件3-1-1'!B34:B38) -> 247 | D22: ='附件3-2-1'!B27+'附件3-2-1'!B28+'附件3-2-1'!B29 -> 1035 | F22: =SUM('附件3-4-1'!B31:B35) -> 45 | G22: ='附件3-5'!C8 -> 14 | H22: =SUM('附件3-6'!B21:B22) -> 180 | I22: =SUM('附件3-7'!B35:B39) -> 161 | J22: =SUM('附件3-8-1'!B31:B33) -> 42 | K22: =SUM('附件3-9'!G33:G34) -> 2
A23: 溧阳市 | B23: =SUM(C23:L23) -> 1330 | C23: ='附件3-1-1'!B39 -> 745 | D23: ='附件3-2-1'!B30 -> 505 | F23: ='附件3-4-1'!B36 -> 10 | H23: =SUM('附件3-6'!B23) -> 20 | I23: =SUM('附件3-7'!B40) -> 0 | J23: =SUM('附件3-8-1'!B34) -> 50
A24: 苏州市 | B24: =SUM(C24:L24) -> 3447 | C24: =SUM(C25:C29) -> 1172 | D24: =SUM(D25:D29) -> 1091 | E24: =SUM(E25:E29) -> 0 | F24: =SUM(F25:F29) -> 147 | G24: =SUM(G25:G29) -> 105 | H24: =SUM(H25:H29) -> 200 | I24: =SUM(I25:I29) -> 584 | J24: =SUM(J25:J29) -> 37 | ... L24: =SUM(L25:L29) -> 0
A25: 苏州市本级 | B25: =SUM(C25:L25) -> 996 | C25: =SUM('附件3-1-1'!B41:B43) -> 172 | D25: ='附件3-2-1'!B32 -> 375 | F25: =SUM('附件3-4-1'!B38:B41) -> 98 | H25: =SUM('附件3-6'!B25) -> 120 | I25: =SUM('附件3-7'!B42:B45) -> 221 | K25: =SUM('附件3-9'!G36) -> 10
A26: 张家港市 | B26: =SUM(C26:L26) -> 760 | C26: ='附件3-1-1'!B44 -> 70 | D26: ='附件3-2-1'!B33 -> 425 | F26: ='附件3-4-1'!B42 -> 6 | G26: ='附件3-5'!C10 -> 25 | H26: =SUM('附件3-6'!B26) -> 20 | I26: =SUM('附件3-7'!B46) -> 193 | J26: =SUM('附件3-8-1'!B36) -> 21
A27: 常熟市 | B27: =SUM(C27:L27) -> 882 | C27: ='附件3-1-1'!B45 -> 500 | D27: ='附件3-2-1'!B34 -> 148 | F27: ='附件3-4-1'!B43 -> 17 | G27: ='附件3-5'!C11 -> 16 | H27: =SUM('附件3-6'!B27) -> 60 | I27: =SUM('附件3-7'!B47) -> 33 | J27: =SUM('附件3-8-1'!B37) -> 8 | K27: ='附件3-9'!G37 -> 100
A28: 太仓市 | B28: =SUM(C28:L28) -> 592 | C28: ='附件3-1-1'!B46 -> 346 | D28: ='附件3-2-1'!B35 -> 108 | F28: ='附件3-4-1'!B44 -> 10 | G28: ='附件3-5'!C12 -> 64 | I28: =SUM('附件3-7'!B48) -> 55 | J28: =SUM('附件3-8-1'!B38) -> 8 | K28: ='附件3-9'!G38 -> 1
A29: 昆山市 | B29: =SUM(C29:L29) -> 217 | C29: ='附件3-1-1'!B47 -> 84 | D29: ='附件3-2-1'!B36 -> 35 | F29: ='附件3-4-1'!B45 -> 16 | I29: =SUM('附件3-7'!B49) -> 82
A30: 南通市 | B30: =SUM(C30:L30) -> 4543 | C30: =SUM(C31:C35) -> 2335 | D30: =SUM(D31:D35) -> 1112 | E30: =SUM(E31:E35) -> 0 | F30: =SUM(F31:F35) -> 25 | G30: =SUM(G31:G35) -> 56 | H30: =SUM(H31:H35) -> 237 | I30: =SUM(I31:I35) -> 282 | J30: =SUM(J31:J35) -> 321 | ... L30: =SUM(L31:L35) -> 0
A31: 南通市本级 | B31: =SUM(C31:L31) -> 1919 | C31: ='附件3-1-1'!B49+'附件3-1-1'!B50 -> 590 | D31: ='附件3-2-1'!B38+'附件3-2-1'!B39 -> 472 | F31: ='附件3-4-1'!B47+'附件3-4-1'!B48+'附件3-4-1'!B49 -> 9 | G31: ='附件3-5'!C14 -> 40 | H31: =SUM('附件3-6'!B29) -> 120 | I31: =SUM('附件3-7'!B51:B54) -> 256 | J31: =SUM('附件3-8-1'!B40:B42) -> 279 | K31: =SUM('附件3-9'!G40:G42) -> 153
A32: 海安市 | B32: =SUM(C32:L32) -> 387 | C32: ='附件3-1-1'!B51 -> 233 | D32: ='附件3-2-1'!B40 -> 90 | F32: ='附件3-4-1'!B50 -> 8 | H32: =SUM('附件3-6'!B30) -> 17 | I32: =SUM('附件3-7'!C55) -> 26 | J32: =SUM('附件3-8-1'!B43) -> 10 | K32: =SUM('附件3-9'!G43) -> 3
A33: 如皋市 | B33: =SUM(C33:L33) -> 747 | C33: ='附件3-1-1'!B52 -> 466 | D33: ='附件3-2-1'!B41 -> 174 | F33: ='附件3-4-1'!B51 -> 3 | G33: ='附件3-5'!C15 -> 16 | H33: =SUM('附件3-6'!B31) -> 65 | I33: =SUM('附件3-7'!C56) -> 0 | J33: =SUM('附件3-8-1'!B44) -> 11 | K33: =SUM('附件3-9'!G44:G45) -> 12
A34: 如东县 | B34: =SUM(C34:L34) -> 1022 | C34: ='附件3-1-1'!B53 -> 785 | D34: ='附件3-2-1'!B42 -> 192 | H34: =SUM('附件3-6'!B32) -> 35 | I34: =SUM('附件3-7'!C57) -> 0 | J34: =SUM('附件3-8-1'!B45) -> 8 | K34: =SUM('附件3-9'!G46) -> 2
A35: 启东市 | B35: =SUM(C35:L35) -> 468 | C35: ='附件3-1-1'!B54 -> 261 | D35: ='附件3-2-1'!B43 -> 184 | F35: ='附件3-4-1'!B52 -> 5 | I35: =SUM('附件3-7'!C58) -> 0 | J35: =SUM('附件3-8-1'!B46) -> 13 | K35: =SUM('附件3-9'!G47) -> 5
A36: 连云港市 | B36: =SUM(C36:L36) -> 14597 | C36: =SUM(C37:C40) -> 5167 | D36: =SUM(D37:D40) -> 6682 | E36: =SUM(E37:E40) -> 0 | F36: =SUM(F37:F40) -> 40 | G36: =SUM(G37:G40) -> 0 | H36: =SUM(H37:H40) -> 150 | I36: =SUM(I37:I40) -> 240 | J36: =SUM(J37:J40) -> 62 | ... L36: =SUM(L37:L40) -> 1985
A37: 连云港市本级 | B37: =SUM(C37:L37) -> 7841 | C37: =SUM('附件3-1-1'!B56:B59) -> 2237 | D37: ='附件3-2-1'!B45+'附件3-2-1'!B46+'附件3-2-1'!B47 -> 4062 | F37: =SUM('附件3-4-1'!B54:B56) -> 19 | H37: =SUM('附件3-6'!B34) -> 140 | I37: =SUM('附件3-7'!B60:B63) -> 240 | J37: =SUM('附件3-8-1'!B48:B49) -> 29 | K37: =SUM('附件3-9'!G49:G53) -> 264 | L37: ='附件3-10'!E17 -> 850
A38: 东海县 | B38: =SUM(C38:L38) -> 2936 | C38: ='附件3-1-1'!B60 -> 704 | D38: ='附件3-2-1'!B48 -> 1734 | F38: =SUM('附件3-4-1'!B57) -> 3 | I38: =SUM('附件3-7'!B64) -> 0 | J38: =SUM('附件3-8-1'!B50) -> 8 | K38: =SUM('附件3-9'!G54:G54) -> 3 | L38: ='附件3-10'!E25 -> 484
A39: 灌云县 | B39: =SUM(C39:L39) -> 3114 | C39: ='附件3-1-1'!B61 -> 2020 | D39: ='附件3-2-1'!B49 -> 702 | F39: ='附件3-4-1'!B58 -> 10 | H39: =SUM('附件3-6'!B35) -> 10 | I39: =SUM('附件3-7'!B65) -> 0 | J39: =SUM('附件3-8-1'!B51) -> 10 | K39: =SUM('附件3-9'!G55) -> 1 | L39: ='附件3-10'!E26 -> 361
A40: 灌南县 | B40: =SUM(C40:L40) -> 706 | C40: ='附件3-1-1'!B62 -> 206 | D40: ='附件3-2-1'!B50 -> 184 | F40: ='附件3-4-1'!B59 -> 8 | I40: =SUM('附件3-7'!B66) -> 0 | J40: =SUM('附件3-8-1'!B52) -> 15 | K40: =SUM('附件3-9'!G56) -> 3 | L40: ='附件3-10'!E27 -> 290
A41: 淮安市 | B41: =SUM(C41:L41) -> 15591 | C41: =SUM(C42:C45) -> 4085 | D41: =SUM(D42:D45) -> 1692 | E41: =SUM(E42:E45) -> 0 | F41: =SUM(F42:F45) -> 7229 | G41: =SUM(G42:G45) -> 0 | H41: =SUM(H42:H45) -> 170 | I41: =SUM(I42:I45) -> 59 | J41: =SUM(J42:J45) -> 65 | ... L41: =SUM(L42:L45) -> 1955
A42: 淮安市本级 | B42: =SUM(C42:L42) -> 9239 | C42: ='附件3-1-1'!B64+'附件3-1-1'!B65+'附件3-1-1'!B66+'附件3-1-1'!B67 -> 1267 | D42: =SUM('附件3-2-1'!B52:B56) -> 791 | F42: =SUM('附件3-4-1'!B61:B64) -> 5772 | H42: =SUM('附件3-6'!B37:B38) -> 170 | I42: =SUM('附件3-7'!B68:B72) -> 41 | J42: =SUM('附件3-8-1'!B54:B57) -> 55 | K42: =SUM('附件3-9'!G58:G65) -> 50 | L42: ='附件3-10'!E29 -> 1093
A43: 金湖县 | B43: =SUM(C43:L43) -> 853 | C43: ='附件3-1-1'!B68 -> 153 | D43: ='附件3-2-1'!B57 -> 210 | F43: ='附件3-4-1'!B65 -> 23 | I43: =SUM('附件3-7'!B73) -> 0 | K43: =SUM('附件3-9'!G66:G68) -> 266 | L43: ='附件3-10'!E38 -> 201
A44: 盱眙县 | B44: =SUM(C44:L44) -> 3405 | C44: ='附件3-1-1'!B69 -> 1007 | D44: ='附件3-2-1'!B58 -> 614 | F44: ='附件3-4-1'!B66 -> 1428 | I44: =SUM('附件3-7'!B74) -> 18 | K44: =SUM('附件3-9'!G69:G71) -> 20 | L44: ='附件3-10'!E39 -> 318
A45: 涟水县 | B45: =SUM(C45:L45) -> 2094 | C45: ='附件3-1-1'!B70 -> 1658 | D45: ='附件3-2-1'!B59 -> 77 | F45: ='附件3-4-1'!B67 -> 6 | I45: =SUM('附件3-7'!B75) -> 0 | J45: =SUM('附件3-8-1'!B58) -> 10 | L45: ='附件3-10'!E37 -> 343
A46: 盐城市 | B46: =SUM(C46:L46) -> 10221 | C46: =SUM(C47:C53) -> 5671 | D46: =SUM(D47:D53) -> 2818 | E46: =SUM(E47:E53) -> 0 | F46: =SUM(F47:F53) -> 250 | G46: =SUM(G47:G53) -> 0 | H46: =SUM(H47:H53) -> 424 | I46: =SUM(I47:I53) -> 153 | J46: =SUM(J47:J53) -> 129 | ... L46: =SUM(L47:L53) -> 483
A47: 盐城市本级 | B47: =SUM(C47:L47) -> 2703 | C47: ='附件3-1-1'!B72+'附件3-1-1'!B73+'附件3-1-1'!B74 -> 1279 | D47: ='附件3-2-1'!B61+'附件3-2-1'!B62 -> 826 | F47: =SUM('附件3-4-1'!B69:B71) -> 108 | H47: =SUM('附件3-6'!B40:B43) -> 286 | I47: =SUM('附件3-7'!B77:B80) -> 45 | J47: =SUM('附件3-8-1'!B60:B63) -> 59 | K47: =SUM('附件3-9'!G73:G74) -> 14 | L47: ='附件3-10'!E41 -> 86
A48: 东台市 | B48: =SUM(C48:L48) -> 1883 | C48: ='附件3-1-1'!B75 -> 1392 | D48: ='附件3-2-1'!B63 -> 395 | F48: ='附件3-4-1'!B72 -> 36 | H48: =SUM('附件3-6'!B44) -> 44 | I48: =SUM('附件3-7'!B81) -> 0 | J48: =SUM('附件3-8-1'!B64) -> 16
A49: 建湖县 | B49: =SUM(C49:L49) -> 732 | C49: ='附件3-1-1'!B76 -> 567 | D49: ='附件3-2-1'!B64 -> 6 | F49: ='附件3-4-1'!B73 -> 24 | I49: =SUM('附件3-7'!B82) -> 0 | J49: =SUM('附件3-8-1'!B65) -> 11 | K49: =SUM('附件3-9'!G75) -> 105 | L49: ='附件3-10'!E44 -> 19
A50: 射阳县 | B50: =SUM(C50:L50) -> 1311 | C50: ='附件3-1-1'!B77 -> 787 | D50: ='附件3-2-1'!B65 -> 388 | F50: ='附件3-4-1'!B74 -> 1 | H50: =SUM('附件3-6'!B45) -> 43 | I50: =SUM('附件3-7'!B83) -> 59 | J50: =SUM('附件3-8-1'!B66) -> 10 | L50: ='附件3-10'!E45 -> 23
A51: 阜宁县 | B51: =SUM(C51:L51) -> 1374 | C51: ='附件3-1-1'!B78 -> 578 | D51: ='附件3-2-1'!B66 -> 381 | F51: ='附件3-4-1'!B75 -> 39 | I51: =SUM('附件3-7'!B84) -> 0 | J51: =SUM('附件3-8-1'!B67) -> 11 | K51: =SUM('附件3-9'!G76) -> 10 | L51: ='附件3-10'!E46 -> 355
A52: 滨海县 | B52: =SUM(C52:L52) -> 1088 | C52: ='附件3-1-1'!B79 -> 536 | D52: ='附件3-2-1'!B67 -> 487 | F52: ='附件3-4-1'!B76 -> 31 | H52: =SUM('附件3-6'!B46) -> 21 | I52: =SUM('附件3-7'!B85) -> 0 | J52: =SUM('附件3-8-1'!B68) -> 11 | K52: =SUM('附件3-9'!G77) -> 2
A53: 响水县 | B53: =SUM(C53:L53) -> 1130 | C53: ='附件3-1-1'!B80 -> 532 | D53: ='附件3-2-1'!B68 -> 335 | F53: ='附件3-4-1'!B77 -> 11 | H53: =SUM('附件3-6'!B47) -> 30 | I53: =SUM('附件3-7'!B86) -> 49 | J53: =SUM('附件3-8-1'!B69) -> 11 | K53: =SUM('附件3-9'!G78:G80) -> 162
A54: 扬州市 | B54: =SUM(C54:L54) -> 6242 | C54: =SUM(C55:C58) -> 2412 | D54: =SUM(D55:D58) -> 1351 | E54: =SUM(E55:E58) -> 0 | F54: =SUM(F55:F58) -> 107 | G54: =SUM(G55:G58) -> 62 | H54: =SUM(H55:H58) -> 140 | I54: =SUM(I55:I58) -> 169 | J54: =SUM(J55:J58) -> 212 | ... L54: =SUM(L55:L58) -> 1350
A55: 扬州市本级 | B55: =SUM(C55:L55) -> 2699 | C55: ='附件3-1-1'!B82+'附件3-1-1'!B83+'附件3-1-1'!B84 -> 1219 | D55: ='附件3-2-1'!B70+'附件3-2-1'!B71+'附件3-2-1'!B72+'附件3-2-1'!B73 -> 486 | F55: =SUM('附件3-4-1'!B79:B81) -> 41 | G55: ='附件3-5'!C17 -> 50 | H55: =SUM('附件3-6'!B49) -> 100 | I55: =SUM('附件3-7'!B88:B91) -> 169 | J55: =SUM('附件3-8-1'!B71:B74) -> 34 | K55: =SUM('附件3-9'!G82:G87) -> 156 | L55: ='附件3-10'!E48 -> 444
A56: 宝应县 | B56: =SUM(C56:L56) -> 1147 | C56: ='附件3-1-1'!B85 -> 497 | D56: ='附件3-2-1'!B74 -> 136 | F56: ='附件3-4-1'!B82 -> 30 | H56: =SUM('附件3-6'!B50) -> 40 | I56: =SUM('附件3-7'!B92) -> 0 | J56: =SUM('附件3-8-1'!B75) -> 10 | K56: =SUM('附件3-9'!G88) -> 2 | L56: ='附件3-10'!E49 -> 432
A57: 高邮市 | B57: =SUM(C57:L57) -> 1869 | C57: ='附件3-1-1'!B86 -> 569 | D57: ='附件3-2-1'!B75 -> 354 | F57: ='附件3-4-1'!B83 -> 33 | I57: =SUM('附件3-7'!B93) -> 0 | J57: =SUM('附件3-8-1'!B76) -> 158 | K57: =SUM('附件3-9'!G89:G92) -> 281 | L57: ='附件3-10'!E50 -> 474
A58: 仪征市 | B58: =SUM(C58:L58) -> 527 | C58: ='附件3-1-1'!B87 -> 127 | D58: ='附件3-2-1'!B76 -> 375 | F58: ='附件3-4-1'!B84 -> 3 | G58: ='附件3-5'!C18 -> 12 | I58: =SUM('附件3-7'!B94) -> 0 | J58: =SUM('附件3-8-1'!B77) -> 10
A59: 镇江市 | B59: =SUM(C59:L59) -> 3396 | C59: =SUM(C60:C63) -> 783 | D59: =SUM(D60:D63) -> 1576 | E59: =SUM(E60:E63) -> 0 | F59: =SUM(F60:F63) -> 44 | G59: =SUM(G60:G63) -> 122 | H59: =SUM(H60:H63) -> 140 | I59: =SUM(I60:I63) -> 102 | J59: =SUM(J60:J63) -> 288 | ... L59: =SUM(L60:L63) -> 0
A60: 镇江市本级 | B60: =SUM(C60:L60) -> 1192 | C60: =SUM('附件3-1-1'!B89) -> 61 | D60: ='附件3-2-1'!B78+'附件3-2-1'!B79 -> 525 | F60: ='附件3-4-1'!B86+'附件3-4-1'!B87 -> 18 | G60: ='附件3-5'!C20 -> 58 | H60: =SUM('附件3-6'!B52) -> 140 | I60: =SUM('附件3-7'!B96:B98) -> 95 | J60: =SUM('附件3-8-1'!B79:B82) -> 232 | K60: =SUM('附件3-9'!G94:G96) -> 63
A61: 丹阳市 | B61: =SUM(C61:L61) -> 649 | C61: ='附件3-1-1'!B90 -> 487 | D61: ='附件3-2-1'!B80 -> 123 | F61: ='附件3-4-1'!B88 -> 17 | G61: ='附件3-5'!C21 -> 5 | I61: =SUM('附件3-7'!B99) -> 7 | J61: =SUM('附件3-8-1'!B83) -> 10
A62: 句容市 | B62: =SUM(C62:L62) -> 927 | C62: ='附件3-1-1'!B91 -> 187 | D62: ='附件3-2-1'!B81 -> 563 | F62: ='附件3-4-1'!B89 -> 1 | I62: =SUM('附件3-7'!B100) -> 0 | J62: =SUM('附件3-8-1'!B84) -> 25 | K62: =SUM('附件3-9'!G97:G98) -> 151
A63: 扬中市 | B63: =SUM(C63:L63) -> 628 | C63: ='附件3-1-1'!B92 -> 48 | D63: ='附件3-2-1'!B82 -> 365 | F63: ='附件3-4-1'!B90 -> 8 | G63: ='附件3-5'!C22 -> 59 | I63: =SUM('附件3-7'!B101) -> 0 | J63: =SUM('附件3-8-1'!B85) -> 21 | K63: =SUM('附件3-9'!G99:G100) -> 127
A64: 泰州市 | B64: =SUM(C64:L64) -> 3923 | C64: =SUM(C65:C68) -> 2185 | D64: =SUM(D65:D68) -> 582 | E64: =SUM(E65:E68) -> 0 | F64: =SUM(F65:F68) -> 102 | G64: =SUM(G65:G68) -> 61 | H64: =SUM(H65:H68) -> 200 | I64: =SUM(I65:I68) -> 449 | J64: =SUM(J65:J68) -> 199 | ... L64: =SUM(L65:L68) -> 0
A65: 泰州市本级 | B65: =SUM(C65:L65) -> 1457 | C65: ='附件3-1-1'!B94+'附件3-1-1'!B95+'附件3-1-1'!B96 -> 867 | D65: ='附件3-2-1'!B84+'附件3-2-1'!B85 -> 75 | F65: =SUM('附件3-4-1'!B92:B94) -> 26 | G65: ='附件3-5'!C24 -> 8 | H65: =SUM('附件3-6'!B54) -> 200 | I65: =SUM('附件3-7'!B103:B106) -> 176 | J65: =SUM('附件3-8-1'!B87:B89) -> 82 | K65: =SUM('附件3-9'!G102:G103) -> 23
A66: 靖江市 | B66: =SUM(C66:L66) -> 754 | C66: ='附件3-1-1'!B97 -> 223 | D66: ='附件3-2-1'!B86 -> 310 | F66: ='附件3-4-1'!B95 -> 7 | G66: ='附件3-5'!C25 -> 43 | I66: =SUM('附件3-7'!B107) -> 100 | J66: =SUM('附件3-8-1'!B90) -> 71
A67: 泰兴市 | B67: =SUM(C67:L67) -> 1131 | C67: ='附件3-1-1'!B98 -> 595 | D67: ='附件3-2-1'!B87 -> 197 | F67: ='附件3-4-1'!B96 -> 3 | G67: ='附件3-5'!C26 -> 10 | I67: =SUM('附件3-7'!B108) -> 173 | J67: =SUM('附件3-8-1'!B91) -> 31 | K67: =SUM('附件3-9'!G104:G105) -> 122
A68: 兴化市 | B68: =SUM(C68:L68) -> 581 | C68: ='附件3-1-1'!B99 -> 500 | F68: ='附件3-4-1'!B97 -> 66 | I68: =SUM('附件3-7'!B109) -> 0 | J68: =SUM('附件3-8-1'!B92) -> 15
A69: 宿迁市 | B69: =SUM(C69:L69) -> 6969 | C69: =SUM(C70:C73) -> 2626 | D69: =SUM(D70:D73) -> 831 | E69: =SUM(E70:E73) -> 0 | F69: =SUM(F70:F73) -> 1185 | G69: =SUM(G70:G73) -> 0 | H69: =SUM(H70:H73) -> 150 | I69: =SUM(I70:I73) -> 135 | J69: =SUM(J70:J73) -> 51 | ... L69: =SUM(L70:L73) -> 1802
A70: 宿迁市本级 | B70: =SUM(C70:L70) -> 1733 | C70: ='附件3-1-1'!B101+'附件3-1-1'!B102 -> 432 | D70: ='附件3-2-1'!B89+'附件3-2-1'!B90 -> 262 | F70: =SUM('附件3-4-1'!B99:B100) -> 22 | H70: =SUM('附件3-6'!B56) -> 150 | I70: =SUM('附件3-7'!B111:B113) -> 135 | J70: =SUM('附件3-8-1'!B94:B95) -> 30 | K70: =SUM('附件3-9'!G107:G112) -> 176 | L70: ='附件3-10'!E52 -> 526
A71: 沭阳县 | B71: =SUM(C71:L71) -> 1206 | C71: ='附件3-1-1'!B103 -> 601 | D71: ='附件3-2-1'!B91 -> 45 | F71: ='附件3-4-1'!B101 -> 13 | I71: =SUM('附件3-7'!B114) -> 0 | K71: =SUM('附件3-9'!G113:G114) -> 9 | L71: ='附件3-10'!E55 -> 538
A72: 泗洪县 | B72: =SUM(C72:L72) -> 2848 | C72: ='附件3-1-1'!B104 -> 899 | D72: ='附件3-2-1'!B92 -> 431 | F72: ='附件3-4-1'!B102 -> 1136 | I72: =SUM('附件3-7'!B115) -> 0 | J72: =SUM('附件3-8-1'!B96) -> 11 | K72: =SUM('附件3-9'!G115:G115) -> 1 | L72: ='附件3-10'!E57 -> 370
A73: 泗阳县 | B73: =SUM(C73:L73) -> 1182 | C73: ='附件3-1-1'!B105 -> 694 | D73: ='附件3-2-1'!B93 -> 93 | F73: ='附件3-4-1'!B103 -> 14 | I73: =SUM('附件3-7'!B116) -> 0 | J73: =SUM('附件3-8-1'!B97) -> 10 | K73: =SUM('附件3-9'!G116) -> 3 | L73: ='附件3-10'!E56 -> 368
A74: 支出科目 | B74: 其他水利支出2130399
A75: 省级小计 | B75: =SUM(C75:L75) -> 36387 | C75: =SUM(C76,C87,C99,C105,C116,C122,C127,C130,C137,C138,C139,C140,C145,C161,C162,C163,C164,C165,C166,C167,C168,C169,C170,C171,C172,C173) -> 1559 | D75: =SUM(D76,D87,D99,D105,D116,D122,D127,D130,D137,D138,D139,D140,D145,D161,D162,D163,D164,D165,D166,D167,D168,D169,D170,D171,D172,D173) -> 18701 | E75: =SUM(E76,E87,E99,E105,E116,E122,E127,E130,E137,E138,E139,E140,E145,E161,E162,E163,E164,E165,E166,E167,E168,E169,E170,E171,E172,E173) -> 4000 | F75: =SUM(F76,F87,F99,F105,F116,F122,F127,F130,F137,F138,F139,F140,F145,F161,F162,F163,F164,F165,F166,F167,F168,F169,F170,F171,F172,F173) -> 3900 | G75: =SUM(G76,G87,G99,G105,G116,G122,G127,G130,G137,G138,G139,G140,G145,G161,G162,G163,G164,G165,G166,G167,G168,G169,G170,G171,G172,G173) -> 580 | H75: =SUM(H76,H87,H99,H105,H116,H122,H127,H130,H137,H138,H139,H140,H145,H161,H162,H163,H164,H165,H166,H167,H168,H169,H170,H171,H172,H173) -> 4099 | I75: =SUM(I76,I87,I99,I105,I116,I122,I127,I130,I137,I138,I139,I140,I145,I161,I162,I163,I164,I165,I166,I167,I168,I169,I170,I171,I172,I173) -> 500 | J75: =SUM(J76,J87,J99,J105,J116,J122,J127,J130,J137,J138,J139,J140,J145,J161,J162,J163,J164,J165,J166,J167,J168,J169,J170,J171,J172,J173) -> 588 | ... L75: =SUM(L76,L87,L99,L105,L116,L122,L127,L130,L137,L138,L139,L140,L145,L161,L162,L163,L164,L165,L166,L167,L168,L169,L170,L171,L172,L173) -> 0
A76: 省骆运水利工程管理处 | B76: =SUM(C76:L76) -> 2538 | D76: =SUM(D77:D85) -> 2137 | E76: =SUM(E77:E85) -> 42 | F76: =SUM(F77:F85) -> 20 | G76: =SUM(G77:G85) -> 0 | H76: =SUM(H77:H85) -> 0 | I76: =SUM(I77:I85) -> 0 | J76: =SUM(J77:J85) -> 13 | K76: =SUM(K77:K85) -> 326 | L76: =SUM(L77:L85) -> 0
A77: 管理处本级 | B77: =SUM(C77:L77) -> 594 | D77: =SUM('附件3-2-2'!D8:D11,'附件3-2-3'!D8) -> 193 | E77: =SUM('附件3-3'!C86:C87) -> 42 | F77: ='附件3-4-1'!B106 -> 20 | J77: =SUM('附件3-8-2'!C10) -> 13 | K77: =SUM('附件3-9'!G119:G122) -> 326
A78: 省泗阳闸站管理所 | B78: =SUM(C78:L78) -> 200 | D78: =SUM('附件3-2-2'!D12:D14,'附件3-2-3'!D9) -> 200
A79: 省刘老涧闸站管理所 | B79: =SUM(C79:L79) -> 133 | D79: =SUM('附件3-2-2'!D15:D16,'附件3-2-3'!D10) -> 133
A80: 省沙集闸站管理所 | B80: =SUM(C80:L80) -> 401 | D80: =SUM('附件3-2-2'!D17:D21,'附件3-2-3'!D11) -> 401
A81: 省皂河抽水站 | B81: =SUM(C81:L81) -> 649 | D81: =SUM('附件3-2-2'!D22:D31,'附件3-2-3'!D12) -> 649
A82: 省黄墩湖滞洪闸管理所 | B82: =SUM(C82:L82) -> 94 | D82: =SUM('附件3-2-2'!D32,'附件3-2-3'!D13) -> 94
A83: 省皂河闸管理所 | B83: =SUM(C83:L83) -> 168 | D83: =SUM('附件3-2-2'!D33:D36,'附件3-2-3'!D14) -> 168
A84: 省洋河滩闸管理所 | B84: =SUM(C84:L84) -> 204 | D84: =SUM('附件3-2-2'!D37:D38,'附件3-2-3'!D15) -> 204
A85: 省抗旱排涝队 | B85: =SUM(C85:L85) -> 95 | D85: =SUM('附件3-2-2'!D39,'附件3-2-3'!D16) -> 95
A86: 省骆运水利工程管理处水文站 | B86: =SUM(C86:L86) -> 0 | C86: 0
A87: 省淮沭新河管理处 | B87: =SUM(C87:L87) -> 1778 | D87: =SUM(D88:D98) -> 1667 | E87: =SUM(E88:E98) -> 32 | F87: =SUM(F88:F98) -> 20 | G87: =SUM(G88:G98) -> 0 | H87: =SUM(H88:H98) -> 0 | I87: =SUM(I88:I98) -> 0 | J87: =SUM(J88:J98) -> 10 | K87: =SUM(K88:K98) -> 49 | L87: =SUM(L88:L98) -> 0
A88: 管理处本级 | B88: =SUM(C88:L88) -> 447 | D88: =SUM('附件3-2-2'!D41:D45,'附件3-2-3'!D18) -> 336 | E88: =SUM('附件3-3'!C89:C90) -> 32 | F88: ='附件3-4-1'!B108 -> 20 | J88: =SUM('附件3-8-2'!C11) -> 10 | K88: =SUM('附件3-9'!G124:G125) -> 49
A89: 省二河闸管理所 | B89: =SUM(C89:L89) -> 121 | D89: =SUM('附件3-2-2'!D46,'附件3-2-3'!D19) -> 121
A90: 省淮阴闸管理所 | B90: =SUM(C90:L90) -> 94 | D90: =SUM('附件3-2-3'!D20) -> 94
A91: 省杨庄闸管理所 | B91: =SUM(C91:L91) -> 40 | D91: =SUM('附件3-2-3'!D21) -> 40
A92: 省沭阳闸管理所 | B92: =SUM(C92:L92) -> 134 | D92: =SUM('附件3-2-2'!D47,'附件3-2-3'!D22) -> 134
A93: 省沭新闸管理所 | B93: =SUM(C93:L93) -> 162 | D93: =SUM('附件3-2-2'!D48:D50,'附件3-2-3'!D23) -> 162
A94: 省蔷薇河地涵管理所 | B94: =SUM(C94:L94) -> 78 | D94: =SUM('附件3-2-2'!D51,'附件3-2-3'!D24) -> 78
A95: 省盐河北闸管理所 | B95: =SUM(C95:L95) -> 57 | D95: =SUM('附件3-2-2'!D58,'附件3-2-3'!D25) -> 57
A96: 省善后闸管理所 | B96: =SUM(C96:L96) -> 116 | D96: =SUM('附件3-2-2'!D56:D57,'附件3-2-3'!D26) -> 116
A97: 省新沂河海口控制工程管理所 | B97: =SUM(C97:L97) -> 529 | D97: =SUM('附件3-2-2'!D52:D55,'附件3-2-3'!D27) -> 529
A98: 省淮沭新河管理处水文站 | B98: =SUM(C98:L98) -> 0
A99: 省通榆河蔷薇河送清水 工程管理处 | B99: =SUM(C99:L99) -> 644 | D99: =SUM(D100:D104) -> 644
A100: 管理处本级 | B100: =SUM(C100:L100) -> 131 | D100: =SUM('附件3-2-2'!D60:D62,'附件3-2-3'!D29:D30) -> 131
...

Sheet 附件2-1
A1: 附件2-1
A2: 2026年省级水利建设和发展专项资金（第一批水利发展）任务清单（市县）
A3: 地 区 | B3: 墉坝险 险加固 （座） | C3: 农村供水管 网更新改造 （公里） | D3: 新改扩 建水厂 （座） | E3: 水土流失 治理面积 （K㎡） | F3: 水利工程维修养护 | G3: 河湖管理与保护 | H3: 长江河道 监测
A4: 全省合计 | B4: =SUM(B5,B14,B21,B30,B38,B47,B55,B62,B71,B82,B90,B96,B104) -> 25 | C4: =SUM(C5,C14,C21,C30,C38,C47,C55,C62,C71,C82,C90,C96,C104) -> 1046.64 | D4: =SUM(D5,D14,D21,D30,D38,D47,D55,D62,D71,D82,D90,D96,D104) -> 4 | E4: =SUM(E5,E14,E21,E30,E38,E47,E55,E62,E71,E82,E90,E96,E104) -> 42
A5: 南京市 | B5: =SUM(B6:B13) -> 16 | C5: =SUM(C6:C13) -> 280 | D5: =SUM(D6:D13) -> 0 | E5: =SUM(E6:E13) -> 4.8
A6: 南京市本级 | F6: 名录内水利工程维修养护；9座小水库管护 | G6: 流域性河湖监督巡查处置， 漂浮物打捞
A7: 江宁区 | B7: 2 | C7: 5.35 | F7: 名录内水利工程维修养护；110座小水库管护；二类坝小水库消险 | G7: 流域性河湖监督巡查处置
A8: 浦口区 | C8: 13.5 | F8: 名录内水利工程维修养护；27座小水库管护；二类坝小水库消险 | G8: 流域性河湖监督巡查处置
A9: 六合区 | B9: 8 | C9: 255.15 | E9: 3.2 | F9: 名录内水利工程维修养护；91座小水库管护；二类坝小水库消险 | G9: 流域性河湖监督巡查处置
A10: 溧水区 | B10: 4 | E10: 1.6 | F10: 名录内水利工程维修养护；95座小水库管护；二类坝小水库消险 | G10: 流域性河湖监督巡查处置
A11: 高淳区 | B11: 2 | C11: 6 | F11: 名录内水利工程维修养护；15座小水库管护 | G11: 流域性河湖监督巡查处置
A12: 栖霞区
A13: 江北新区
A14: 无锡市 | B14: =SUM(B15:B20) -> 0 | C14: =SUM(C15:C20) -> 0 | D14: =SUM(D15:D20) -> 0 | E14: =SUM(E15:E20) -> 3.2
A15: 无锡市本级 | F15: 名录内水利工程维修养护； | G15: 流域性河湖监督巡查处置， 漂浮物打捞
A16: 锡山区
A17: 惠山区 | E17: 1.6
A18: 滨湖区
A19: 江阴市 | E19: 1.6 | F19: 名录内水利工程维修养护； | G19: 流域性河湖监督巡查处置， 漂浮物打捞
A20: 宜兴市 | F20: 名录内水利工程维修养护；22座小水库管护；二类坝小水库消险；横山水库“三个大坝”试点 | G20: 流域性河湖监督巡查处置， 漂浮物打捞
A21: 徐州市 | B21: =SUM(B22:B29) -> 1 | C21: =SUM(C22:C29) -> 200.1 | D21: =SUM(D22:D29) -> 0 | E21: =SUM(E22:E29) -> 2.1
A22: 徐州市本级 | F22: 名录内水利工程维修养护；8座小水库管护；尾水导流工程维修养护 | G22: 流域性河湖监督巡查处置
A23: 铜山区 | F23: 名录内水利工程维修养护；18座小水库管护；二类坝小水库消险；尾水导流工程维修养护 | G23: 流域性河湖监督巡查处置
A24: 贾汪区 | C24: 2.3 | F24: 名录内水利工程维修养护；10座小水库管护；尾水导流工程维修养护 | G24: 流域性河湖监督巡查处置
A25: 丰县 | F25: 名录内水利工程维修养护；1座小水库管护；尾水导流工程维修养护 | G25: 省际河道监督巡查处置
A26: 沛县 | F26: 名录内水利工程维修养护；尾水导流工程维修养护 | G26: 流域性河湖监督巡查处置
A27: 睢宁县 | C27: 79 | F27: 名录内水利工程维修养护；6座小水库管护；二类坝小水库消险；尾水导流工程维修养护 | G27: 流域性河湖监督巡查处置
A28: 邳州市 | E28: 2.1 | F28: 名录内水利工程维修养护；5座小水库管护；尾水导流工程维修养护 | G28: 流域性河湖监督巡查处置
A29: 新沂市 | B29: 1 | C29: 118.8 | F29: 名录内水利工程维修养护；27座小水库管护；尾水导流工程维修养护 | G29: 流域性河湖监督巡查处置
A30: 常州市 | B30: =SUM(B31:B37) -> 1 | C30: =SUM(C31:C37) -> 40 | D30: =SUM(D31:D37) -> 0 | E30: =SUM(E31:E37) -> 2.9
A31: 常州市本级 | F31: 名录内水利工程维修养护 | G31: 流域性河湖监督巡查处置 | H31: 长江河道重点岸段监测
A32: 金坛区 | F32: 名录内水利工程维修养护；33座小水库管护；二类坝小水库消险 | G32: 流域性河湖监督巡查处置， 漂浮物打捞
A33: 武进区 | F33: 名录内水利工程维修养护；1座小水库管护 | G33: 流域性河湖监督巡查处置， 漂浮物打捞
A34: 新北区 | G34: 流域性河湖监督巡查处置
A35: 天宁区
A36: 钟楼区
A37: 溧阳市 | B37: 1 | C37: 40 | E37: 2.9 | F37: 名录内水利工程维修养护；94座小水库管护；二类坝小水库消险 | G37: 流域性河湖监督巡查处置， 漂浮物打捞
A38: 苏州市 | B38: =SUM(B39:B46) -> 0 | C38: =SUM(C39:C46) -> 20 | D38: =SUM(D39:D46) -> 0 | E38: =SUM(E39:E46) -> 3.2
A39: 苏州市本级 | F39: 名录内水利工程维修养护 | G39: 流域性河湖监督巡查处置； 漂浮物打捞
A40: 吴江区 | C40: 3
A41: 吴中区
A42: 相城区
A43: 张家港市 | F43: 名录内水利工程维修养护 | G43: 流域性河湖监督巡查处置 | H43: 长江河道重点岸段监测
A44: 常熟市 | C44: 17 | E44: 1.6 | F44: 名录内水利工程维修养护 | G44: 流域性河湖监督巡查处置， 漂浮物打捞 | H44: 长江河道重点岸段监测
A45: 太仓市 | E45: 1.6 | F45: 名录内水利工程维修养护 | H45: 长江河道重点岸段监测
A46: 昆山市 | F46: 名录内水利工程维修养护
A47: 南通市 | B47: =SUM(B48:B54) -> 0 | C47: =SUM(C48:C54) -> 0 | D47: =SUM(D48:D54) -> 0 | E47: =SUM(E48:E54) -> 3.2
A48: 南通市本级 | F48: 名录内水利工程维修养护 | G48: 流域性河湖监督巡查处置 | H48: 长江河道重点岸段监测
A49: 通州区 | E49: 1.6
A50: 海门区 | F50: 名录内水利工程维修养护
A51: 海安市 | F51: 名录内水利工程维修养护 | G51: 流域性河湖监督巡查处置， 漂浮物打捞
A52: 如皋市 | F52: 名录内水利工程维修养护 | G52: 流域性河湖监督巡查处置 | H52: 长江河道重点岸段监测
A53: 如东县 | E53: 1.6 | F53: 名录内水利工程维修养护
A54: 启东市 | F54: 名录内水利工程维修养护 | G54: 流域性河湖监督巡查处置
A55: 连云港市 | B55: =SUM(B56:B61) -> 3 | C55: =SUM(C56:C61) -> 35.6 | D55: =SUM(D56:D61) -> 3 | E55: =SUM(E56:E61) -> 3.2
A56: 连云港市本级 | E56: 1.6 | F56: 名录内水利工程维修养护；14座小水库管护；石梁河水库二类坝消险 | G56: 流域性河湖监督巡查处置
A57: 赣榆区 | B57: 2 | D57: 1 | E57: 1.6 | F57: 名录内水利工程维修养护；80座小水库管护；二类坝小水库消险
A58: 海州区 | F58: 名录内水利工程维修养护；9座小水库管护；二类坝小水库消险
A59: 东海县 | B59: 1 | C59: 1 | D59: 1 | F59: 名录内水利工程维修养护；57座小水库管护；二类坝小水库消险；昌黎水库二类坝消险 | G59: 流域性河湖监督巡查处置
A60: 灌云县 | C60: 34.6 | D60: 1 | F60: 名录内水利工程维修养护；图西闸、五图闸消险工程 | G60: 流域性河湖监督巡查处置
A61: 灌南县 | F61: 名录内水利工程维修养护 | G61: 流域性河湖监督巡查处置
A62: 淮安市 | B62: =SUM(B63:B70) -> 2 | C62: =SUM(C63:C70) -> 81.8 | D62: =SUM(D63:D70) -> 1 | E62: =SUM(E63:E70) -> 3.2
A63: 淮安市本级 | F63: 名录内水利工程维修养护 | G63: 流域性河湖监督巡查处置
A64: 淮安区 | C64: 30 | F64: 名录内水利工程维修养护 | G64: 流域性河湖监督巡查处置
A65: 淮阴区 | E65: 1.6 | F65: 名录内水利工程维修养护 | G65: 流域性河湖监督巡查处置
A66: 清江浦区 | C66: 2 | F66: 名录内水利工程维修养护 | G66: 流域性河湖监督巡查处置
A67: 洪泽区 | C67: 4 | F67: 名录内水利工程维修养护 | G67: 流域性河湖监督巡查处置； 洪泽湖退圩还湖1.2万亩
A68: 金湖县 | C68: 10 | F68: 名录内水利工程维修养护；3座小水库管护 | G68: 流域性河湖监督巡查处置；
A69: 盱眙县 | B69: 2 | C69: 14 | E69: 1.6 | F69: 名录内水利工程维修养护；119座小水库管护 | G69: 流域性河湖监督巡查处置； 洪泽湖退圩还湖0.35万亩
A70: 涟水县 | C70: 21.8 | D70: 1 | F70: 名录内水利工程维修养护 | G70: 流域性河湖监督巡查处置
A71: 盐城市 | B71: =SUM(B72:B81) -> 0 | C71: =SUM(C72:C81) -> 196.9 | D71: =SUM(D72:D81) -> 0 | E71: =SUM(E72:E81) -> 3.2
A72: 盐城市本级 | F72: 名录内水利工程维修养护 | G72: 流域性河湖监督巡查处置， 漂浮物打捞
A73: 大丰区 | F73: 名录内水利工程维修养护
A74: 盐都区
A75: 亭湖区 | C75: 49.7 | E75: 1.6
A76: 东台市 | C76: 20 | E76: 1.6 | F76: 名录内水利工程维修养护 | G76: 流域性河湖监督巡查处置， 漂浮物打捞
A77: 建湖县 | C77: 81 | F77: 名录内水利工程维修养护 | G77: 流域性河湖监督巡查处置， 漂浮物打捞
A78: 射阳县 | C78: 10 | F78: 名录内水利工程维修养护 | G78: 流域性河湖监督巡查处置
A79: 阜宁县 | C79: 9.5 | F79: 名录内水利工程维修养护 | G79: 流域性河湖监督巡查处置； 漂浮物打捞
A80: 滨海县 | C80: 11.7 | F80: 名录内水利工程维修养护 | G80: 流域性河湖监督巡查处置
A81: 响水县 | C81: 15 | F81: 名录内水利工程维修养护 | G81: 流域性河湖监督巡查处置
A82: 扬州市 | B82: =SUM(B83:B89) -> 0 | C82: =SUM(C83:C89) -> 60 | D82: =SUM(D83:D89) -> 0 | E82: =SUM(E83:E89) -> 3.2
A83: 扬州市本级 | F83: 名录内水利工程维修养护 | G83: 流域性河湖监督巡查处置 | H83: 长江河道重点岸段监测
A84: 江都区 | E84: 1.6 | F84: 名录内水利工程维修养护；尾水导流工程维修养护 | G84: 流域性河湖监督巡查处置； 漂浮物打捞
A85: 邗江区 | E85: 1.6 | F85: 名录内水利工程维修养护；12座小水库管护 | G85: 流域性河湖监督巡查处置
A86: 广陵区 | F86: 名录内水利工程维修养护 | G86: 流域性河湖监督巡查处置
A87: 宝应县 | C87: 6 | F87: 名录内水利工程维修养护 | G87: 流域性河湖监督巡查处置； 漂浮物打捞；
A88: 高邮市 | C88: 48 | F88: 名录内水利工程维修养护；3座小水库管护 | G88: 流域性河湖监督巡查处置； 漂浮物打捞。
A89: 仪征市 | C89: 6 | F89: 名录内水利工程维修养护；55座小水库管护 | G89: 流域性河湖监督巡查处置 | H89: 长江河道重点岸段监测
A90: 镇江市 | B90: =SUM(B91:B95) -> 1 | C90: =SUM(C91:C95) -> 0 | D90: =SUM(D91:D95) -> 0 | E90: =SUM(E91:E95) -> 1.6
A91: 镇江市本级 | F91: 名录内水利工程维修养护；12座小水库管护 | G91: 流域性河湖监督巡查处置 | H91: 长江河道重点岸段监测
A92: 丹徒区 | F92: 名录内水利工程维修养护；34座小水库管护 | G92: 流域性河湖监督巡查处置； 漂浮物打捞
A93: 丹阳市 | E93: 1.6 | F93: 名录内水利工程维修养护；9座小水库管护 | G93: 流域性河湖监督巡查处置； 漂浮物打捞 | H93: 长江河道重点岸段监测
A94: 句容市 | B94: 1 | F94: 名录内水利工程维修养护；59座小水库管护；二类坝小水库消险 | G94: 流域性河湖监督巡查处置
A95: 扬中市 | F95: 名录内水利工程维修养护 | G95: 流域性河湖监督巡查处置 | H95: 长江河道重点岸段监测
A96: 泰州市 | B96: =SUM(B97:B103) -> 0 | C96: =SUM(C97:C103) -> 102.24 | D96: =SUM(D97:D103) -> 0 | E96: =SUM(E97:E103) -> 5
A97: 泰州市本级 | F97: 名录内水利工程维修养护 | G97: 流域性河湖监督巡查处置； 漂浮物打捞 | H97: 长江河道重点岸段监测
A98: 海陵区 | E98: 1.6
A99: 医药高新区 | C99: 4.9 | F99: 名录内水利工程维修养护
A100: 姜堰区 | C100: 3 | E100: 1.8 | G100: 流域性河湖监督巡查处置； 漂浮物打捞
...

Sheet 附件2-2
A1: 附件2-2
A2: 2026年省级水利建设和发展专项资金（第一批水利发展）任务清单（市县）
A3: 地 区 | B3: 水资源管理与保护 | C3: 节约用水管理 | D3: 河湖采砂及水行政执法管理 | E3: 水旱灾害防御
A4: 全省合计
A5: 南京市
A6: 南京市本级 | B6: 水资源管理与保护工作； 秦淮区母亲河复苏行动； 地下水储备制度落实 | C6: 节水管理， 1个水效提升项目 | D6: 水行政执法和长江采砂管理，购置执法装备，执法船运维等；长江采砂管理长江航运公安局南京分局、南京市公安局水上分局协作等 | E6: 外秦淮河左岸扫帚巷段堤防消险工程；全省特大暴雨城市防洪避险预案修编审查；省级防汛块石保管
A7: 江宁区 | B7: 地下水储备制度落实 | D7: 水行政执法和长江采砂管理，维护保养执法船(含省砂管局执法船)；采砂船指定停靠点监管；建造执法趸船等 | E7: 句容河赤山桥上游右岸堤防消险工程
A8: 浦口区 | E8: 全省小型水库防汛抢险应急预案修编审查
A9: 六合区
A10: 溧水区 | E10: 方便水库、中山水库旱限水位核定；省级防汛块石保管
A11: 高淳区 | E11: 省级防汛块石及砼块保管
A12: 栖霞区 | E12: 省级防汛块石及砼块保管
A13: 江北新区 | C13: 1个水效提升项目
A14: 无锡市
A15: 无锡市本级 | B15: 水资源管理与保护工作 | C15: 节水管理， 1个水效提升项目 | D15: 水行政执法和长江采砂管理，购置执法装备，执法船运维等，长江疏浚采砂项目综合利用现场监管等
A16: 锡山区 | B16: 地下水储备制度落实 | C16: 1个水效提升项目 | D16: 水行政执法等
A17: 惠山区 | D17: 水行政执法等
A18: 滨湖区 | D18: 水行政执法等
A19: 江阴市 | B19: 母亲河复苏行动 | D19: 长江采砂管理，购置执法装备，执法船运维等；长江疏浚采砂项目综合利用现场监管；采砂船指定停靠点监管；执法基地迁址新建等 | E19: 省级防汛块石保管
A20: 宜兴市 | B20: 地热水更新能力调查与分析 | C20: 节水产业园工作，1个水效提升项目 | D20: 水行政执法，建造执法船等 | E20: 油车水库旱限水位核定；全省大中型水库防汛抢险应急预案修编审查
A21: 徐州市
A22: 徐州市本级 | B22: 水资源管理与保护工作； 母亲河复苏行动； 南四湖流域水资源配置论证 | C22: 节水管理， 1个水效提升项目 | D22: 水行政执法，建设执法基地等 | E22: 省级水旱灾害防御物资管理及防汛块石保管
A23: 铜山区 | B23: 地下水超采综合治理 | D23: 水行政执法，执法船运维等 | E23: 省级防汛块石保管
A24: 贾汪区 | D24: 水行政执法等
A25: 丰县 | B25: 地下水超采综合治理 | C25: 1个水效提升项目 | D25: 水行政执法等
A26: 沛县 | B26: 地下水超采综合治理 | D26: 水行政执法，建造执法船等 | E26: 省级防汛块石保管
A27: 睢宁县 | D27: 水行政执法等 | E27: 庆安水库旱限水位核定；省级防汛块石保管
A28: 邳州市 | D28: 水行政执法，执法船运维等 | E28: 骆马湖周边排涝降渍补助；省级防汛块石保管
A29: 新沂市 | D29: 水行政执法，建设执法基地，建造执法船等 | E29: 阿湖水库泄洪闸下游连接段水毁修复；骆马湖周边排涝降渍补助；省级防汛块石保管
A30: 常州市
A31: 常州市本级 | B31: 水资源管理与保护工作 | C31: 节水管理， 节水产业园工作 | D31: 水行政执法和长江采砂管理，购置执法装备，执法船运维等（含长江大队）等 | E31: 省级防汛块石及砼块保管
A32: 金坛区 | C32: 1个水效提升项目 | D32: 水行政执法等 | E32: 省级防汛块石保管
A33: 武进区 | B33: 母亲河复苏行动 | D33: 水行政执法等
A34: 新北区
A35: 天宁区 | C35: 1个水效提升项目
A36: 钟楼区
A37: 溧阳市 | B37: 地热水更新能力调查与分析 | D37: 水行政执法，建造执法船等
A38: 苏州市
A39: 苏州市本级 | B39: 水资源管理与保护工作 | C39: 节水管理， 3个水效提升项目 | E39: 直塘站警戒水位、保证水位核定
A40: 吴江区 | C40: 3个水效提升项目
A41: 吴中区 | C41: 1个水效提升项目
A42: 相城区 | C42: 1个水效提升项目
A43: 张家港市 | B43: 地热水更新能力调查与分析 | C43: 3个水效提升项目 | D43: 水行政执法和长江采砂管理，购置执法装备，执法船运维等；长江采砂管理长江航运公安局苏州分局协作等
A44: 常熟市 | B44: 母亲河复苏行动； 地热水更新能力调查与分析 | C44: 2个水效提升项目 | D44: 水行政执法和长江采砂管理，购置执法装备，执法船运维等 | E44: 徐六泾枢纽下游长江侧水下冲刷应急处理
A45: 太仓市 | C45: 2个水效提升项目 | D45: 水行政执法和长江采砂管理，购置执法装备，执法船艇运维等 | E45: 省级防汛块石保管
A46: 昆山市 | C46: 2个水效提升项目
A47: 南通市
A48: 南通市本级 | B48: 水资源管理与保护工作； 地热水更新能力调查与分析 | C48: 节水管理， 3个水效提升项目 | D48: 水行政执法和长江采砂管理；无人机机巢建设；长江疏浚采砂项目现场监管；建造执法船；长江采砂管理长江航运公安局南通分局协作等 | E48: 长江新通海沙围堤上游排水闸段近岸抛石处理；省级防汛块石保管
A49: 通州区 | D49: 水行政执法和长江采砂管理，购置执法装备，执法船运维等等
A50: 海门区 | D50: 水行政执法和长江采砂管理，购置执法装备；长江疏浚采砂项目现场监管；建造执法船等 | E50: 省级防汛块石保管
A51: 海安市 | B51: 地下水超采综合治理 | C51: 1个水效提升项目 | D51: 水行政执法等 | E51: 省级防汛块石保管
A52: 如皋市 | B52: 母亲河复苏行动； 地下水超采综合治理 | D52: 水行政执法和长江采砂管理，购置执法装备，执法船运维等 | E52: 全省险工险段重点防御预案修编审查；省级防汛块石保管
A53: 如东县 | B53: 地下水超采综合治理 | D53: 水行政执法等 | E53: 省级防汛块石保管
A54: 启东市 | D54: 水行政执法和长江采砂管理，购置执法装备，执法船运维等；长江疏浚采砂项目现场监管等 | E54: 省级防汛块石保管
A55: 连云港市
A56: 连云港市本级 | B56: 水资源管理与保护工作； 母亲河复苏行动 | C56: 节水管理， 2个水效提升项目 | D56: 水行政执法等 | E56: 三洋港挡潮闸闸下应急清淤；2025年新沭河太平庄闸至三洋港挡潮闸段芦苇清理补助；西双湖水库旱限水位核定；省级水旱灾害防御物资管理及防汛块石保管
A57: 赣榆区 | D57: 水行政执法等 | E57: 省级防汛块石及砼块保管
A58: 海州区
A59: 东海县 | D59: 水行政执法等 | E59: 省级防汛块石保管
A60: 灌云县 | B60: 地下水储备制度落实 | D60: 水行政执法等 | E60: 省级防汛块石保管
A61: 灌南县 | D61: 水行政执法，执法船运维等 | E61: 省级防汛块石及砼块保管
A62: 淮安市
A63: 淮安市本级 | B63: 水资源管理与保护工作； 母亲河复苏行动 | C63: 节水管理 | D63: 水行政执法等 | E63: 2025年洪泽区淮河入江水道滩面应急清障补助；全省在建水利工程度汛预案修编审查；淮河入江水道沿线地区排涝降渍补助；省级水旱灾害防御物资管理
A64: 淮安区 | D64: 水行政执法等 | E64: 省级防汛块石保管
A65: 淮阴区 | C65: 1个水效提升项目 | D65: 水行政执法等 | E65: 省级防汛块石保管
A66: 清江浦区 | B66: 地下水储备制度落实 | E66: 省级防汛块石保管
A67: 洪泽区 | D67: 水行政执法，执法船运维等 | E67: 省级防汛块石保管
A68: 金湖县 | E68: 2025年金湖控制线省级抗旱架机临时工程；2025年淮河入江水道滩面应急清障补助；淮河入江水道沿线地区排涝降渍补助
A69: 盱眙县 | C69: 1个水效提升项目 | E69: 龙王山水库旱限水位核定；淮河入江水道沿线地区排涝降渍补助；省级防汛块石保管
A70: 涟水县 | D70: 水行政执法等
A71: 盐城市
A72: 盐城市本级 | B72: 水资源管理与保护工作； 母亲河复苏行动； 地热水更新能力调查与分析 | C72: 节水管理 | D72: 水行政执法等 | E72: 省级水旱灾害防御物资管理及防汛块石保管
A73: 大丰区 | B73: 地下水超采综合治理 | D73: 水行政执法，执法船运维等
A74: 盐都区 | B74: 地下水超采综合治理 | D74: 水行政执法等 | E74: 古殿堡站警戒水位、保证水位核定
A75: 亭湖区 | B75: 地下水超采综合治理； 地下水储备制度落实 | D75: 水行政执法等
A76: 东台市 | B76: 地下水超采综合治理； 地下水储备制度落实 | D76: 水行政执法，执法船运维等
A77: 建湖县 | D77: 水行政执法等 | E77: 西塘河赵湾二组圩口闸水毁修复
A78: 射阳县 | B78: 地下水超采综合治理 | C78: 1个水效提升项目 | D78: 水行政执法等
A79: 阜宁县 | D79: 水行政执法等 | E79: 2025年苏北灌溉总渠滩面应急清障补助
A80: 滨海县 | B80: 地下水超采综合治理 | D80: 水行政执法等 | E80: 省级防汛块石保管
A81: 响水县 | B81: 地下水超采综合治理 | C81: 1个水效提升项目 | D81: 水行政执法等 | E81: 灌河右堤23+400-23+700段防护工程应急修复；响水口站警戒水位、保证水位核定；省级防汛块石保管
A82: 扬州市
A83: 扬州市本级 | B83: 水资源管理与保护工作 | C83: 节水管理， 节水技术概念验证探索 | D83: 水行政执法和长江采砂管理，购置执法装备，执法船运维等 | E83: 月塘水库旱限水位核定；淮河入江水道沿线地区排涝降渍补助；省级水旱灾害防御物资管理及防汛块石保管；经开区省级防汛块石保管
A84: 江都区 | C84: 1个水效提升项目 | D84: 水行政执法和长江采砂管理，购置执法装备，执法船运维等 | E84: 省级防汛块石及砼块（固化石）保管
A85: 邗江区 | C85: 1个水效提升项目 | D85: 水行政执法和长江采砂管理，购置执法装备，执法船运维等
A86: 广陵区 | D86: 水行政执法和长江采砂管理，购置执法装备，执法船运维等 | E86: 省级防汛块石保管
A87: 宝应县 | B87: 母亲河复苏行动 | D87: 水行政执法等 | E87: 淮河入江水道沿线地区排涝降渍补助
A88: 高邮市 | D88: 水行政执法，建造执法船等 | E88: 2025年淮河入江水道滩面应急清障补助；里运河东堤K14+150-K15+050段堤后深塘应急处理；淮河入江水道沿线地区排涝降渍补助；省级防汛块石保管
A89: 仪征市 | D89: 水行政执法和长江采砂管理，购置执法装备，执法船运维等
A90: 镇江市
A91: 镇江市本级 | B91: 水资源管理与保护工作； 母亲河复苏行动 | C91: 节水管理， 2个水效提升项目 农业园区节水探索 | D91: 水行政执法和长江采砂管理，建设无人机机巢，执法船运维；疏浚砂综合利用项目监管；采砂船指定停靠点运维；建造执法船；执法船运维；购置执法装备；长江采砂管理长江航运公安局镇江分局、镇江水警协作等 | E91: 北山、仑山、句容、二圣水库旱限水位核定；2025年和畅洲堤防应急清障补助；省级防汛块石保管
A92: 丹徒区 | D92: 水行政执法和长江采砂管理，购置执法装备，执法船运维；疏浚砂综合利用项目监管等
A93: 丹阳市 | C93: 1个水效提升项目 | D93: 水行政执法和长江采砂管理，购置执法装备，执法船运维等
A94: 句容市 | D94: 水行政执法和长江采砂管理，购置执法装备；北山、二圣水库建造执法艇等 | E94: 赤山湖堤防郭庄镇花兰墩段消险处置；省级防汛块石保管
A95: 扬中市 | D95: 水行政执法和长江采砂管理，购置执法装备，执法船运维；采砂船指定停靠点运维；长江采砂管理扬中水警协作等 | E95: 沿江穿堤建筑物木桥港涵洞水毁修复；省级防汛块石及砼块保管
A96: 泰州市
A97: 泰州市本级 | B97: 水资源管理与保护工作； 母亲河复苏行动； 地热水更新能力调查与分析 | C97: 节水管理 | D97: 水行政执法和长江采砂管理，购置执法装备，执法船运维；疏浚砂综合利用项目监管等 | E97: 溱潼、唐子镇站警戒水位、保证水位核定
A98: 海陵区
A99: 医药高新区 | C99: 1个水效提升项目 | E99: 省级防汛块石及砼块保管
A100: 姜堰区 | C100: 1个水效提升项目 | D100: 水行政执法等
...

Sheet 附件3-1-1
A1: 附件3-1-1
A2: 2026年省级水利建设和发展专项资金（第一批水利发展）明细表 (农村水利与水土保持)
G3: 单位:万元
A4: 地 区 | B4: 小计 | C4: 农村 供水 | D4: 灌区骨干 工程维养 | E4: 农村生 态河道 | F4: 墉坝除 险加固 | G4: 水土 保持
A6: 合 计 | B6: =SUM(C6:G6) -> 38520 | C6: =SUM(C7,C106) -> 5842 | D6: =SUM(D7,D106) -> 9013 | E6: =SUM(E7,E106) -> 10558 | F6: =SUM(F7,F106) -> 4022 | G6: =SUM(G7,G106) -> 9085
A7: 市县小计 | B7: =SUM(C7:G7) -> 36961 | C7: =SUM(C8,C16,C22,C33,C40,C48,C55,C63,C71,C81,C88,C93,C100) -> 5842 | D7: =SUM(D8,D16,D22,D33,D40,D48,D55,D63,D71,D81,D88,D93,D100) -> 8807 | E7: =SUM(E8,E16,E22,E33,E40,E48,E55,E63,E71,E81,E88,E93,E100) -> 10000 | F7: =SUM(F8,F16,F22,F33,F40,F48,F55,F63,F71,F81,F88,F93,F100) -> 4022 | G7: =SUM(G8,G16,G22,G33,G40,G48,G55,G63,G71,G81,G88,G93,G100) -> 8290
A8: 南京市 | B8: =SUM(C8:G8) -> 4702 | C8: =SUM(C9:C15) -> 628 | D8: =SUM(D9:D15) -> 537 | E8: =SUM(E9:E15) -> 387 | F8: =SUM(F9:F15) -> 2370 | G8: =SUM(G9:G15) -> 780
A9: 江宁区 | B9: =SUM(C9:G9) -> 535 | C9: 30 | D9: 105 | E9: 115 | F9: =SUM('附件3-1-2'!H8:H9) -> 285
A10: 浦口区 | B10: =SUM(C10:G10) -> 310 | C10: 242 | D10: 51 | E10: 17
A11: 六合区 | B11: =SUM(C11:G11) -> 2182 | C11: 350 | D11: 214 | E11: 23 | F11: =SUM('附件3-1-2'!H10:H17) -> 1115 | G11: =SUM('附件3-1-3'!I7) -> 480
A12: 溧水区 | B12: =SUM(C12:G12) -> 1134 | D12: 75 | E12: 38 | F12: =SUM('附件3-1-2'!H18:H21) -> 721 | G12: =SUM('附件3-1-3'!I8) -> 300
A13: 高淳区 | B13: =SUM(C13:G13) -> 530 | C13: 6 | D13: 81 | E13: 194 | F13: =SUM('附件3-1-2'!H22:H23) -> 249
A14: 栖霞区 | B14: =SUM(C14:G14) -> 0
A15: 江北新区 | B15: =SUM(C15:G15) -> 11 | D15: 11
A16: 无锡市 | B16: =SUM(C16:G16) -> 649 | C16: =SUM(C17:C21) -> 0 | D16: =SUM(D17:D21) -> 90 | E16: =SUM(E17:E21) -> 149 | G16: =SUM(G17:G21) -> 410
A17: 锡山区 | B17: =SUM(C17:G17) -> 41 | D17: 27 | E17: 14
A18: 惠山区 | B18: =SUM(C18:G18) -> 226 | D18: 15 | E18: 11 | G18: =SUM('附件3-1-3'!I9) -> 200
A19: 滨湖区 | B19: =SUM(C19:G19) -> 3 | E19: 3
A20: 江阴市 | B20: =SUM(C20:G20) -> 266 | D20: 48 | E20: 8 | G20: =SUM('附件3-1-3'!I10) -> 210
A21: 宜兴市 | B21: =SUM(C21:G21) -> 113 | E21: 113
A22: 徐州市 | B22: =SUM(C22:G22) -> 4182 | C22: =SUM(C23:C32) -> 522 | D22: =SUM(D23:D32) -> 1514 | E22: =SUM(E23:E32) -> 1436 | F22: =SUM(F23:F32) -> 150 | G22: =SUM(G23:G32) -> 560
A23: 市本级 | B23: =SUM(C23:G23) -> 20 | D23: 20
A24: 云龙区 | B24: =SUM(C24:G24) -> 7 | D24: 7
A25: 经开区 | B25: =SUM(C25:G25) -> 32 | D25: 32
A26: 铜山区 | B26: =SUM(C26:G26) -> 421 | D26: 258 | E26: 163
A27: 贾汪区 | B27: =SUM(C27:G27) -> 155 | C27: 1 | D27: 94 | E27: 60
A28: 丰县 | B28: =SUM(C28:G28) -> 359 | D28: 205 | E28: 154
A29: 沛县 | B29: =SUM(C29:G29) -> 426 | D29: 225 | E29: 201
A30: 睢宁县 | B30: =SUM(C30:G30) -> 766 | C30: 301 | D30: 204 | E30: 261
A31: 邳州市 | B31: =SUM(C31:G31) -> 1139 | D31: 261 | E31: 318 | G31: =SUM('附件3-1-3'!I11) -> 560
A32: 新沂市 | B32: =SUM(C32:G32) -> 857 | C32: 220 | D32: 208 | E32: 279 | F32: =SUM('附件3-1-2'!H24) -> 150
A33: 常州市 | B33: =SUM(C33:G33) -> 992 | C33: =SUM(C34:C39) -> 100 | D33: =SUM(D34:D39) -> 37 | E33: =SUM(E34:E39) -> 372 | F33: =SUM(F34:F39) -> 183 | G33: =SUM(G34:G39) -> 300
A34: 金坛区 | B34: =SUM(C34:G34) -> 149 | D34: 4 | E34: 145
A35: 武进区 | B35: =SUM(C35:G35) -> 62 | E35: 62
A36: 新北区 | B36: =SUM(C36:G36) -> 36 | E36: 36
A37: 天宁区 | B37: =SUM(C37:G37) -> 0
A38: 钟楼区 | B38: =SUM(C38:G38) -> 0
A39: 溧阳市 | B39: =SUM(C39:G39) -> 745 | C39: 100 | D39: 33 | E39: 129 | F39: =SUM('附件3-1-2'!H25) -> 183 | G39: =SUM('附件3-1-3'!I12) -> 300
A40: 苏州市 | B40: =SUM(C40:G40) -> 1172 | C40: =SUM(C41:C47) -> 165 | D40: =SUM(D41:D47) -> 15 | E40: =SUM(E41:E47) -> 392 | G40: =SUM(G41:G47) -> 600
A41: 吴江区 | B41: =SUM(C41:G41) -> 55 | C41: 15 | E41: 40
A42: 吴中区 | B42: =SUM(C42:G42) -> 51 | E42: 51
A43: 相城区 | B43: =SUM(C43:G43) -> 66 | E43: 66
A44: 张家港市 | B44: =SUM(C44:G44) -> 70 | E44: 70
A45: 常熟市 | B45: =SUM(C45:G45) -> 500 | C45: 150 | E45: 50 | G45: =SUM('附件3-1-3'!I13) -> 300
A46: 太仓市 | B46: =SUM(C46:G46) -> 346 | E46: 46 | G46: =SUM('附件3-1-3'!I14) -> 300
A47: 昆山市 | B47: =SUM(C47:G47) -> 84 | D47: 15 | E47: 69
A48: 南通市 | B48: =SUM(C48:G48) -> 2335 | C48: =SUM(C49:C54) -> 0 | D48: =SUM(D49:D54) -> 817 | E48: =SUM(E49:E54) -> 858 | G48: =SUM(G49:G54) -> 660
A49: 通州区 | B49: =SUM(C49:G49) -> 438 | D49: 121 | E49: 17 | G49: =SUM('附件3-1-3'!I15) -> 300
A50: 海门区 | B50: =SUM(C50:G50) -> 152 | D50: 46 | E50: 106
A51: 海安市 | B51: =SUM(C51:G51) -> 233 | D51: 127 | E51: 106
A52: 如皋市 | B52: =SUM(C52:G52) -> 466 | D52: 220 | E52: 246
A53: 如东县 | B53: =SUM(C53:G53) -> 785 | D53: 200 | E53: 225 | G53: =SUM('附件3-1-3'!I16) -> 360
A54: 启东市 | B54: =SUM(C54:G54) -> 261 | D54: 103 | E54: 158
A55: 连云港市 | B55: =SUM(C55:G55) -> 5167 | C55: =SUM(C56:C62) -> 2150 | D55: =SUM(D56:D62) -> 740 | E55: =SUM(E56:E62) -> 769 | F55: =SUM(F56:F62) -> 788 | G55: =SUM(G56:G62) -> 720
A56: 市本级 | B56: =SUM(C56:G56) -> 360 | G56: =SUM('附件3-1-3'!I17) -> 360
A57: 连云区 | B57: =SUM(C57:G57) -> 3 | D57: 3
A58: 赣榆区 | B58: =SUM(C58:G58) -> 1807 | C58: 490 | D58: 162 | E58: 157 | F58: =SUM('附件3-1-2'!H26:H27) -> 638 | G58: =SUM('附件3-1-3'!I18) -> 360
A59: 海州区 | B59: =SUM(C59:G59) -> 67 | D59: 12 | E59: 55
A60: 东海县 | B60: =SUM(C60:G60) -> 704 | C60: 200 | D60: 225 | E60: 129 | F60: =SUM('附件3-1-2'!H28) -> 150
A61: 灌云县 | B61: =SUM(C61:G61) -> 2020 | C61: 1460 | D61: 201 | E61: 359
A62: 灌南县 | B62: =SUM(C62:G62) -> 206 | D62: 137 | E62: 69
A63: 淮安市 | B63: =SUM(C63:G63) -> 4085 | C63: =SUM(C64:C70) -> 1217 | D63: =SUM(D64:D70) -> 1020 | E63: =SUM(E64:E70) -> 768 | F63: =SUM(F64:F70) -> 300 | G63: =SUM(G64:G70) -> 780
A64: 淮安区 | B64: =SUM(C64:G64) -> 345 | D64: 192 | E64: 153
A65: 淮阴区 | B65: =SUM(C65:G65) -> 581 | D65: 160 | E65: 61 | G65: =SUM('附件3-1-3'!I19) -> 360
A66: 清江浦区 | B66: =SUM(C66:G66) -> 63 | C66: 2 | D66: 35 | E66: 26
A67: 洪泽区 | B67: =SUM(C67:G67) -> 278 | C67: 10 | D67: 81 | E67: 187
A68: 金湖县 | B68: =SUM(C68:G68) -> 153 | C68: 10 | D68: 98 | E68: 45
A69: 盱眙县 | B69: =SUM(C69:G69) -> 1007 | D69: 205 | E69: 82 | F69: =SUM('附件3-1-2'!H29:H30) -> 300 | G69: =SUM('附件3-1-3'!I20) -> 420
A70: 涟水县 | B70: =SUM(C70:G70) -> 1658 | C70: 1195 | D70: 249 | E70: 214
A71: 盐城市 | B71: =SUM(C71:G71) -> 5671 | C71: =SUM(C72:C80) -> 794 | D71: =SUM(D72:D80) -> 1848 | E71: =SUM(E72:E80) -> 2369 | F71: =SUM(F72:F80) -> 0 | G71: =SUM(G72:G80) -> 660
A72: 大丰区 | B72: =SUM(C72:G72) -> 608 | C72: 20 | D72: 336 | E72: 252
A73: 盐都区 | B73: =SUM(C73:G73) -> 213 | D73: 105 | E73: 108
A74: 亭湖区 | B74: =SUM(C74:G74) -> 458 | D74: 50 | E74: 108 | G74: =SUM('附件3-1-3'!I21) -> 300
A75: 东台市 | B75: =SUM(C75:G75) -> 1392 | C75: 400 | D75: 370 | E75: 262 | G75: =SUM('附件3-1-3'!I22) -> 360
A76: 建湖县 | B76: =SUM(C76:G76) -> 567 | C76: 277 | D76: 149 | E76: 141
A77: 射阳县 | B77: =SUM(C77:G77) -> 787 | C77: 10 | D77: 279 | E77: 498
A78: 阜宁县 | B78: =SUM(C78:G78) -> 578 | C78: 13 | D78: 205 | E78: 360
A79: 滨海县 | B79: =SUM(C79:G79) -> 536 | C79: 17 | D79: 209 | E79: 310
A80: 响水县 | B80: =SUM(C80:G80) -> 532 | C80: 57 | D80: 145 | E80: 330
A81: 扬州市 | B81: =SUM(C81:G81) -> 2412 | C81: =SUM(C82:C87) -> 90 | D81: =SUM(D82:D87) -> 690 | E81: =SUM(E82:E87) -> 992 | F81: =SUM(F82:F87) -> 0 | G81: =SUM(G82:G87) -> 640
A82: 江都区 | B82: =SUM(C82:G82) -> 834 | D82: 172 | E82: 302 | G82: =SUM('附件3-1-3'!I23) -> 360
A83: 邗江区 | B83: =SUM(C83:G83) -> 347 | D83: 31 | E83: 36 | G83: =SUM('附件3-1-3'!I24) -> 280
A84: 广陵区 | B84: =SUM(C84:G84) -> 38 | D84: 16 | E84: 22
A85: 宝应县 | B85: =SUM(C85:G85) -> 497 | C85: 20 | D85: 178 | E85: 299
A86: 高邮市 | B86: =SUM(C86:G86) -> 569 | C86: 65 | D86: 200 | E86: 304
A87: 仪征市 | B87: =SUM(C87:G87) -> 127 | C87: 5 | D87: 93 | E87: 29
A88: 镇江市 | B88: =SUM(C88:G88) -> 783 | C88: =SUM(C89:C92) -> 0 | D88: =SUM(D89:D92) -> 104 | E88: =SUM(E89:E92) -> 238 | F88: =SUM(F89:F92) -> 81 | G88: =SUM(G89:G92) -> 360
A89: 丹徒区 | B89: =SUM(C89:G89) -> 61 | D89: 14 | E89: 47
A90: 丹阳市 | B90: =SUM(C90:G90) -> 487 | E90: 127 | G90: =SUM('附件3-1-3'!I25) -> 360
A91: 句容市 | B91: =SUM(C91:G91) -> 187 | D91: 90 | E91: 16 | F91: =SUM('附件3-1-2'!H31) -> 81
A92: 扬中市 | B92: =SUM(C92:G92) -> 48 | E92: 48
A93: 泰州市 | B93: =SUM(C93:G93) -> 2185 | C93: =SUM(C94:C99) -> 137 | D93: =SUM(D94:D99) -> 411 | E93: =SUM(E94:E99) -> 657 | G93: =SUM(G94:G99) -> 980
A94: 海陵区 | B94: =SUM(C94:G94) -> 376 | D94: 22 | E94: 54 | G94: =SUM('附件3-1-3'!I26) -> 300
A95: 医药高新区 | B95: =SUM(C95:G95) -> 53 | C95: 8 | D95: 32 | E95: 13
A96: 姜堰区 | B96: =SUM(C96:G96) -> 438 | C96: 2 | D96: 98 | E96: 18 | G96: =SUM('附件3-1-3'!I27) -> 320
A97: 靖江市 | B97: =SUM(C97:G97) -> 223 | C97: 39 | D97: 59 | E97: 125
A98: 泰兴市 | B98: =SUM(C98:G98) -> 595 | C98: 15 | D98: 139 | E98: 81 | G98: =SUM('附件3-1-3'!I28) -> 360
A99: 兴化市 | B99: =SUM(C99:G99) -> 500 | C99: 73 | D99: 61 | E99: 366
A100: 宿迁市 | B100: =SUM(C100:G100) -> 2626 | C100: =SUM(C101:C105) -> 39 | D100: =SUM(D101:D105) -> 984 | E100: =SUM(E101:E105) -> 613 | F100: =SUM(F101:F105) -> 150 | G100: =SUM(G101:G105) -> 840
A101: 宿豫区 | B101: =SUM(C101:G101) -> 194 | D101: 90 | E101: 104
...

Sheet 附件3-1-2
A1: 附件3-1-2
A2: 2026年省级水利建设和发展专项资金（第一批水利发展）明细表 (塘坝除险加固)
H4: 单位：万元
A5: 序号 | B5: 地区 | C5: 塘坝名称 | D5: 总投资 | E5: 2026年投资计划 | H5: 本次下达 省级资金
E6: 合计 | F6: 省级 资金 | G6: 市县
A7: 合计 | D7: =SUM(D8:D32) -> 7894 | E7: =SUM(F7:G7) -> 7367 | F7: =SUM(F8:F32) -> 4022 | G7: =SUM(G8:G32) -> 3345 | H7: =SUM(H8:H32) -> 4022
A8: 1 | B8: 南京市江宁区 | C8: 祁家边大塘 | D8: 297 | E8: =SUM(F8:G8) -> 297 | F8: 149 | G8: 148 | H8: 149
A9: 2 | B9: 南京市江宁区 | C9: 西龙大塘 | D9: 272 | E9: =SUM(F9:G9) -> 272 | F9: 136 | G9: 136 | H9: 136
A10: 3 | B10: 南京市六合区 | C10: 王营大塘 | D10: 479 | E10: =SUM(F10:G10) -> 479 | F10: 240 | G10: 239 | H10: 240
A11: 4 | B11: 南京市六合区 | C11: 王洼大塘 | D11: 220 | E11: =SUM(F11:G11) -> 220 | F11: 110 | G11: 110 | H11: 110
A12: 5 | B12: 南京市六合区 | C12: 马洼大塘 | D12: 354 | E12: =SUM(F12:G12) -> 354 | F12: 177 | G12: 177 | H12: 177
A13: 6 | B13: 南京市六合区 | C13: 洪营大塘 | D13: 281 | E13: =SUM(F13:G13) -> 281 | F13: 141 | G13: 140 | H13: 141
A14: 7 | B14: 南京市六合区 | C14: 双塘 | D14: 181 | E14: =SUM(F14:G14) -> 181 | F14: 91 | G14: 90 | H14: 91
A15: 8 | B15: 南京市六合区 | C15: 钱洼大塘 | D15: 262 | E15: =SUM(F15:G15) -> 262 | F15: 131 | G15: 131 | H15: 131
A16: 9 | B16: 南京市六合区 | C16: 大楼大塘 | D16: 282 | E16: =SUM(F16:G16) -> 282 | F16: 141 | G16: 141 | H16: 141
A17: 10 | B17: 南京市六合区 | C17: 五山洼大塘 | D17: 167 | E17: =SUM(F17:G17) -> 167 | F17: 84 | G17: 83 | H17: 84
A18: 11 | B18: 南京市溧水区 | C18: 熊家塘 | D18: 406 | E18: =SUM(F18:G18) -> 406 | F18: 203 | G18: 203 | H18: 203
A19: 12 | B19: 南京市溧水区 | C19: 王家大塘 | D19: 355 | E19: =SUM(F19:G19) -> 355 | F19: 178 | G19: 177 | H19: 178
... A23: 16 | B23: 南京市高淳区 | C23: 上旺大坝 | D23: 278 | E23: =SUM(F23:G23) -> 278 | F23: 139 | G23: 139 | H23: 139
A24: 17 | B24: 徐州市新沂区 | C24: 乱王塘坝 | D24: 391 | E24: 214 | F24: 150 | G24: 64 | H24: 150
A25: 18 | B25: 常州市溧阳市 | C25: 陈家山塘坝 | D25: 365 | E25: =SUM(F25:G25) -> 365 | F25: 183 | G25: 182 | H25: 183
A26: 19 | B26: 连云港市赣榆区 | C26: 横山官庄塘坝 | D26: 415 | E26: =SUM(F26:G26) -> 415 | F26: 249 | G26: 166 | H26: 249
A27: 20 | B27: 连云港市赣榆区 | C27: 葫芦岭（35#）塘坝 | D27: 648 | E27: =SUM(F27:G27) -> 648 | F27: 389 | G27: 259 | H27: 389
A28: 21 | B28: 连云港市东海县 | C28: 场西塘坝 | D28: 332 | E28: 214 | F28: 150 | G28: 64 | H28: 150
A29: 22 | B29: 淮安市盱眙县 | C29: 陆港大坝 | D29: 391 | E29: 240 | F29: 168 | G29: 72 | H29: 168
A30: 23 | B30: 淮安市盱眙县 | C30: 张北小坝 | D30: 188 | E30: 188 | F30: 132 | G30: 56 | H30: 132
A31: 24 | B31: 镇江市句容市 | C31: 土窑塘 | D31: 135 | E31: =SUM(F31:G31) -> 135 | F31: 81 | G31: 54 | H31: 81
A32: 25 | B32: 宿迁市泗洪县 | C32: 夏南塘 | D32: 295 | E32: 214 | F32: 150 | G32: 64 | H32: 150

Sheet 附件3-1-3
A1: 附件3-1-3
A2: 2026年省级水利建设和发展专项资金（第一批水利发展）明细表 (水土保持重点工程)
H3: 单位：万元
A4: 序号 | B4: 市别 | C4: 项目县 | D4: 水土流失 治理面积（km2） | E4: 计划投资 | I4: 本次下达省级资金
E5: 小计 | F5: 中央 | G5: 省级 | H5: 市县
A6: 合 计 | D6: =SUM(D7:D30) -> 42 | E6: =SUM(E7:E30) -> 15800 | F6: =SUM(F7:F30) -> 670 | G6: =SUM(G7:G30) -> 8290 | H6: =SUM(H7:H30) -> 6840 | I6: =SUM(I7:I31) -> 9085
A7: 1 | B7: 南京市 | C7: 六合区 | D7: 3.2 | E7: =SUM(F7:H7) -> 1200 | F7: 120 | G7: 480 | H7: 600 | I7: =G7 -> 480
A8: 2 | C8: 溧水区 | D8: 1.6 | E8: =SUM(F8:H8) -> 600 | G8: 300 | H8: 300 | I8: =G8 -> 300
A9: 3 | B9: 无锡市 | C9: 惠山区 | D9: 1.6 | E9: =SUM(F9:H9) -> 600 | F9: 100 | G9: 200 | H9: 300 | I9: =G9 -> 200
A10: 4 | C10: 江阴市 | D10: 1.6 | E10: =SUM(F10:H10) -> 600 | F10: 90 | G10: 210 | H10: 300 | I10: =G10 -> 210
A11: 5 | B11: 徐州市 | C11: 邳州市 | D11: 2.1 | E11: =SUM(F11:H11) -> 800 | G11: 560 | H11: 240 | I11: =G11 -> 560
A12: 6 | B12: 常州市 | C12: 溧阳市 | D12: 2.9 | E12: =SUM(F12:H12) -> 1000 | F12: 200 | G12: 300 | H12: 500 | I12: =G12 -> 300
A13: 7 | B13: 苏州市 | C13: 常熟市 | D13: 1.6 | E13: =SUM(F13:H13) -> 600 | G13: 300 | H13: 300 | I13: =G13 -> 300
A14: 8 | C14: 太仓市 | D14: 1.6 | E14: =SUM(F14:H14) -> 600 | G14: 300 | H14: 300 | I14: =G14 -> 300
A15: 9 | B15: 南通市 | C15: 通州区 | D15: 1.6 | E15: =SUM(F15:H15) -> 600 | G15: 300 | H15: 300 | I15: =G15 -> 300
A16: 10 | C16: 如东县 | D16: 1.6 | E16: =SUM(F16:H16) -> 600 | G16: 360 | H16: 240 | I16: =G16 -> 360
A17: 11 | B17: 连云港市 | C17: 云台山景区 | D17: 1.6 | E17: =SUM(F17:H17) -> 600 | G17: 360 | H17: 240 | I17: =G17 -> 360
A18: 12 | C18: 赣榆区 | D18: 1.6 | E18: =SUM(F18:H18) -> 600 | G18: 360 | H18: 240 | I18: =G18 -> 360
A19: 13 | B19: 淮安市 | C19: 淮阴区 | D19: 1.6 | E19: =SUM(F19:H19) -> 600 | G19: 360 | H19: 240 | I19: =G19 -> 360
A20: 14 | C20: 盱眙县 | D20: 1.6 | E20: =SUM(F20:H20) -> 600 | G20: 420 | H20: 180 | I20: =G20 -> 420
A21: 15 | B21: 盐城市 | C21: 亭湖区 | D21: 1.6 | E21: =SUM(F21:H21) -> 600 | G21: 300 | H21: 300 | I21: =G21 -> 300
A22: 16 | C22: 东台市 | D22: 1.6 | E22: =SUM(F22:H22) -> 600 | G22: 360 | H22: 240 | I22: =G22 -> 360
A23: 17 | B23: 扬州市 | C23: 江都区 | D23: 1.6 | E23: =SUM(F23:H23) -> 600 | G23: 360 | H23: 240 | I23: =G23 -> 360
A24: 18 | C24: 邗江区 | D24: 1.6 | E24: =SUM(F24:H24) -> 600 | F24: 80 | G24: 280 | H24: 240 | I24: =G24 -> 280
A25: 19 | B25: 镇江市 | C25: 丹阳市 | D25: 1.6 | E25: =SUM(F25:H25) -> 600 | G25: 360 | H25: 240 | I25: =G25 -> 360
A26: 20 | B26: 泰州市 | C26: 海陵区 | D26: 1.6 | E26: =SUM(F26:H26) -> 600 | G26: 300 | H26: 300 | I26: =G26 -> 300
A27: 21 | C27: 姜堰区 | D27: 1.8 | E27: =SUM(F27:H27) -> 800 | F27: 80 | G27: 320 | H27: 400 | I27: =G27 -> 320
A28: 22 | C28: 泰兴市 | D28: 1.6 | E28: =SUM(F28:H28) -> 600 | G28: 360 | H28: 240 | I28: =G28 -> 360
A29: 23 | B29: 宿迁市 | C29: 泗洪县 | D29: 1.6 | E29: =SUM(F29:H29) -> 600 | G29: 420 | H29: 180 | I29: =G29 -> 420
A30: 24 | C30: 泗阳县 | D30: 1.6 | E30: =SUM(F30:H30) -> 600 | G30: 420 | H30: 180 | I30: =G30 -> 420
B31: 省水文水资源勘测局 | I31: =SUM(I32:I48) -> 795
A32: 25 | B32: 局本级 | D32: 水土保持监测 | I32: 174
A33: 26 | D33: 水土保持信息化监管 | I33: 188
A34: 27 | D34: 生产建设项目水土保持方案和重点工程实施方案现场查勘 | I34: 53
A35: 28 | B35: 南京分局 | D35: 监测站点水土流失监测 | I35: 55
A36: 29 | B36: 无锡分局 | D36: 监测站点水土流失监测 | I36: 26
A37: 30 | B37: 徐州分局 | D37: 监测站点水土流失监测 | I37: 18
A38: 31 | B38: 常州分局 | D38: 监测站点水土流失监测 | I38: 52
A39: 32 | B39: 苏州分局 | D39: 监测站点水土流失监测 | I39: 32
A40: 33 | B40: 南通分局 | D40: 监测站点水土流失监测 | I40: 16
A41: 34 | B41: 连云港分局 | D41: 监测站点水土流失监测 | I41: 42
A42: 35 | B42: 淮安分局 | D42: 监测站点水土流失监测 | I42: 30
A43: 36 | B43: 盐城分局 | D43: 监测站点水土流失监测 | I43: 18
A44: 37 | B44: 扬州分局 | D44: 监测站点水土流失监测 | I44: 15
A45: 38 | B45: 镇江分局 | D45: 监测站点水土流失监测 | I45: 15
A46: 39 | B46: 泰州分局 | D46: 监测站点水土流失监测 | I46: 15
... A48: 41 | B48: 省水利数字中心 | D48: 监测站点水土流失监测 | I48: 21

Sheet 附件3-2-1
A1: 附件3-2-1
A2: 2026年省级水利建设和发展专项资金（第一批水利发展）明细表 (水利工程维修养护)
F3: 单位：万元
A4: 地 区 | B4: 合计 | C4: 闸站库工程 维修养护 | D4: 小水库 管护 | E4: 安全鉴定及 消险加固 | F4: 流域性河湖堤防及穿堤建筑物维修养护
A5: 合 计 | B5: =SUM(C5:F5) -> 26528 | C5: =SUM(C6,C13,C17,C26,C31,C37,C44,C51,C60,C69,C77,C83,C88) -> 14454 | D5: =SUM(D6,D13,D17,D26,D31,D37,D44,D51,D60,D69,D77,D83,D88) -> 908 | E5: =SUM(E6,E13,E17,E26,E31,E37,E44,E51,E60,E69,E77,E83,E88) -> 6016 | F5: =SUM(F6,F13,F17,F26,F31,F37,F44,F51,F60,F69,F77,F83,F88) -> 5150
A6: 南京市 | B6: =SUM(C6:F6) -> 3523 | C6: =SUM(C7:C12) -> 1833 | D6: =SUM(D7:D12) -> 257 | E6: =SUM(E7:E12) -> 1017 | F6: =SUM(F7:F12) -> 416
A7: 南京市本级 | B7: =SUM(C7:F7) -> 440 | C7: 194 | D7: 6 | F7: 240
A8: 江宁区 | B8: =SUM(C8:F8) -> 723 | C8: 290 | D8: 85 | E8: 339 | F8: 9
A9: 浦口区 | B9: =SUM(C9:F9) -> 221 | C9: 82 | D9: 20 | E9: 97 | F9: 22
A10: 六合区 | B10: =SUM(C10:F10) -> 852 | C10: 590 | D10: 70 | E10: 97 | F10: 95
A11: 溧水区 | B11: =SUM(C11:F11) -> 1048 | C11: 478 | D11: 66 | E11: 484 | F11: 20
A12: 高淳区 | B12: =SUM(C12:F12) -> 239 | C12: 199 | D12: 10 | E12: 0 | F12: 30
A13: 无锡市 | B13: =SUM(C13:F13) -> 1089 | C13: =SUM(C14:C16) -> 839 | D13: =SUM(D14:D16) -> 16 | E13: =SUM(E14:E16) -> 81 | F13: =SUM(F14:F16) -> 153
A14: 无锡市本级 | B14: =SUM(C14:F14) -> 290 | C14: 204 | F14: 86
A15: 江阴市 | B15: =SUM(C15:F15) -> 146 | C15: 105 | F15: 41
A16: 宜兴市 | B16: =SUM(C16:F16) -> 653 | C16: 530 | D16: 16 | E16: 81 | F16: 26
A17: 徐州市 | B17: =SUM(C17:F17) -> 2641 | C17: =SUM(C18:C25) -> 1276 | D17: =SUM(D18:D25) -> 80 | E17: =SUM(E18:E25) -> 1039 | F17: =SUM(F18:F25) -> 246
A18: 徐州市本级 | B18: =SUM(C18:F18) -> 560 | C18: 505 | D18: 9 | F18: 46
A19: 铜山区 | B19: =SUM(C19:F19) -> 938 | C19: 103 | D19: 22 | E19: 813
A20: 贾汪区 | B20: =SUM(C20:F20) -> 59 | C20: 51 | D20: 8
A21: 丰县 | B21: =SUM(C21:F21) -> 55 | C21: 2 | D21: 2 | F21: 51
A22: 沛县 | B22: =SUM(C22:F22) -> 67 | C22: 36 | F22: 31
A23: 睢宁县 | B23: =SUM(C23:F23) -> 364 | C23: 84 | D23: 7 | E23: 226 | F23: 47
A24: 邳州市 | B24: =SUM(C24:F24) -> 198 | C24: 162 | D24: 5 | F24: 31
A25: 新沂市 | B25: =SUM(C25:F25) -> 400 | C25: 333 | D25: 27 | F25: 40
A26: 常州市 | B26: =SUM(C26:F26) -> 1540 | C26: =SUM(C27:C30) -> 749 | D26: =SUM(D27:D30) -> 88 | E26: =SUM(E27:E30) -> 533 | F26: =SUM(F27:F30) -> 170
A27: 常州市本级 | B27: =SUM(C27:F27) -> 311 | C27: 141 | F27: 170
A28: 金坛区 | B28: =SUM(C28:F28) -> 580 | C28: 104 | D28: 24 | E28: 452
A29: 武进区 | B29: =SUM(C29:F29) -> 144 | C29: 143 | D29: 1
A30: 溧阳市 | B30: =SUM(C30:F30) -> 505 | C30: 361 | D30: 63 | E30: 81
A31: 苏州市 | B31: =SUM(C31:F31) -> 1091 | C31: =SUM(C32:C35) -> 533 | F31: =SUM(F32:F36) -> 558
A32: 苏州市本级 | B32: =SUM(C32:F32) -> 375 | C32: 28 | F32: 347
A33: 张家港市 | B33: =SUM(C33:F33) -> 425 | C33: 337 | F33: 88
A34: 常熟市 | B34: =SUM(C34:F34) -> 148 | C34: 112 | F34: 36
A35: 太仓市 | B35: =SUM(C35:F35) -> 108 | C35: 56 | F35: 52
A36: 昆山市 | B36: =SUM(C36:F36) -> 35 | F36: 35
A37: 南通市 | B37: =SUM(C37:F37) -> 1112 | C37: =SUM(C38:C43) -> 690 | F37: =SUM(F38:F43) -> 422
A38: 南通市本级 | B38: =SUM(C38:F38) -> 411 | C38: 260 | F38: 151
A39: 海门区 | B39: =SUM(C39:F39) -> 61 | C39: 61 | F39: 0
A40: 海安市 | B40: =SUM(C40:F40) -> 90 | C40: 69 | F40: 21
A41: 如皋市 | B41: =SUM(C41:F41) -> 174 | C41: 152 | F41: 22
A42: 如东县 | B42: =SUM(C42:F42) -> 192 | C42: 74 | F42: 118
A43: 启东市 | B43: =SUM(C43:F43) -> 184 | C43: 74 | F43: 110
A44: 连云港市 | B44: =SUM(C44:F44) -> 6682 | C44: =SUM(C45:C50) -> 2910 | D44: =SUM(D45:D50) -> 149 | E44: =SUM(E45:E50) -> 3298 | F44: =SUM(F45:F50) -> 325
A45: 连云港市本级 | B45: =SUM(C45:F45) -> 3284 | C45: 1001 | D45: 15 | E45: 2100 | F45: 168
A46: 赣榆区 | B46: =SUM(C46:F46) -> 628 | C46: 519 | D46: 70 | E46: 39
A47: 海州区 | B47: =SUM(C47:F47) -> 150 | C47: 28 | D47: 6 | E47: 116
A48: 东海县 | B48: =SUM(C48:F48) -> 1734 | C48: 604 | D48: 58 | E48: 1043 | F48: 29
A49: 灌云县 | B49: =SUM(C49:F49) -> 702 | C49: 579 | F49: 123
A50: 灌南县 | B50: =SUM(C50:F50) -> 184 | C50: 179 | F50: 5
A51: 淮安市 | B51: =SUM(C51:F51) -> 1692 | C51: =SUM(C52:C59) -> 980 | D51: =SUM(D52:D59) -> 122 | E51: =SUM(E52:E59) -> 0 | F51: =SUM(F52:F59) -> 590
A52: 淮安市本级 | B52: =SUM(C52:F52) -> 175 | C52: 123 | F52: 52
A53: 淮安区 | B53: =SUM(C53:F53) -> 243 | C53: 46 | F53: 197
A54: 淮阴区 | B54: =SUM(C54:F54) -> 184 | C54: 61 | F54: 123
A55: 清江浦区 | B55: =SUM(C55:F55) -> 129 | C55: 61 | F55: 68
A56: 洪泽区 | B56: =SUM(C56:F56) -> 60 | F56: 60
A57: 金湖县 | B57: =SUM(C57:F57) -> 210 | C57: 129 | D57: 3 | F57: 78
A58: 盱眙县 | B58: =SUM(C58:F58) -> 614 | C58: 488 | D58: 119 | F58: 7
A59: 涟水县 | B59: =SUM(C59:F59) -> 77 | C59: 72 | F59: 5
A60: 盐城市 | B60: =SUM(C60:F60) -> 2818 | C60: =SUM(C61:C68) -> 1830 | F60: =SUM(F61:F68) -> 988
A61: 盐城市本级 | B61: =SUM(C61:F61) -> 650 | C61: 323 | F61: 327
A62: 大丰区 | B62: =SUM(C62:F62) -> 176 | C62: 176 | F62: 0
A63: 东台市 | B63: =SUM(C63:F63) -> 395 | C63: 295 | F63: 100
A64: 建湖县 | B64: =SUM(C64:F64) -> 6 | F64: 6
A65: 射阳县 | B65: =SUM(C65:F65) -> 388 | C65: 259 | F65: 129
A66: 阜宁县 | B66: =SUM(C66:F66) -> 381 | C66: 246 | F66: 135
A67: 滨海县 | B67: =SUM(C67:F67) -> 487 | C67: 246 | F67: 241
A68: 响水县 | B68: =SUM(C68:F68) -> 335 | C68: 285 | F68: 50
A69: 扬州市 | B69: =SUM(C69:F69) -> 1351 | C69: =SUM(C70:C76) -> 873 | D69: =SUM(D70:D76) -> 65 | E69: =SUM(E70:E76) -> 0 | F69: =SUM(F70:F76) -> 413
A70: 扬州市本级 | B70: =SUM(C70:F70) -> 274 | C70: 138 | F70: 136
A71: 江都区 | B71: =SUM(C71:F71) -> 31 | C71: 31 | F71: 0
A72: 邗江区 | B72: =SUM(C72:F72) -> 143 | C72: 134 | D72: 9 | F72: 0
A73: 广陵区 | B73: =SUM(C73:F73) -> 38 | C73: 38 | F73: 0
A74: 宝应县 | B74: =SUM(C74:F74) -> 136 | C74: 36 | F74: 100
A75: 高邮市 | B75: =SUM(C75:F75) -> 354 | C75: 202 | D75: 3 | F75: 149
A76: 仪征市 | B76: =SUM(C76:F76) -> 375 | C76: 294 | D76: 53 | F76: 28
A77: 镇江市 | B77: =SUM(C77:F77) -> 1576 | C77: =SUM(C78:C82) -> 1156 | D77: =SUM(D78:D82) -> 89 | E77: =SUM(E78:E82) -> 48 | F77: =SUM(F78:F82) -> 283
A78: 镇江市本级 | B78: =SUM(C78:F78) -> 378 | C78: 277 | D78: 8 | F78: 93
A79: 丹徒区 | B79: =SUM(C79:F79) -> 147 | C79: 119 | D79: 28 | F79: 0
A80: 丹阳市 | B80: =SUM(C80:F80) -> 123 | C80: 95 | D80: 7 | F80: 21
A81: 句容市 | B81: =SUM(C81:F81) -> 563 | C81: 463 | D81: 46 | E81: 48 | F81: 6
A82: 扬中市 | B82: =SUM(C82:F82) -> 365 | C82: 202 | F82: 163
A83: 泰州市 | B83: =SUM(C83:F83) -> 582 | C83: =SUM(C84:C87) -> 429 | F83: =SUM(F84:F87) -> 153
A84: 泰州市本级 | B84: =SUM(C84:F84) -> 17 | F84: 17
A85: 医药高新区 | B85: =SUM(C85:F85) -> 58 | C85: 58 | F85: 0
A86: 靖江市 | B86: =SUM(C86:F86) -> 310 | C86: 219 | F86: 91
A87: 泰兴市 | B87: =SUM(C87:F87) -> 197 | C87: 152 | F87: 45
A88: 宿迁市 | B88: =SUM(C88:F88) -> 831 | C88: =SUM(C89:C93) -> 356 | D88: =SUM(D89:D93) -> 42 | E88: =SUM(E89:E93) -> 0 | F88: =SUM(F89:F93) -> 433
A89: 宿迁市本级 | B89: =SUM(C89:F89) -> 216 | C89: 153 | F89: 63
A90: 宿豫区 | B90: =SUM(C90:F90) -> 46 | C90: 46 | F90: 0
A91: 沭阳县 | B91: =SUM(C91:F91) -> 45 | C91: 0 | F91: 45
A92: 泗洪县 | B92: =SUM(C92:F92) -> 431 | C92: 121 | D92: 42 | F92: 268
A93: 泗阳县 | B93: =SUM(C93:F93) -> 93 | C93: 36 | F93: 57

Sheet 附件3-2-2
A1: 附件3-2-2
A2: 2026年省级水利建设和发展专项资金（第一批水利发展） 省本级明细表（水利工程维修）
C3: 单位：万元
B4: 单位 | C4: 项目名称 | D4: 金额
B5: 省级小计 | D5: =SUM(D6,D218,D221,D225,D232) -> 14194
B6: 厅属管理处小计 | D6: =SUM(D7,D40,D59,D68,D95,D107,D146,D156,D193,D203,D206,D213) -> 11886
A7: 一 | B7: 省骆运水利工程管理处 | D7: =SUM(D8:D39) -> 1580
A8: 1 | B8: 管理处本级 | C8: 全处水闸动力消耗费 | D8: 70
A9: 2 | C9: 房亭河地涵监控系统更新改造 | D9: 33
A10: 3 | C10: 房亭河地涵10kV高压设备更新改造 | D10: 24
A11: 4 | C11: 闸站电气预防性试验仪器维护维修及添置 | D11: 33
A12: 5 | B12: 省泗阳闸站管理所 | C12: 泗阳站1号机组叶轮外壳维修和叶片调节系统改造 | D12: 43
A13: 6 | C13: 泗阳站清污机局部更换维修 | D13: 31
A14: 7 | C14: 泗阳站主厂房墙面渗漏水处理及下游护坡整修 | D14: 21
A15: 8 | B15: 省刘老涧闸站管理所 | C15: 刘老涧站2号主机组大修 | D15: 32
A16: 9 | C16: 刘老涧抽水站清污机局部更换维修 | D16: 21
A17: 10 | B17: 省沙集闸站管理所 | C17: 沙集站机组循环冷却技术供水改造 | D17: 58
A18: 11 | C18: 沙集站主厂房及生产用房外墙防渗维修 | D18: 89
A19: 12 | C19: 沙集站站区防汛主干道维修 | D19: 36
A20: 13 | C20: 沙集站变电所高压开关柜改造（10台） | D20: 100
A21: 14 | C21: 沙集站4#、5#机组水泵层降噪处理 | D21: 38
A22: 15 | B22: 省皂河抽水站 | C22: 皂河站110kV变电所GIS系统维护检测 | D22: 35
A23: 16 | C23: 皂河站主变及GIS开关监测改造 | D23: 58
A24: 17 | C24: 皂河站高压开关柜改造（6台） | D24: 66
A25: 18 | C25: 皂河站低压开关柜改造 | D25: 85
A26: 19 | C26: 皂河站辅机控制系统改造 | D26: 52
A27: 20 | C27: 皂河站视频监测与AI巡检联动 | D27: 58
A28: 21 | C28: 皂河站自动控制系统整合完善 | D28: 99
A29: 22 | C29: 皂河站安全管理设施改造 | D29: 53
A30: 23 | C30: 皂河站伸缩缝监测改造 | D30: 17
A31: 24 | C31: 皂河站水平位移监测改造 | D31: 23
A32: 25 | B32: 省黄墩湖滞洪闸管理所 | C32: 黄墩湖滞洪闸测压管维修及工程安全监测预警系统建设 | D32: 65
A33: 26 | B33: 省皂河闸管理所 | C33: 皂河闸上游拦河坝及隔水堤护坡整治 | D33: 38
A34: 27 | C34: 皂河闸1号水轮机组大修及导叶更换 | D34: 27
A35: 28 | C35: 皂河闸站用变压器增容改造 | D35: 12
A36: 29 | C36: 皂河闸捞草船增设 | D36: 41
A37: 30 | B37: 省洋河滩闸管理所 | C37: 六塘河闸交通桥维修加固 | D37: 80
A38: 31 | C38: 洋河滩闸混凝土碳化处理 | D38: 82
A39: 32 | B39: 省抗旱排涝队 | C39: 抗旱排涝队设备维修 | D39: 60
A40: 二 | B40: 省淮沭新河管理处 | D40: =SUM(D41:D58) -> 1120
A41: 1 | B41: 管理处本级 | C41: 水闸动力消耗费 | D41: 80
A42: 2 | C42: 新沂河海口中深泓闸安全鉴定及南北深泓闸补充检测、复核评价 | D42: 40
A43: 3 | B43: 管理处本级 | C43: 处属工程电气预防性试验与水下检查 | D43: 52
A44: 4 | C44: 柴米地涵及灌河地涵涵洞洞身检查 | D44: 66
A45: 5 | C45: 全处水闸工程备品备件 | D45: 53
A46: 6 | B46: 省二河闸管理所 | C46: 二河闸下游右侧管理区安全围栏维修 | D46: 66
A47: 7 | B47: 省沭阳闸管理所 | C47: 柴米闸闸门防腐 | D47: 49
A48: 8 | B48: 省沭阳新闸管理所 | C48: 沭新闸下游护坡维修及抛石处理 | D48: 37
A49: 9 | C49: 虞姬沟蓄水闸1#闸门、启闭机更换 | D49: 36
A50: 10 | C50: 沭新闸下游左岸安全防护设施 | D50: 49
A51: 11 | B51: 省蔷薇河地涵管理所 | C51: 桑墟站1#水轮机组大修及变压器更换 | D51: 33
A52: 12 | B52: 省新沂河海口控制工程管理所 | C52: 新沂河海口控制工程中深泓闸混凝土防碳化及闸门防腐 | D52: 306
A53: 13 | C53: 新沂河海口控制工程南深泓闸下游翼墙后清淤 | D53: 10
A54: 14 | C54: 新沂河海口南深泓闸安全监测设施完善 | D54: 73
A55: 15 | C55: 新沂河海口北深泓闸安全监测设施完善 | D55: 80
A56: 16 | B56: 省善后闸管理所 | C56: 埒子口下游港道清淤 | D56: 31
A57: 17 | C57: 善后新闸闸门支臂维修加固 | D57: 27
A58: 18 | B58: 盐河北闸管理所 | C58: 盐河北闸闸门及安全设施维修 | D58: 32
A59: 三 | B59: 省通榆河蔷薇河送清水工程管理处 | D59: =SUM(D60:D67) -> 489
A60: 1 | B60: 管理处本级 | C60: 全处水闸动力消耗费 | D60: 11
A61: 2 | C61: 叮当河地涵及盐河地涵启闭机房维修 | D61: 45
A62: 3 | C62: 盐河地涵供电线路和视频系统改造维修 | D62: 50
A63: 4 | B63: 省龙埝控制工程管理所 | C63: 龙埝套闸下游护坡及防冲槽水上抛石处理 | D63: 140
A64: 5 | B64: 省沭阳控制工程管理所 | C64: 沭阳尾水控制闸沉降观测基点增设 | D64: 93
A65: 6 | B65: 省滨海抽水站管理所 | C65: 滨海抽水站35kV电气试验及深井泵维修 | D65: 36
A66: 7 | C66: 滨海抽水站1号机组大修 | D66: 50
A67: 8 | C67: 滨海抽水站备品备件 | D67: 64
A68: 四 | B68: 省灌溉总渠管理处 | D68: =SUM(D69:D94) -> 1126
A69: 1 | B69: 管理处本级 | C69: 处属水闸工程动力消耗费 | D69: 49
A70: 2 | C70: 管理处运行管理监控中心基础设施更新 | D70: 28
A71: 3 | C71: 处属工程调度辅助决策及总渠入海口下泄流量预测 | D71: 96
A72: 4 | C72: 淮安水利枢纽维修养护中心自动水溶性酸测定仪等设备购置及维修 | D72: 33
A73: 5 | C73: 淮安抽水站变电所35kV所用变更换 | D73: 25
A74: 6 | C74: 淮安抽水站变电所检测设备及备品采购 | D74: 18
A75: 7 | C75: 淮安抽水站变电所控制楼维修 | D75: 32
A76: 8 | C76: 淮安二站冷水系统增设备用机组 | D76: 23
A77: 9 | C77: 淮安二站视频监视系统完善 | D77: 22
A78: 10 | C78: 处属工程观测设备更新 | D78: 20
A79: 11 | C79: 运东闸南侧防护围栏修筑 | D79: 8
A80: 12 | B80: 管理处本级 | C80: 六垛南闸堤防维修 | D80: 66
A81: 13 | C81: 六垛南闸翼墙增设安全防护设施 | D81: 24
A82: 14 | C82: 淮安引江闸安全鉴定 | D82: 20
A83: 15 | B83: 省淮安抽水三站管理所 | C83: 淮安三站高压配电设备维修 | D83: 21
A84: 16 | C84: 淮安三站翼墙混凝土防碳化处理 | D84: 21
A85: 17 | C85: 淮安三站、淮安引江闸河道清淤 | D85: 26
A86: 18 | C86: 淮安三站变频器改造 | D86: 255
A87: 19 | B87: 省淮阴抽水站管理所 | C87: 淮阴站防汛道路和护坡维修 | D87: 65
A88: 20 | C88: 淮阴站2#主变增设在线监测 | D88: 45
A89: 21 | B89: 省运西分水闸管理所 | C89: 运西分水闸控制系统维修改造 | D89: 98
A90: 22 | C90: 运西分水闸启闭机房及清污机闸值班用房维修 | D90: 25
A91: 23 | C91: 沙庄引江闸、清污机闸清污机及输送机维修 | D91: 26
A92: 24 | B92: 省高良涧闸管理所 | C92: 高良涧闸工作闸门止水更换 | D92: 19
A93: 25 | B93: 省北运西闸管理所 | C93: 白马湖穿运洞河道清淤、翼墙清理维修及机电设备更新改造 | D93: 33
A94: 26 | C94: 北运西闸自动化系统改造 | D94: 28
A95: 五 | B95: 省洪泽湖水利工程管理处 | D95: =SUM(D96:D106) -> 1220
A96: 1 | B96: 管理处本级 | C96: 全处电气预防性试验 | D96: 22
A97: 2 | C97: 全处动力消耗费 | D97: 29
A98: 3 | B98: 省三河闸管理所 | C98: 三河闸11#-23#钢闸门下游面板喷锌防腐 | D98: 115
A99: 4 | C99: 三河闸下游拦船设施及警戒区监测改造 | D99: 86
A100: 5 | C100: 三河闸闸北配电房进线电缆更换及地面改造 | D100: 35
...

Sheet 附件3-2-3
A1: 附件3-2-3
A2: 2026年省级水利建设和发展专项资金（第一批水利发展） 省本级明细表（水利工程养护）
C3: 单位：万元
A4: 序号 | B4: 单 位 | C4: 项目名称 | D4: 金额
B5: 省级小计 | D5: =SUM(D6,D91,D93) -> 4402
A6: 一 | B6: 厅属管理处小计 | D6: =SUM(D7,D17,D28,D35,D49,D53,D64,D67,D76,D79,D82,D84) -> 3998
A7: (一) | B7: 省骆运水利工程管理处 | D7: =SUM(D8:D16) -> 557
A8: 1 | B8: 管理处本级 | C8: 房亭河地涵养护 | D8: 33
A9: 2 | B9: 省泗阳闸站管理所 | C9: 泗阳站、泗阳二站、泗阳闸养护 | D9: 105
A10: 3 | B10: 省刘老涧闸站管理所 | C10: 刘老涧站、刘老涧闸、刘老涧新闸养护 | D10: 80
A11: 4 | B11: 省沙集闸站管理所 | C11: 沙集站、沙集闸养护 | D11: 80
A12: 5 | B12: 省皂河抽水站 | C12: 皂河站、穿邳洪河地涵养护 | D12: 103
A13: 6 | B13: 省黄墩湖滞洪闸管理所 | C13: 黄墩湖滞洪闸养护 | D13: 29
A14: 7 | B14: 省皂河闸管理所 | C14: 皂河闸、新邳洪河闸、邳洪河大堤养护 | D14: 50
A15: 8 | B15: 省洋河滩闸管理所 | C15: 洋河滩闸、六塘河闸养护 | D15: 42
A16: 9 | B16: 处抗旱排涝队 | C16: 抗排机泵、防汛抢险设备养护 | D16: 35
A17: （二） | B17: 省淮沭新河管理处 | D17: =SUM(D18:D27) -> 547
A18: 1 | B18: 管理处本级 | C18: 淮阴二站 | D18: 45
A19: 2 | B19: 省二河闸管理所 | C19: 二河闸 | D19: 55
A20: 3 | B20: 省淮阴闸管理所 | C20: 淮阴闸、淮涟闸、盐河闸、淮沭闸 | D20: 94
A21: 4 | B21: 省杨庄闸管理所 | C21: 杨庄闸 | D21: 40
A22: 5 | B22: 省沭阳闸管理所 | C22: 沭阳闸、柴米地涵、柴米闸 | D22: 85
A23: 6 | B23: 省沭新闸管理所 | C23: 沭新闸、虞姬沟蓄水闸 | D23: 40
A24: 7 | B24: 省蔷薇河地涵管理所 | C24: 蔷薇河地涵、沭新退水闸、沭新北闸、桑墟水电站 | D24: 45
A25: 8 | B25: 省盐河北闸管理所 | C25: 盐河北闸 | D25: 25
A26: 9 | B26: 省善后闸管理所 | C26: 善后新闸、车轴河闸、烧香河闸 | D26: 58
A27: 10 | B27: 省新沂河海口控制工程管理所 | C27: 新沂河海口南深泓闸、北深泓闸、中深泓闸 | D27: 60
A28: （三） | B28: 省通榆河蔷薇河送清水工程管理处 | D28: =SUM(D29:D34) -> 155
A29: 1 | B29: 管理处处本级 | C29: 叮当河尾水控制闸、叮当河尾水南地涵 | D29: 16
A30: 2 | C30: 盐河尾水南地涵 | D30: 9
A31: 3 | B31: 省龙埝控制工程管理所 | C31: 龙埝套闸 | D31: 11
A32: 4 | B32: 省沭阳控制工程管理所 | C32: 沭阳尾水控制闸、沭阳尾水北地涵 | D32: 24
A33: 5 | B33: 省灌河响水地涵管理所 | C33: 响水引水闸、灌河地涵 | D33: 40
A34: 6 | B34: 省滨海抽水站管理所 | C34: 滨海抽水站 | D34: 55
A35: （四） | B35: 省灌溉总渠管理处 | D35: =SUM(D36:D48) -> 654
A36: 1 | B36: 管理处本级 | C36: 淮安一站养护 | D36: 22
A37: 2 | C37: 淮安二站养护 | D37: 70
A38: 3 | C38: 淮安抽水站变电所养护 | D38: 50
A39: 4 | C39: 运东闸养护 | D39: 35
A40: 5 | C40: 六垛南闸养护 | D40: 48
A41: 6 | B41: 省淮安抽水三站管理所 | C41: 淮安三站、淮安引江闸养护 | D41: 70
A42: 7 | B42: 省淮阴抽水站管理所 | C42: 淮阴站、淮阴站挡洪闸养护 | D42: 95
A43: 8 | B43: 省高良涧闸管理所 | C43: 高良涧闸养护 | D43: 50
A44: 9 | B44: 省阜宁腰闸管理所 | C44: 阜宁腰闸、东沙港闸养护 | D44: 42
A45: 10 | B45: 省通榆河总渠立交管理所 | C45: 通榆河总渠立交养护 | D45: 27
A46: 11 | B46: 省运西分水闸管理所 | C46: 运西分水闸、沙庄引江闸、新河北闸养护 | D46: 50
A47: 12 | B47: 省南运西闸管理所 | C47: 南运西闸、宝应湖退水闸、南运西船闸养护 | D47: 30
A48: 13 | B48: 省北运西闸管理所 | C48: 镇湖闸、北运西闸、阮桥闸、山阳地涵、白马湖穿运洞养护 | D48: 65
A49: （五） | B49: 省洪泽湖水利工程管理处 | D49: =SUM(D50:D52) -> 202
A50: 1 | B50: 省三河闸管理所 | C50: 三河闸、部分洪泽湖堤防养护 | D50: 142
A51: 2 | B51: 省三河船闸管理所 | C51: 蒋坝抽水站养护 | D51: 15
A52: 3 | B52: 省石港抽水站管理所 | C52: 石港抽水站、石港引江洞、石港退水洞养护 | D52: 45
A53: （六） | B53: 省江都水利工程管理处 | D53: =SUM(D54:D63) -> 580
A54: 1 | B54: 管理处本级 | C54: 江都一站养护 | D54: 35
A55: 2 | C55: 江都二站养护 | D55: 50
A56: 3 | C56: 江都三站养护 | D56: 75
A57: 4 | C57: 江都四站养护 | D57: 102
A58: 5 | C58: 江都站变电所养护 | D58: 35
A59: 6 | C59: 鉴定站养护 | D59: 20
A60: 7 | B60: 江都管理处万福闸管理所 | C60: 万福闸、太平闸、金湾闸养护 | D60: 101
A61: 8 | B61: 江都管理处江都闸管理所 | C61: 江都西闸、江都东闸、芒稻闸、江都送水闸养护 | D61: 62
A62: 9 | C62: 邵伯闸、运盐闸、邵仙闸、邵仙洞、邵仙套闸养护 | D62: 47
A63: 10 | B63: 江都管理处宜陵闸管理所 | C63: 宜陵闸、宜北闸、三里窑闸、五里窑闸、宜陵地涵养护 | D63: 53
A64: （七） | B64: 省秦淮河水利工程管理处 | D64: =SUM(D65:D66) -> 105
A65: 1 | B65: 管理处本级 | C65: 武定门节制闸、武定门抽水站养护 | D65: 65
A66: 2 | B66: 秦淮河管理处新河所 | C66: 秦淮新河节制闸、秦淮新河抽水站养护 | D66: 40
A67: （八） | B67: 省太湖地区水利工程管理处 | D67: =SUM(D68:D75) -> 770
A68: 1 | B68: 管理处本级 | C68: 蠡河控制工程、月城河控制工程养护 | D68: 60
A69: 2 | B69: 太湖处常熟枢纽管理所 | C69: 常熟枢纽泵站、常熟枢纽节制闸养护 | D69: 150
A70: 3 | B70: 太湖处张家港水利枢纽管理所 | C70: 泵站、节制闸、退水闸、地涵养护 | D70: 80
A71: 4 | B71: 太湖处江阴水利枢纽管理所 | C71: 江阴水利枢纽养护 | D71: 120
A72: 5 | B72: 太湖处丹阳水利枢纽管理所 | C72: 丹阳水利枢纽养护 | D72: 160
A73: 6 | B73: 太湖处奔牛水利枢纽管理所 | C73: 奔牛水利枢纽养护 | D73: 80
A74: 7 | C74: 钟楼防洪控制工程养护 | D74: 60
A75: 8 | C75: 丹金闸枢纽节制闸、船闸养护 | D75: 60
A76: （九） | B76: 省泰州引江河管理处 | D76: =SUM(D77:D78) -> 180
A77: 1 | B77: 管理处本级 | C77: 高港抽水站、高港节制闸、高港调度闸、高港送水闸、北箍江泵站养护 | D77: 171
A78: 2 | C78: 引江河堤防养护 | D78: 9
A79: （十） | B79: 省灌溉动力管理一处 | D79: =SUM(D80:D81) -> 40
A80: 1 | B80: 管理处本级 | C80: 抗排机泵、防汛抢险设备养护 | D80: 28
A81: 2 | C81: 拉马河闸养护 | D81: 12
A82: （十一） | B82: 省防汛防旱抢险中心 | D82: =D83 -> 67
A83: 1 | B83: 抗旱排涝机动队 | C83: 抗排机泵、防汛抢险设备养护 | D83: 67
A84: （十二） | B84: 省淮河入海水道工程管理处 | D84: =SUM(D85:D90) -> 141
A85: 1 | B85: 管理处本级 | C85: 二河新闸养护 | D85: 20
A86: 2 | C86: 入海水道通榆河立交工程养护 | D86: 50
A87: 3 | C87: 淮河入海水道堤防养护 | D87: 21
A88: 4 | B88: 入海水道管理处大运河立交管理所 | C88: 大运河立交工程、淮扬公路旱闸 | D88: 18
A89: 5 | B89: 入海水道管理处淮阜控制工程管理所 | C89: 南泓漫水闸 | D89: 2
A90: 6 | B90: 入海水道管理处海口闸管理所 | C90: 海口北闸、海口南闸 | D90: 30
A91: 二 | B91: 省水利厅机关 | D91: =D92 -> 400
A92: 1 | C92: 引江济太补助 | D92: 400
A93: 三 | B93: 省淮海农场 | D93: =D94 -> 4
A94: 1 | C94: 淮河入海水道堤防工程养护 | D94: 4

Sheet 附件3-3
A1: 附件3-3
A2: 2026年省级水利建设和发展专项资金（第一批水利发展）明细表(水文设施维修养护)
G3: 单位：万元
A4: 单 位 | B4: 内 容 | C4: 金额 | D4: 测验设施 | F4: 水文自动测 报系统维护 | G4: 水质自动 监测站维护
D5: 常规养护 | E5: 更新改造
A6: 合计 | C6: =SUM(D6:G6) -> 4000 | D6: =SUM(D12,D19,D23,D30,D34,D39,D43,D48,D53,D58,D63,D70,D77,D83,D85,D88,D91,D94,D97,D100,D103) -> 1377 | E6: =SUM(E12,E19,E23,E30,E34,E39,E43,E48,E53,E58,E63,E70,E77,E83,E85,E88,E91,E94,E97,E100,E103) -> 1806.8 | F6: =SUM(F12,F19,F23,F30,F34,F39,F43,F48,F53,F58,F63,F70,F77,F83,F85,F88,F91,F94,F97,F100,F103) -> 768 | G6: =SUM(G12,G19,G23,G30,G34,G39,G43,G48,G53,G58,G63,G70,G77,G83,G85,G88,G91,G94,G97,G100,G103) -> 48.2
A7: 省水 文局 | B7: 1、121处自动测流设备运维及备品备件采购 | C7: =SUM(D7:G7) -> 160 | D7: 160
B8: 2、省中心物联网专线及物联网卡通讯费 | C8: =SUM(D8:G8) -> 18 | F8: 18
B9: 3、19处分中心、963处自动测报系统站点运维 | C9: =SUM(D9:G9) -> 266 | F9: 266
B10: 4、省自动站数据平台维护和通讯传输保障管理等 | C10: =SUM(D10:G10) -> 26.2 | G10: 26.2
B11: 5、1处省中心、19处水情分中心机房设备备品备件购置 | C11: =SUM(D11:G11) -> 61 | F11: 61
B12: 小计 | C12: =SUM(D12:G12) -> 531.2 | D12: =SUM(D7:D11) -> 160 | F12: =SUM(F7:F11) -> 345 | G12: =SUM(G7:G11) -> 26.2
A13: 南京 分局 | B13: 1、7处水文缆道、30处水位自记台、25处雨量观测场、28处地下水监测井、2处墒情站、4处水质监测站、1辆水质移动监测车、1辆水质监测船日常维修养护 | C13: =SUM(D13:G13) -> 68 | D13: 68
B14: 2、1个水情分中心、239处遥测站点运维及物联网专线、194张物联网卡租用 | C14: =SUM(D14:G14) -> 99 | F14: 99
B15: 3、前垾村水文站（句）断面测流设施除险改造 | C15: =SUM(D15:G15) -> 26 | E15: 26
B16: 4、东山水位站更新改造 | C16: =SUM(D16:G16) -> 200 | E16: 200
B17: 5、南京水情分中心机房隐患整改及会商能力提升改造 | C17: =SUM(D17:G17) -> 40 | E17: 40
B18: 6、南京水土保持监测站迁建 | C18: =SUM(D18:G18) -> 120 | E18: 120
B19: 小计 | C19: =SUM(D19:G19) -> 553 | D19: =SUM(D13:D14) -> 68 | E19: =SUM(E13:E18) -> 386 | F19: =SUM(F13:F14) -> 99
A20: 无锡 分局 | B20: 1、3处水文缆道、45处水位自记台、45处雨量观测场、39处地下水监测井、1处墒情站、11处水质水量自动监测站日常维修养护 | C20: =SUM(D20:G20) -> 67 | D20: 67
B21: 2、1个水情分中心、81处遥测站点自养自修及物联网专线、131张物联网卡租用 | C21: =SUM(D21:G21) -> 13 | F21: 13
B22: 3、犊山闸水文站更新改造 | C22: =SUM(D22:G22) -> 109 | E22: 109
B23: 小计 | C23: =SUM(D23:G23) -> 189 | D23: =SUM(D20:D21) -> 67 | E23: =SUM(E20:E22) -> 109 | F23: =SUM(F20:F21) -> 13
A24: 徐州 分局 | B24: 1、29处水文缆道、97处水位自记台、29处雨量观测场、106处地下水监测井、11处墒情站日常维修养护 | C24: =SUM(D24:G24) -> 151 | D24: 151
B25: 2、1个水情分中心、170处遥测站点运维及物联网专线、304张物联网卡租用 | C25: =SUM(D25:G25) -> 72 | F25: 72
B26: 3、蔺家坝闸水文站缆道房及运河水文站安全隐患消除 | C26: =SUM(D26:G26) -> 70 | E26: 70
B27: 4、港上水文站大缆道改建工程 | C27: =SUM(D27:G27) -> 100 | E27: 100
B28: 5、汉王等7处墒情站监测能力更新提升 | C28: =SUM(D28:G28) -> 53 | E28: 53
B29: 6、港上水文站生产业务用房及附属设施改造 | C29: =SUM(D29:G29) -> 85 | E29: 85
B30: 小计 | C30: =SUM(D30:G30) -> 531 | D30: =SUM(D24:D29) -> 151 | E30: =SUM(E26:E29) -> 308 | F30: =SUM(F24:F28) -> 72
A31: 常州 分局 | B31: 1、10处水文缆道、38处水位自记台、37处雨量观测场、33处地下水监测井、4处墒情站、4处水质水量自动监测站日常维修养护 | C31: =SUM(D31:G31) -> 65 | D31: 65
B32: 2、1个水情分中心、102处遥测站点自养自修及物联网专线、83张物联网卡租用 | C32: =SUM(D32:G32) -> 16 | F32: 16
B33: 3、常州分局水情会商能力改造提升 | C33: =SUM(D33:G33) -> 58 | E33: 58
B34: 小计 | C34: =SUM(D34:G34) -> 139 | D34: =SUM(D31:D32) -> 65 | E34: =E33 -> 58 | F34: =SUM(F31:F32) -> 16
A35: 苏州 分局 | B35: 1、10处水文缆道、56处水位自记台、22处雨量观测场、59处地下水监测井、13处水质水量自动监测站日常维修养护 | C35: =SUM(D35:G35) -> 85 | D35: 85
B36: 2、1个水情分中心、54处遥测站点自养自修及物联网专线、99张物联网卡租用 | C36: =SUM(D36:G36) -> 10 | F36: 10
B37: 3、张家港闸（闸上游）水文站维修改造 | C37: =SUM(D37:G37) -> 70 | E37: 70
B38: 4、省水环境监测中心苏州分中心实验室更新改造 | C38: =SUM(D38:G38) -> 40 | E38: 40
B39: 小计 | C39: =SUM(D39:G39) -> 205 | D39: =SUM(D35:D38) -> 85 | E39: =SUM(E37:E38) -> 110 | F39: =SUM(F35:F38) -> 10
A40: 南通 分局 | B40: 1、8处水文缆道、39处水位自记台、38处雨量观测场、57处地下水监测井、东灶港海洋潮位站日常维修养护 | C40: =SUM(D40:G40) -> 66 | D40: 66
B41: 2、1个水情分中心、63处遥测站点自养自修及物联网专线、146张物联网卡租用 | C41: =SUM(D41:G41) -> 10 | F41: 10
B42: 3、海安监测中心运行改造 | C42: =SUM(D42:G42) -> 25.8 | E42: 25.8
B43: 小计 | C43: =SUM(D43:G43) -> 101.8 | D43: =SUM(D40:D42) -> 66 | E43: =SUM(E42:E42) -> 25.8 | F43: =SUM(F40:F42) -> 10
A44: 连云港 分局 | B44: 1、8处水文缆道、61处水位自记台、20处雨量观测场、66处地下水监测井、3处墒情站日常维修养护 | C44: =SUM(D44:G44) -> 76 | D44: 76
B45: 2、1个水情分中心、112处遥测站点自养自修及物联网专线、141张物联网卡租用 | C45: =SUM(D45:G45) -> 17 | F45: 17
B46: 3、2个水质自动监测站运维（凤凰嘴站、刘顶站） | C46: =SUM(D46:G46) -> 4 | G46: 4
B47: 4、大兴镇水文站改造 | C47: =SUM(D47:G47) -> 30 | E47: 30
B48: 小计 | C48: =SUM(D48:G48) -> 127 | D48: =SUM(D44:D47) -> 76 | E48: =SUM(E47:E47) -> 30 | F48: =SUM(F44:F47) -> 17 | G48: 4
A49: 淮安 分局 | B49: 1、10处水文缆道、44处水位自记台、42处雨量观测场、51处地下水监测井、1处墒情站日常维修养护 | C49: =SUM(D49:G49) -> 64 | D49: 64
B50: 2、1个水情分中心、97处遥测站点自养自修及物联网专线、113张物联网卡租用 | C50: =SUM(D50:G50) -> 15 | F50: 15
B51: 3、苏北供水关滩水文站维修改造 | C51: =SUM(D51:G51) -> 40 | E51: 40
B52: 4、淮安分局档案室维修改造 | C52: =SUM(D52:G52) -> 46 | E52: 46
B53: 小计 | C53: =SUM(D53:G53) -> 165 | D53: =SUM(D49:D52) -> 64 | E53: =SUM(E51:E52) -> 86 | F53: =SUM(F49:F52) -> 15
A54: 盐城 分局 | B54: 1、20处水文缆道、69处水位自记台、29处雨量观测场、84处地下水监测井、射阳港海洋潮位站、5处墒情站日常维修养护 | C54: =SUM(D54:G54) -> 128 | D54: 128
B55: 2、1个水情分中心、167处遥测站点自养自修及物联网专线、327张物联网卡租用 | C55: =SUM(D55:G55) -> 26 | F55: 26
B56: 3、射阳港潮位站钢管桩海生物清理及阴极防护 | C56: =SUM(D56:G56) -> 59 | E56: 59
B57: 4、四卯酉闸水文站全自动测流缆道系统改造 | C57: =SUM(D57:G57) -> 37 | E57: 37
B58: 小计 | C58: =SUM(D58:G58) -> 250 | D58: =SUM(D54:D57) -> 128 | E58: =SUM(E56:E57) -> 96 | F58: =SUM(F54:F57) -> 26
A59: 扬州 分局 | B59: 1、1处水文缆道、54处水位自记台、37处雨量观测场、34处地下水监测井、3处墒情站日常维修养护 | C59: =SUM(D59:G59) -> 53 | D59: 53
B60: 2、1个水情分中心、99处遥测站点自养自修及物联网专线、193张物联网卡租用 | C60: =SUM(D60:G60) -> 17 | F60: 17
B61: 3、陆庄水位站除险改造 | C61: =SUM(D61:G61) -> 64 | E61: 64
B62: 4、中小河流大桥、高邮（北）水位站更新改造 | C62: =SUM(D62:G62) -> 123 | E62: 123
B63: 小计 | C63: =SUM(D63:G63) -> 257 | D63: =SUM(D59:D62) -> 53 | E63: =SUM(E61:E62) -> 187 | F63: =SUM(F60:F62) -> 17
A64: 镇江 分局 | B64: 1、8处水文缆道、21处水位自记台、20处雨量观测场、20处地下水监测井、2处墒情站日常维修养护 | C64: =SUM(D64:G64) -> 36 | D64: 36
B65: 2、1个水情分中心、71处遥测站点自养自修及物联网专线、68张物联网卡租用 | C65: =SUM(D65:G65) -> 11 | F65: 11
B66: 3、1个水质自动监测站运维（谏壁闸） | C66: =SUM(D66:G66) -> 18 | G66: 18
B67: 4、镇江下蜀水位站等6处中小河流部分测站改造 | C67: =SUM(D67:G67) -> 32 | E67: 32
B68: 5、新孟河闸水文站缆道系统改造 | C68: =SUM(D68:G68) -> 78 | E68: 78
B69: 6、镇江分局10KV厢变电气改造及句容监测中心生产业务用房老旧线路改造项目 | C69: =SUM(D69:G69) -> 21 | E69: 21
B70: 小计 | C70: =SUM(D70:G70) -> 196 | D70: =SUM(D64:D68) -> 36 | E70: =SUM(E67:E69) -> 131 | F70: =SUM(F65:F68) -> 11 | G70: =SUM(G66:G68) -> 18
A71: 泰州 分局 | B71: 1、5处水文缆道、36处水位自记台、14处雨量观测场、29处地下水监测井日常维修养护 | C71: =SUM(D71:G71) -> 40 | D71: 40
B72: 2、1个水情分中心、117处遥测站点自养自修及物联网专线、217张物联网卡租用 | C72: =SUM(D72:G72) -> 19 | F72: 19
B73: 3、陶庄、姜堰（姜）、港口等水位站改造项目 | C73: =SUM(D73:G73) -> 43 | E73: 43
B74: 4、泰州市高时空分辨率测雨网络建设 | C74: =SUM(D74:G74) -> 74 | E74: 74
B75: 5、省水环境监测中心泰州分中心通风系统、防水及排水设施改造 | C75: =SUM(D75:G75) -> 27 | E75: 27
B76: 6、高港闸水文站缆道测流系统改造 | C76: =SUM(D76:G76) -> 23 | E76: 23
B77: 小计 | C77: =SUM(D77:G77) -> 226 | D77: =SUM(D71:D76) -> 40 | E77: =SUM(E73:E76) -> 167 | F77: =SUM(F72:F76) -> 19
A78: 宿迁 分局 | B78: 1、12处水文缆道、23处水位自记台、7处雨量观测场、48处地下水监测井、4处墒情站日常维修养护 | C78: =SUM(D78:G78) -> 51 | D78: 51
B79: 2、1个水情分中心、93处遥测站点运维及物联网专线140张物联网卡租用 | C79: =SUM(D79:G79) -> 40 | F79: 40
B80: 3、下草湾水文站等6处站点安全隐患整治 | C80: =SUM(D80:G80) -> 38 | E80: 38
B81: 4、刘桥水文站维修改造 | C81: =SUM(D81:G81) -> 50 | E81: 50
B82: 5、吴郭等4处墒情站监测能力提升 | C82: =SUM(D82:G82) -> 25 | E82: 25
B83: 小计 | C83: =SUM(D83:G83) -> 204 | D83: =SUM(D78:D82) -> 51 | E83: =SUM(E80:E82) -> 113 | F83: =SUM(F79:F82) -> 40
A84: 数字 中心 | B84: 1、省水文档案馆、东部水文仪器检定中心及附属设施维护 | C84: =SUM(D84:G84) -> 140 | D84: 140
B85: 小计 | C85: =SUM(D85:G85) -> 140 | D85: =SUM(D84) -> 140
A86: 骆运 管理处 | B86: 1、7处水文缆道、23处水位自记台、5处雨量观测场日常维修养护 | C86: =SUM(D86:G86) -> 30 | D86: 30
B87: 2、1个水情分中心、25处遥测站点自养自修及物联网专线26张物联网卡租用 | C87: =SUM(D87:G87) -> 12 | F87: 12
B88: 小计 | C88: =SUM(D88:G88) -> 42 | D88: =SUM(D86:D87) -> 30 | F88: =SUM(F87:F87) -> 12
A89: 淮沭新河管理处 | B89: 1、4处水文缆道、19处水位自记台、2处雨量观测场日常维修养护 | C89: =SUM(D89:G89) -> 22 | D89: 22
B90: 2、1个水情分中心、21处遥测站点自养自修及物联网专线、20张物联网卡租用 | C90: =SUM(D90:G90) -> 10 | F90: 10
B91: 小计 | C91: =SUM(D91:G91) -> 32 | D91: =SUM(D89:D90) -> 22 | F91: =SUM(F89:F90) -> 10
A92: 总渠 管理处 | B92: 1、7处水文缆道、45处水位自记台、5处雨量观测场日常维修养护 | C92: =SUM(D92:G92) -> 47 | D92: 47
B93: 2、1个水情分中心、41处遥测站点自养自修及物联网专线、34张物联网卡租用 | C93: =SUM(D93:G93) -> 18 | F93: 18
B94: 小计 | C94: =SUM(D94:G94) -> 65 | D94: =SUM(D92:D93) -> 47 | F94: =SUM(F93:F93) -> 18
A95: 洪泽湖 管理处 | B95: 1、1处水文缆道、5处水位自记台、1处雨量观测场日常维修养护 | C95: =SUM(D95:G95) -> 6 | D95: 6
B96: 2、1个水情分中心、7处遥测站点自养自修及物联网专线、8张物联网卡租用 | C96: =SUM(D96:G96) -> 5 | F96: 5
B97: 小计 | C97: =SUM(D97:G97) -> 11 | D97: 6 | F97: =SUM(F95:F96) -> 5
A98: 江都 管理处 | B98: 1、2处水文缆道、14处水位自记台、3处雨量观测场日常维修养护 | C98: =SUM(D98:G98) -> 15 | D98: 15
B99: 2、1个水情分中心、17处遥测站点自养自修及物联网专线、17张物联网卡租用 | C99: =SUM(D99:G99) -> 9 | F99: 9
B100: 小计 | C100: =SUM(D100:G100) -> 24 | D100: =SUM(D98:D99) -> 15 | F100: =SUM(F98:F99) -> 9
...

Sheet 附件3-4-1
A1: 附件3-4-1
A2: 2026年省级水利建设和发展专项资金（第一批水利发展）明细表 (河湖管理与保护)
F3: 单位：万元
A4: 地 区 | B4: 小计 | C4: 河湖水域岸线空间管控 | D4: 河湖水域岸线监测评估 | E4: 河湖生态治理保护 | F4: 重点湖泊治理保护
A5: 合 计 | B5: =SUM(C5:F5) -> 13300 | C5: =SUM(C6,C104) -> 2560 | D5: =SUM(D6,D104) -> 1550 | E5: =SUM(E6,E104) -> 990 | F5: =SUM(F6,F104) -> 8200
A6: 市县小计 | B6: =SUM(C6:F6) -> 9400 | C6: =SUM(C7,C15,C22,C30,C37,C46,C53,C60,C68,C78,C85,C91,C98) -> 800 | D6: =SUM(D7,D15,D22,D30,D37,D46,D53,D60,D68,D78,D85,D91,D98) -> 0 | E6: =SUM(E7,E15,E22,E30,E37,E46,E53,E60,E68,E78,E85,E91,E98) -> 400 | F6: =SUM(F7,F15,F22,F30,F37,F46,F53,F60,F68,F78,F85,F91,F98) -> 8200
A7: 南京市 | B7: =SUM(C7:F7) -> 66 | C7: =SUM(C8:C14) -> 51 | D7: =SUM(D8:D14) -> 0 | E7: =SUM(E8:E14) -> 15 | F7: =SUM(F8:F14) -> 0
A8: 南京市本级 | B8: =SUM(C8:F8) -> 25 | C8: 10 | E8: 15
A9: 江宁区 | B9: =SUM(C9:F9) -> 4 | C9: 4
A10: 浦口区 | B10: =SUM(C10:F10) -> 10 | C10: 10
A11: 六合区 | B11: =SUM(C11:F11) -> 15 | C11: 15
A12: 溧水区 | B12: =SUM(C12:F12) -> 2 | C12: 2
A13: 高淳区 | B13: =SUM(C13:F13) -> 4 | C13: 4
A14: 栖霞区 | B14: =SUM(C14:F14) -> 6 | C14: 6
A15: 无锡市 | B15: =SUM(C15:F15) -> 84 | C15: =SUM(C16:C21) -> 38 | D15: =SUM(D16:D21) -> 0 | E15: =SUM(E16:E21) -> 46 | F15: =SUM(F16:F21) -> 0
A16: 无锡市本级 | B16: =SUM(C16:F16) -> 9 | C16: 5 | E16: 4
A17: 锡山区 | B17: =SUM(C17:F17) -> 6 | C17: 1 | E17: 5
A18: 惠山区 | B18: =SUM(C18:F18) -> 11 | C18: 6 | E18: 5
A19: 滨湖区 | B19: =SUM(C19:F19) -> 14 | C19: 10 | E19: 4
A20: 江阴市 | B20: =SUM(C20:F20) -> 15 | C20: 5 | E20: 10
A21: 宜兴市 | B21: =SUM(C21:F21) -> 29 | C21: 11 | E21: 18
A22: 徐州市 | B22: =SUM(C22:F22) -> 66 | C22: =SUM(C23:C29) -> 66 | D22: =SUM(D23:D29) -> 0 | E22: =SUM(E23:E29) -> 0 | F22: =SUM(F23:F29) -> 0
A23: 铜山区 | B23: =SUM(C23:F23) -> 7 | C23: 7
A24: 贾汪区 | B24: =SUM(C24:F24) -> 7 | C24: 7
A25: 丰县 | B25: =SUM(C25:F25) -> 2 | C25: 2
A26: 沛县 | B26: =SUM(C26:F26) -> 2 | C26: 2
A27: 睢宁县 | B27: =SUM(C27:F27) -> 7 | C27: 7
A28: 邳州市 | B28: =SUM(C28:F28) -> 26 | C28: 26
A29: 新沂市 | B29: =SUM(C29:F29) -> 15 | C29: 15
A30: 常州市 | B30: =SUM(C30:F30) -> 55 | C30: =SUM(C31:C36) -> 36 | D30: =SUM(D31:D36) -> 0 | E30: =SUM(E31:E36) -> 19 | F30: =SUM(F31:F36) -> 0
A31: 金坛区 | B31: =SUM(C31:F31) -> 9 | C31: 4 | E31: 5
A32: 武进区 | B32: =SUM(C32:F32) -> 27 | C32: 22 | E32: 5
A33: 新北区 | B33: =SUM(C33:F33) -> 5 | C33: 5
A34: 天宁区 | B34: =SUM(C34:F34) -> 2 | C34: 2
A35: 钟楼区 | B35: =SUM(C35:F35) -> 2 | C35: 2
A36: 溧阳市 | B36: =SUM(C36:F36) -> 10 | C36: 1 | E36: 9
A37: 苏州市 | B37: =SUM(C37:F37) -> 147 | C37: =SUM(C38:C45) -> 103 | D37: =SUM(D38:D45) -> 0 | E37: =SUM(E38:E45) -> 44 | F37: =SUM(F38:F45) -> 0
A38: 苏州市本级 | B38: =SUM(C38:F38) -> 9 | C38: 9
A39: 吴江区 | B39: =SUM(C39:F39) -> 30 | C39: 16 | E39: 14
A40: 吴中区 | B40: =SUM(C40:F40) -> 56 | C40: 51 | E40: 5
A41: 相城区 | B41: =SUM(C41:F41) -> 3 | C41: 3
A42: 张家港市 | B42: =SUM(C42:F42) -> 6 | C42: 6
A43: 常熟市 | B43: =SUM(C43:F43) -> 17 | C43: 9 | E43: 8
A44: 太仓市 | B44: =SUM(C44:F44) -> 10 | C44: 3 | E44: 7
A45: 昆山市 | B45: =SUM(C45:F45) -> 16 | C45: 6 | E45: 10
A46: 南通市 | B46: =SUM(C46:F46) -> 25 | C46: =SUM(C47:C52) -> 19 | D46: =SUM(D47:D52) -> 0 | E46: =SUM(E47:E52) -> 6 | F46: =SUM(F47:F52) -> 0
A47: 南通市本级 | B47: =SUM(C47:F47) -> 5 | C47: 5
A48: 通州区 | B48: =SUM(C48:F48) -> 1 | C48: 1
A49: 海门区 | B49: =SUM(C49:F49) -> 3 | C49: 3
A50: 海安市 | B50: =SUM(C50:F50) -> 8 | C50: 2 | E50: 6
A51: 如皋市 | B51: =SUM(C51:F51) -> 3 | C51: 3
A52: 启东市 | B52: =SUM(C52:F52) -> 5 | C52: 5
A53: 连云港市 | B53: =SUM(C53:F53) -> 40 | C53: =SUM(C54:C59) -> 40 | D53: =SUM(D54:D59) -> 0 | E53: =SUM(E54:E59) -> 0 | F53: =SUM(F54:F59) -> 0
A54: 连云港市本级 | B54: =SUM(C54:F54) -> 2 | C54: 2
A55: 赣榆区 | B55: =SUM(C55:F55) -> 11 | C55: 11
A56: 海州区 | B56: =SUM(C56:F56) -> 6 | C56: 6
A57: 东海县 | B57: =SUM(C57:F57) -> 3 | C57: 3
A58: 灌云县 | B58: =SUM(C58:F58) -> 10 | C58: 10
A59: 灌南县 | B59: =SUM(C59:F59) -> 8 | C59: 8
A60: 淮安市 | B60: =SUM(C60:F60) -> 7229 | C60: =SUM(C61:C67) -> 126 | D60: =SUM(D61:D67) -> 0 | E60: =SUM(E61:E67) -> 0 | F60: =SUM(F61:F67) -> 7103
A61: 淮安区 | B61: =SUM(C61:F61) -> 25 | C61: 25
A62: 淮阴区 | B62: =SUM(C62:F62) -> 13 | C62: 13
A63: 清江浦区 | B63: =SUM(C63:F63) -> 12 | C63: 12
A64: 洪泽区 | B64: =SUM(C64:F64) -> 5722 | C64: 24 | F64: 5698
A65: 金湖县 | B65: =SUM(C65:F65) -> 23 | C65: 23
A66: 盱眙县 | B66: =SUM(C66:F66) -> 1428 | C66: 23 | F66: 1405
A67: 涟水县 | B67: =SUM(C67:F67) -> 6 | C67: 6
A68: 盐城市 | B68: =SUM(C68:F68) -> 250 | C68: =SUM(C69:C77) -> 95 | D68: =SUM(D69:D77) -> 0 | E68: =SUM(E69:E77) -> 155 | F68: =SUM(F69:F77) -> 0
A69: 大丰区 | B69: =SUM(C69:F69) -> 53 | C69: 5 | E69: 48
A70: 盐都区 | B70: =SUM(C70:F70) -> 49 | C70: 2 | E70: 47
A71: 亭湖区 | B71: =SUM(C71:F71) -> 6 | C71: 6
A72: 东台市 | B72: =SUM(C72:F72) -> 36 | C72: 11 | E72: 25
A73: 建湖县 | B73: =SUM(C73:F73) -> 24 | C73: 6 | E73: 18
A74: 射阳县 | B74: =SUM(C74:F74) -> 1 | C74: 1
A75: 阜宁县 | B75: =SUM(C75:F75) -> 39 | C75: 22 | E75: 17
A76: 滨海县 | B76: =SUM(C76:F76) -> 31 | C76: 31
A77: 响水县 | B77: =SUM(C77:F77) -> 11 | C77: 11
A78: 扬州市 | B78: =SUM(C78:F78) -> 107 | C78: =SUM(C79:C84) -> 83 | D78: =SUM(D79:D84) -> 0 | E78: =SUM(E79:E84) -> 24 | F78: =SUM(F79:F84) -> 0
A79: 江都区 | B79: =SUM(C79:F79) -> 23 | C79: 17 | E79: 6
A80: 邗江区 | B80: =SUM(C80:F80) -> 6 | C80: 6
A81: 广陵区 | B81: =SUM(C81:F81) -> 12 | C81: 12
A82: 宝应县 | B82: =SUM(C82:F82) -> 30 | C82: 18 | E82: 12
A83: 高邮市 | B83: =SUM(C83:F83) -> 33 | C83: 27 | E83: 6
A84: 仪征市 | B84: =SUM(C84:F84) -> 3 | C84: 3
A85: 镇江市 | B85: =SUM(C85:F85) -> 44 | C85: =SUM(C86:C90) -> 27 | D85: =SUM(D86:D90) -> 0 | E85: =SUM(E86:E90) -> 17 | F85: =SUM(F86:F90) -> 0
A86: 镇江市本级 | B86: =SUM(C86:F86) -> 7 | C86: 7
A87: 丹徒区 | B87: =SUM(C87:F87) -> 11 | C87: 4 | E87: 7
A88: 丹阳市 | B88: =SUM(C88:F88) -> 17 | C88: 7 | E88: 10
A89: 句容市 | B89: =SUM(C89:F89) -> 1 | C89: 1
A90: 扬中市 | B90: =SUM(C90:F90) -> 8 | C90: 8
A91: 泰州市 | B91: =SUM(C91:F91) -> 102 | C91: =SUM(C92:C97) -> 28 | D91: =SUM(D92:D97) -> 0 | E91: =SUM(E92:E97) -> 74 | F91: =SUM(F92:F97) -> 0
A92: 海陵区 | B92: =SUM(C92:F92) -> 9 | C92: 4 | E92: 5
A93: 医药高新区 | B93: =SUM(C93:F93) -> 3 | C93: 3
A94: 姜堰区 | B94: =SUM(C94:F94) -> 14 | C94: 3 | E94: 11
A95: 靖江市 | B95: =SUM(C95:F95) -> 7 | C95: 7
A96: 泰兴市 | B96: =SUM(C96:F96) -> 3 | C96: 3
A97: 兴化市 | B97: =SUM(C97:F97) -> 66 | C97: 8 | E97: 58
A98: 宿迁市 | B98: =SUM(C98:F98) -> 1185 | C98: =SUM(C99:C103) -> 88 | D98: =SUM(D99:D103) -> 0 | E98: =SUM(E99:E103) -> 0 | F98: =SUM(F99:F103) -> 1097
A99: 宿豫区 | B99: =SUM(C99:F99) -> 15 | C99: 15
A100: 宿城区 | B100: =SUM(C100:F100) -> 7 | C100: 7
...

Sheet 附件3-4-2
A1: 附件3-4-2
A2: 2026年省级水利建设和发展专项资金（第一批水利发展） 省本级明细表（河湖管理与保护）
C3: 单位：万元
A4: 序号 | B4: 项目名称 | C4: 本次下达 | D4: 备 注
B5: 省级合计 | C5: =SUM(C6,C8,C10,C12,C16,C18,C20,C24,C27,C29,C45,C31) -> 3900
A6: 一 | B6: 省骆运水利工程管理处 | C6: =SUM(C7:C7) -> 20
A7: 1 | B7: 骆马湖等流域性河湖监督巡查处置 | C7: =[1]资金分配明细表到项目!C116 -> 20
A8: 二 | B8: 省淮沭新河管理处 | C8: =SUM(C9:C9) -> 20
A9: 1 | B9: 流域性河道管理、监督巡查处置 | C9: =[1]资金分配明细表到项目!C127 -> 20
A10: 三 | B10: 省灌溉总渠管理处 | C10: =SUM(C11:C11) -> 20
A11: 1 | B11: 白马湖、宝应湖等流域性河湖监督巡查处置 | C11: =[1]资金分配明细表到项目!C145 -> 20
A12: 四 | B12: 省洪泽湖水利工程管理处 | C12: =SUM(C13:C15) -> 240
A13: 1 | B13: 洪泽湖等流域性河湖监督巡查处置 | C13: =[1]资金分配明细表到项目!C156 -> 140
A14: 2 | B14: 洪泽湖年度退圩还湖任务监督性测量与评估 | C14: =[1]资金分配明细表到项目!D156 -> 30
A15: 3 | B15: 国家级蓄滞洪区年度动态监测 | C15: =[1]资金分配明细表到项目!E156 -> 70
A16: 五 | B16: 省江都水利工程管理处 | C16: =SUM(C17:C17) -> 20
A17: 1 | B17: 高邮湖、邵伯湖等流域性河湖监督巡查处置 | C17: =[1]资金分配明细表到项目!C162 -> 20
A18: 六 | B18: 省秦淮河水利工程管理处 | C18: =SUM(C19) -> 20
B19: 石臼湖、固城湖、秦淮河等流域性河湖监督巡查处置 | C19: =[1]资金分配明细表到项目!C167 -> 20
A20: 七 | B20: 省太湖地区水利工程管理处 | C20: =SUM(C21:C23) -> 320
A21: 1 | B21: 太湖等流域性河湖监督巡查处置 | C21: =[1]资金分配明细表到项目!C170 -> 50
A22: 2 | B22: 太湖流域水面漂浮物视频监控 | C22: =[1]资金分配明细表到项目!O170 -> 200 | D22: 项目总金额600万元，已安排400万元。
A23: 3 | B23: 利用盐碱地等土壤改良途径解决清淤淤泥出路的技术方案编制及淤泥利用试点检测评估 | C23: =[1]资金分配明细表到项目!N170 -> 70
A24: 八 | B24: 省泰州引江河管理处 | C24: =SUM(C25:C26) -> 163
A25: 1 | B25: 里下河湖区等流域性河湖监督巡查处置 | C25: =[1]资金分配明细表到项目!C173 -> 20
A26: 2 | B26: 里下河地区重点河湖水面漂浮物视频监控 | C26: =[1]资金分配明细表到项目!P173 -> 143
A27: 九 | B27: 省灌溉动力管理一处 | C27: =C28 -> 10
A28: 1 | B28: 里下河湖区等流域性河湖监督巡查处置 | C28: =[1]资金分配明细表到项目!C174 -> 10
A29: 十 | B29: 省防汛防旱抢险中心 | C29: =SUM(C30:C30) -> 20
A30: 1 | B30: 长江岸线监督巡查处置 | C30: =[1]资金分配明细表到项目!C175 -> 20
A31: 十一 | B31: 省水文局 | C31: =SUM(C32:C44) -> 820
A32: 1 | B32: 省水文局南京分局 | C32: =[1]资金分配明细表到项目!J183 -> 60 | D32: 重点河湖健康状况监测
A33: 2 | B33: 省水文局无锡分局 | C33: =[1]资金分配明细表到项目!J184 -> 110 | D33: 重点河湖健康状况监测
A34: 3 | B34: 省水文局徐州分局 | C34: =[1]资金分配明细表到项目!J185 -> 54 | D34: 重点河湖健康状况监测
A35: 4 | B35: 省水文局常州分局 | C35: =[1]资金分配明细表到项目!J186 -> 80 | D35: 重点河湖健康状况监测
A36: 5 | B36: 省水文局苏州分局 | C36: =[1]资金分配明细表到项目!J187 -> 72 | D36: 重点河湖健康状况监测
A37: 6 | B37: 省水文局南通分局 | C37: =[1]资金分配明细表到项目!J188 -> 40 | D37: 重点河湖健康状况监测
A38: 7 | B38: 省水文局连云港分局 | C38: =[1]资金分配明细表到项目!J189 -> 42 | D38: 重点河湖健康状况监测
A39: 8 | B39: 省水文局淮安分局 | C39: =[1]资金分配明细表到项目!J190 -> 65 | D39: 重点河湖健康状况监测
A40: 9 | B40: 省水文局盐城分局 | C40: =[1]资金分配明细表到项目!J191 -> 66 | D40: 重点河湖健康状况监测
A41: 10 | B41: 省水文局扬州分局 | C41: =[1]资金分配明细表到项目!J192 -> 60 | D41: 重点河湖健康状况监测
A42: 11 | B42: 省水文局镇江分局 | C42: =[1]资金分配明细表到项目!J193 -> 50 | D42: 重点河湖健康状况监测
A43: 12 | B43: 省水文局泰州分局 | C43: =[1]资金分配明细表到项目!J194 -> 51 | D43: 重点河湖健康状况监测
A44: 13 | B44: 省水文局宿迁分局 | C44: =[1]资金分配明细表到项目!J195 -> 70 | D44: 重点河湖健康状况监测
A45: 十二 | B45: 省水科院 | C45: =SUM(C46:C52) -> 2227
A46: 1 | B46: 骨干河湖涉河建设项目监督性检查及跟踪复核 | C46: =[1]资金分配明细表到项目!F200 -> 100
A47: 2 | B47: 全省水域面积监测监管 | C47: =[1]资金分配明细表到项目!I200 -> 300 | D47: 含2025年尾款200万元。
A48: 3 | B48: 重点河湖水域岸线利用变化遥感动态监测 | C48: =[1]资金分配明细表到项目!H200 -> 840
A49: 4 | B49: 退圩还湖实施及完成情况复核、河湖管理范围补充完善等 | C49: =[1]资金分配明细表到项目!G200 -> 80
A50: 5 | B50: 重点河湖健康状况调查评估 | C50: =[1]资金分配明细表到项目!K200 -> 550 | D50: 含2025年尾款150万元。
A51: 6 | B51: 重点河湖岸线保护利用监测与年度评估 | C51: 180
A52: 7 | B52: 太湖滆湖清淤省级监督性检测核查和评估 | C52: =[1]资金分配明细表到项目!M200 -> 177

Sheet 附件3-5
A1: 附件3-5
A2: 2026年省级水利建设和发展专项资金 （第一批水利发展）明细表 （长江河道监测）
C3: 单位：万元
A4: 序号 | B4: 地 区 | C4: 资 金
A5: 合 计 | C5: =SUM(C6,C27) -> 1000
A6: 市县小计 | C6: =SUM(C7,C9,C13,C16,C19,C23) -> 420
A7: 一 | B7: 常州市 | C7: =SUM(C8) -> 14
A8: 1 | B8: 市本级 | C8: 14
A9: 二 | B9: 苏州市 | C9: =SUM(C10:C12) -> 105
A10: 1 | B10: 张家港市 | C10: 25
A11: 2 | B11: 常熟市 | C11: 16
A12: 3 | B12: 太仓市 | C12: 64
A13: 三 | B13: 南通市 | C13: =SUM(C14:C15) -> 56
A14: 1 | B14: 市本级 | C14: 40
A15: 2 | B15: 如皋市 | C15: 16
A16: 四 | B16: 扬州市 | C16: =SUM(C17:C18) -> 62
A17: 1 | B17: 市本级 | C17: 50
A18: 2 | B18: 仪征市 | C18: 12
A19: 五 | B19: 镇江市 | C19: =SUM(C20:C22) -> 122
A20: 1 | B20: 市本级 | C20: 58
A21: 2 | B21: 丹阳市 | C21: 5
A22: 3 | B22: 扬中市 | C22: 59
A23: 六 | B23: 泰州市 | C23: =SUM(C24:C26) -> 61
A24: 1 | B24: 市本级 | C24: 8
A25: 2 | B25: 靖江市 | C25: 43
A26: 3 | B26: 泰兴市 | C26: 10
A27: 省级小计 | C27: =SUM(C28) -> 580
A28: 一 | B28: 省河道管理局 | C28: =SUM(C29) -> 580
A29: 1 | B29: 长江干流河道固定断面水沙监测 | C29: 580

Sheet 附件3-6
A1: 附件3-6
A2: 2026年省级水利建设和发展专项资金（第一批水利发展）明细表 （水资源管理与保护）
G3: 单位：万元
A4: 地 区 | B4: 合计 | C4: 水资源 管理 | D4: 水资源 配置 | E4: 水资源 保护 | F4: 水资源 监测 | G4: 备注
A5: 合 计 | B5: =SUM(C5:F5) -> 6739 | C5: =SUM(C6,C57) -> 2033 | D5: =SUM(D6,D57) -> 305 | E5: =SUM(E6,E57) -> 1532 | F5: =SUM(F6,F57) -> 2869
A6: 市县小计 | B6: =SUM(C6:F6) -> 2640 | C6: =SUM(C7,C10,C15,C20,C24,C28,C33,C36,C39,C48,C51,C53,C55) -> 1400 | D6: =SUM(D7,D10,D15,D20,D24,D28,D33,D36,D39,D48,D51,D53,D55) -> 40 | E6: =SUM(E7,E10,E15,E20,E24,E28,E33,E36,E39,E48,E51,E53,E55) -> 1200 | F6: =SUM(F7,F10,F15,F20,F24,F28,F33,F36,F39,F48,F51,F53,F55) -> 0
A7: 南京市 | B7: =SUM(C7:F7) -> 180 | C7: =SUM(C8:C9) -> 120 | D7: =SUM(D8:D9) -> 0 | E7: =SUM(E8:E9) -> 60 | F7: =SUM(F8:F9) -> 0
A8: 南京市本级 | B8: =SUM(C8:F8) -> 170 | C8: 120 | E8: 50 | G8: 最严格水资源管理考核120万元；典型地区地下水储备制度落实10万元；秦淮区母亲河复苏行动40万元
A9: 江宁区 | B9: =SUM(C9:F9) -> 10 | E9: 10 | G9: 典型地区地下水储备制度落实10万元
A10: 无锡市 | B10: =SUM(C10:F10) -> 170 | C10: =SUM(C11:C14) -> 100 | D10: =SUM(D11:D14) -> 0 | E10: =SUM(E11:E14) -> 70 | F10: =SUM(F11:F14) -> 0
A11: 无锡市本级 | B11: =SUM(C11:F11) -> 100 | C11: 100 | G11: 最严格水资源管理考核100万元
A12: 锡山区 | B12: =SUM(C12:F12) -> 10 | E12: 10 | G12: 典型地区地下水储备制度落实10万元
A13: 江阴市 | B13: =SUM(C13:F13) -> 40 | E13: 40 | G13: 母亲河复苏行动40万元
A14: 宜兴市 | B14: =SUM(C14:F14) -> 20 | E14: 20 | G14: 典型地区地热水更新能力调查与分析试点20万元
A15: 徐州市 | B15: =SUM(C15:F15) -> 279 | C15: =SUM(C16:C19) -> 100 | D15: =SUM(D16:D19) -> 40 | E15: =SUM(E16:E19) -> 139 | F15: =SUM(F16:F19) -> 0
A16: 徐州市本级 | B16: =SUM(C16:F16) -> 180 | C16: 100 | D16: 40 | E16: 40 | G16: 最严格水资源管理考核100万元；母亲河复苏行动40万元；南四湖流域水资源配置论证40万元
A17: 铜山区 | B17: =SUM(C17:F17) -> 10 | E17: 10 | G17: 地下水超采综合治理10万元
A18: 丰县 | B18: =SUM(C18:F18) -> 50 | E18: 50 | G18: 地下水超采综合治理50万元
A19: 沛县 | B19: =SUM(C19:F19) -> 39 | E19: 39 | G19: 地下水超采综合治理39万元
A20: 常州市 | B20: =SUM(C20:F20) -> 200 | C20: =SUM(C21:C23) -> 100 | D20: =SUM(D21:D23) -> 0 | E20: =SUM(E21:E23) -> 100 | F20: =SUM(F21:F23) -> 0
A21: 常州市本级 | B21: =SUM(C21:F21) -> 100 | C21: 100 | G21: 最严格水资源管理考核100万元
A22: 武进区 | B22: =SUM(C22:F22) -> 80 | E22: 80 | G22: 母亲河复苏行动资金80万元
A23: 溧阳市 | B23: =SUM(C23:F23) -> 20 | E23: 20 | G23: 典型地区地热水更新能力调查与分析试点20万元
A24: 苏州市 | B24: =SUM(C24:F24) -> 200 | C24: =SUM(C25:C27) -> 120 | D24: =SUM(D25:D27) -> 0 | E24: =SUM(E25:E27) -> 80 | F24: =SUM(F25:F27) -> 0
A25: 苏州市本级 | B25: =SUM(C25:F25) -> 120 | C25: 120 | G25: 最严格水资源管理考核120万元
A26: 张家港市 | B26: =SUM(C26:F26) -> 20 | E26: 20 | G26: 典型地区地热水更新能力调查与分析试点20万元
A27: 常熟市 | B27: =SUM(C27:F27) -> 60 | E27: 60 | G27: 母亲河复苏行动资金40万元；典型地区地热水更新能力调查与分析试点20万元
A28: 南通市 | B28: =SUM(C28:F28) -> 237 | C28: =SUM(C29:C32) -> 100 | D28: =SUM(D29:D32) -> 0 | E28: =SUM(E29:E32) -> 137 | F28: =SUM(F29:F32) -> 0
A29: 南通市本级 | B29: =SUM(C29:F29) -> 120 | C29: 100 | E29: 20 | G29: 最严格水资源管理考核100万元；典型地区地热水更新能力调查与分析试点20万元
A30: 海安市 | B30: =SUM(C30:F30) -> 17 | E30: 17 | G30: 地下水超采综合治理17万元
A31: 如皋市 | B31: =SUM(C31:F31) -> 65 | E31: 65 | G31: 母亲河复苏行动资金40万元；地下水超采综合治理25万元
A32: 如东县 | B32: =SUM(C32:F32) -> 35 | E32: 35 | G32: 地下水超采综合治理35万元
A33: 连云港市 | B33: =SUM(C33:F33) -> 150 | C33: =SUM(C34:C35) -> 100 | D33: =SUM(D34:D35) -> 0 | E33: =SUM(E34:E35) -> 50 | F33: =SUM(F34:F35) -> 0
A34: 连云港市本级 | B34: =SUM(C34:F34) -> 140 | C34: 100 | E34: 40 | G34: 最严格水资源管理考核100万元；母亲河复苏行动资金40万元
A35: 灌云县 | B35: =SUM(C35:F35) -> 10 | E35: 10 | G35: 典型地区地下水储备制度落实10万元
A36: 淮安市 | B36: =SUM(C36:F36) -> 170 | C36: =SUM(C37:C38) -> 120 | D36: =SUM(D37:D38) -> 0 | E36: =SUM(E37:E38) -> 50 | F36: =SUM(F37:F38) -> 0
A37: 淮安市本级 | B37: =SUM(C37:F37) -> 160 | C37: 120 | E37: 40 | G37: 最严格水资源管理考核120万元；母亲河复苏行动资金40万元
A38: 清江浦区 | B38: =SUM(C38:F38) -> 10 | E38: 10 | G38: 典型地区地下水储备制度落实10万元
A39: 盐城市 | B39: =SUM(C39:F39) -> 424 | C39: =SUM(C40:C47) -> 120 | D39: =SUM(D40:D47) -> 0 | E39: =SUM(E40:E47) -> 304 | F39: =SUM(F40:F47) -> 0
A40: 盐城市本级 | B40: =SUM(C40:F40) -> 200 | C40: 120 | E40: =60+20 -> 80 | G40: 最严格水资源管理考核120万元；母亲河复苏行动资金60万元；典型地区地热水更新能力调查与分析试点20万元
A41: 大丰区 | B41: =SUM(C41:F41) -> 37 | E41: 37 | G41: 地下水超采综合治理37万元
A42: 盐都区 | B42: =SUM(C42:F42) -> 15 | E42: 15 | G42: 地下水超采综合治理15万元
A43: 亭湖区 | B43: =SUM(C43:F43) -> 34 | E43: 34 | G43: 地下水超采综合治理24万元；典型地区地下水储备制度落实10万元
A44: 东台市 | B44: =SUM(C44:F44) -> 44 | E44: 44 | G44: 地下水超采综合治理34万元；典型地区地下水储备制度落实10万元
A45: 射阳县 | B45: =SUM(C45:F45) -> 43 | E45: 43 | G45: 地下水超采综合治理43万元
A46: 滨海县 | B46: =SUM(C46:F46) -> 21 | E46: 21 | G46: 地下水超采综合治理21万元
A47: 响水县 | B47: =SUM(C47:F47) -> 30 | E47: 30 | G47: 地下水超采综合治理30万元
A48: 扬州市 | B48: =SUM(C48:F48) -> 140 | C48: =SUM(C49:C50) -> 100 | D48: =SUM(D49:D50) -> 0 | E48: =SUM(E49:E50) -> 40 | F48: =SUM(F49:F50) -> 0
A49: 扬州市本级 | B49: =SUM(C49:F49) -> 100 | C49: 100 | G49: 最严格水资源管理考核100万元
A50: 宝应县 | B50: =SUM(C50:F50) -> 40 | E50: 40 | G50: 母亲河复苏行动资金40万元
A51: 镇江市 | B51: =SUM(C51:F51) -> 140 | C51: =SUM(C52:C52) -> 100 | D51: =SUM(D52:D52) -> 0 | E51: =SUM(E52:E52) -> 40
A52: 镇江市本级 | B52: =SUM(C52:F52) -> 140 | C52: 100 | E52: 40 | G52: 最严格水资源管理考核100万元；母亲河复苏行动资金40万元
A53: 泰州市 | B53: =SUM(C53:F53) -> 200 | C53: =SUM(C54:C54) -> 120 | D53: =SUM(D54:D54) -> 0 | E53: =SUM(E54:E54) -> 80
A54: 泰州市本级 | B54: =SUM(C54:F54) -> 200 | C54: 120 | E54: =60+20 -> 80 | G54: 最严格水资源管理考核120万元；母亲河复苏行动资金60万元；典型地区地热水更新能力调查与分析试点20万元
A55: 宿迁市 | B55: =SUM(C55:F55) -> 150 | C55: =SUM(C56:C56) -> 100 | D55: =SUM(D56:D56) -> 0 | E55: =SUM(E56:E56) -> 50
A56: 宿迁市本级 | B56: =SUM(C56:F56) -> 150 | C56: 100 | E56: =40+10 -> 50 | G56: 最严格水资源管理考核100万元；母亲河复苏行动资金40万元；典型地区地下水储备制度落实10万元
A57: 省级小计 | B57: =SUM(C57:F57) -> 4099 | C57: =SUM(C58,C60,C80,C88,C92,C98) -> 633 | D57: =SUM(D58,D60,D80,D88,D92,D98) -> 265 | E57: =SUM(E58,E60,E80,E88,E92,E98) -> 332 | F57: =SUM(F58,F60,F80,F88,F92,F98) -> 2869
A58: 省南调局 | B58: =SUM(C58:F58) -> 60 | C58: =SUM(C59) -> 0 | D58: =SUM(D59) -> 60 | E58: =SUM(E59) -> 0 | F58: =SUM(F59) -> 0
B59: =SUM(C59:F59) -> 60 | D59: 60 | G59: 江苏南水北调受水区增供水量测算
A60: 省水文局 | B60: =SUM(C60:F60) -> 2728 | C60: =SUM(C61:C79) -> 0 | D60: =SUM(D61:D79) -> 0 | E60: =SUM(E61:E79) -> 0 | F60: =SUM(F61:F79) -> 2728
A61: 省水文局本级 | B61: =SUM(C61:F61) -> 14 | F61: 14 | G61: 水资源管理与保护（省水文局）调水线路水质自动站运维尾款
B62: =SUM(C62:F62) -> 27 | F62: 27 | G62: 水资源管理与保护（省水文局）lims水质信息管理系统运维
B63: =SUM(C63:F63) -> 65 | F63: 65 | G63: 水资源管理与保护（省水文局）水资源工作经费
B64: =SUM(C64:F64) -> 6 | F64: 6 | G64: 取用水领域信用评价第三方技术核查
B65: =SUM(C65:F65) -> 300 | F65: 300 | G65: 地下水超采区监测站补充建设、泉水调查及泉水监测站网规划布设
A66: 省水文局南京分局 | B66: =SUM(C66:F66) -> 154 | F66: 154 | G66: 2026年水文水资源勘测监测、取用水领域信用评价第三方技术核查、河湖和水利工程生态水位（流量）监测分析、径流小区运维、水质及地下水监测设备更新和能力提升
A67: 省水文局无锡分局 | B67: =SUM(C67:F67) -> 98 | F67: 98 | G67: 2026年水文水资源勘测监测、取用水领域信用评价第三方技术核查、河湖和水利工程生态水位（流量）监测分析、径流小区运维、水质及地下水监测设备更新和能力提升
A68: 省水文局徐州分局 | B68: =SUM(C68:F68) -> 145 | F68: 145 | G68: 2026年水文水资源勘测监测、取用水领域信用评价第三方技术核查、河湖和水利工程生态水位（流量）监测分析、径流小区运维、水质及地下水监测设备更新和能力提升、水质自动站运维
A69: 省水文局常州分局 | B69: =SUM(C69:F69) -> 78 | F69: 78 | G69: 2026年水文水资源勘测监测、取用水领域信用评价第三方技术核查、河湖和水利工程生态水位（流量）监测分析、径流小区运维、水质及地下水监测设备更新和能力提升、水质自动站运维
A70: 省水文局苏州分局 | B70: =SUM(C70:F70) -> 137 | F70: 137 | G70: 2026年水文水资源勘测监测、取用水领域信用评价第三方技术核查、河湖和水利工程生态水位（流量）监测分析、径流小区运维、水质及地下水监测设备更新和能力提升
A71: 省水文局南通分局 | B71: =SUM(C71:F71) -> 96 | F71: 96 | G71: 2026年水文水资源勘测监测、取用水领域信用评价第三方技术核查、河湖和水利工程生态水位（流量）监测分析、径流小区运维、水质及地下水监测设备更新和能力提升
A72: 省水文局连云港分局 | B72: =SUM(C72:F72) -> 88 | F72: 88 | G72: 2026年水文水资源勘测监测、取用水领域信用评价第三方技术核查、河湖和水利工程生态水位（流量）监测分析、径流小区运维、水质及地下水监测设备更新和能力提升
A73: 省水文局淮安分局 | B73: =SUM(C73:F73) -> 115 | F73: 115 | G73: 2026年水文水资源勘测监测、取用水领域信用评价第三方技术核查、河湖和水利工程生态水位（流量）监测分析、径流小区运维、水质及地下水监测设备更新和能力提升
A74: 省水文局盐城分局 | B74: =SUM(C74:F74) -> 112 | F74: 112 | G74: 2026年水文水资源勘测监测、取用水领域信用评价第三方技术核查、河湖和水利工程生态水位（流量）监测分析、径流小区运维、水质及地下水监测设备更新和能力提升、水质自动站运维
A75: 省水文局扬州分局 | B75: =SUM(C75:F75) -> 100 | F75: 100 | G75: 2026年水文水资源勘测监测、取用水领域信用评价第三方技术核查、河湖和水利工程生态水位（流量）监测分析、径流小区运维、水质及地下水监测设备更新和能力提升
A76: 省水文局镇江分局 | B76: =SUM(C76:F76) -> 102 | F76: 102 | G76: 2026年水文水资源勘测监测、取用水领域信用评价第三方技术核查、河湖和水利工程生态水位（流量）监测分析、径流小区运维、水质及地下水监测设备更新和能力提升、水质自动站运维
A77: 省水文局泰州分局 | B77: =SUM(C77:F77) -> 88 | F77: 88 | G77: 2026年水文水资源勘测监测、取用水领域信用评价第三方技术核查、河湖和水利工程生态水位（流量）监测分析、径流小区运维、水质及地下水监测设备更新和能力提升、水质自动站运维
... A79: 省水利数据中心 | B79: =SUM(C79:F79) -> 890 | F79: 890 | G79: 水资源仪器设备购置与安装
A80: 省水资源服务中心 | B80: =SUM(C80:F80) -> 375 | C80: =SUM(C81:C87) -> 57 | D80: =SUM(D81:D87) -> 56 | E80: =SUM(E81:E87) -> 121 | F80: =SUM(F81:F87) -> 141
B81: =SUM(C81:F81) -> 57 | C81: 57 | G81: 全省水资源税改革试点实施效应第三方核查
B82: =SUM(C82:F82) -> 7 | D82: 7 | G82: 水资源公报编制与生态用水量调查分析
B83: =SUM(C83:F83) -> 80 | E83: 80 | G83: 集中式饮用水水源地保护技术支撑
B84: =SUM(C84:F84) -> 41 | E84: 41 | G84: 地下水保护技术支撑
A85: 省水资源服务中心 | B85: =SUM(C85:F85) -> 49 | D85: 49 | G85: 重点河湖用水预测及用水方案分析
B86: =SUM(C86:F86) -> 48 | F86: 48 | G86: 农业灌区渠首监测站、水源地水质共享平台监测站巡查及故障应急响应
B87: =SUM(C87:F87) -> 93 | F87: 93 | G87: 取用水监测站点采集数据处理及复核
A88: 省水利厅机关 | B88: =SUM(C88:F88) -> 336 | C88: =SUM(C89:C91) -> 187 | D88: =SUM(D89:D91) -> 149 | E88: =SUM(E89:E91) -> 0 | F88: =SUM(F89:F91) -> 0
B89: =SUM(C89:F89) -> 97 | C89: 97 | G89: 最严格水资源管理制度（水资源刚性约束制度）落实情况第三方技术支撑与核查
B90: =SUM(C90:F90) -> 90 | C90: 90 | G90: 全省取用水计量设施第三方技术支撑与比测校准
B91: =SUM(C91:F91) -> 149 | D91: 149 | G91: 用水统计直报资料第三方核查
A92: 省水利科学研究院 | B92: =SUM(C92:F92) -> 565 | C92: =SUM(C93:C97) -> 354 | D92: =SUM(D93:D97) -> 0 | E92: =SUM(E93:E97) -> 211 | F92: =SUM(F93:F97) -> 0
B93: =SUM(C93:F93) -> 270 | C93: 270 | G93: 水资源遥感监测与应用（灌区实灌面积复核、母亲河、水源地、非法取用地表水等遥感排查监测）
B94: =SUM(C94:F94) -> 84 | E94: 84 | G94: 2026年母亲河复苏行动实施及效果技术核查与评估
B95: =SUM(C95:F95) -> 127 | E95: 127 | G95: 生态水位（流量）管控保障技术复核与评估
B96: =SUM(C96:F96) -> 44 | C96: 44 | G96: 县域水资源管理规范化技术核查
B97: =SUM(C97:F97) -> 40 | C97: 40 | G97: 水资源区域论证后评估
A98: 省太湖地区水利工程管理处 | B98: =SUM(C98:F98) -> 35 | C98: =SUM(C99) -> 35 | D98: =SUM(D99) -> 0 | E98: =SUM(E99) -> 0 | F98: =SUM(F99) -> 0
B99: =SUM(C99:F99) -> 35 | C99: 35 | G99: 常熟枢纽扩大取水水资源论证报告编制

Sheet 附件3-7
A1: 附件3-7
A2: 2026年省级水利建设和发展专项资金（第一批水利发展） 明细表(节约用水管理)
E3: 单位：万元
A4: 地 区 | B4: 小计 | C4: 水效提升 奖补 | D4: 绩效考核及节水产业园区等奖补 | E4: 备注
A5: 全省合计 | B5: =SUM(B6,B117) -> 3500 | C5: =SUM(C6) -> 2265 | D5: =SUM(D6) -> 735
A6: 市县小计 | B6: =SUM(C6:D6) -> 3000 | C6: =SUM(C7,C17,C25,C34,C41,C50,C59,C67,C76,C87,C95,C102,C110) -> 2265 | D6: =SUM(D7,D17,D25,D34,D41,D50,D59,D67,D76,D87,D95,D102,D110) -> 735
A7: 南京市 | B7: =SUM(C7:D7) -> 245 | C7: =SUM(C8:C16) -> 200 | D7: =SUM(D8:D15) -> 45
A8: 南京市本级 | B8: =SUM(C8:D8) -> 45 | D8: 45
A9: 雨花台区 | B9: =SUM(C9:D9) -> 100 | C9: 100
A10: 江宁区 | B10: =SUM(C10:D10) -> 0
A11: 浦口区 | B11: =SUM(C11:D11) -> 0
A12: 六合区 | B12: =SUM(C12:D12) -> 0
A13: 溧水区 | B13: =SUM(C13:D13) -> 0
A14: 高淳区 | B14: =SUM(C14:D14) -> 0
A15: 栖霞区 | B15: =SUM(C15:D15) -> 0
A16: 江北新区 | B16: =SUM(C16:D16) -> 100 | C16: 100
A17: 无锡市 | B17: =SUM(C17:D17) -> 360 | C17: =SUM(C18:C24) -> 220 | D17: =SUM(D18:D24) -> 140
A18: 无锡市本级 | B18: =SUM(C18:D18) -> 40 | D18: 40
A19: 新吴区 | B19: =SUM(C19:D19) -> 20 | C19: 20
A20: 锡山区 | B20: =SUM(C20:D20) -> 100 | C20: 100
A21: 惠山区 | B21: =SUM(C21:D21) -> 0
A22: 滨湖区 | B22: =SUM(C22:D22) -> 0
A23: 江阴市 | B23: =SUM(C23:D23) -> 0
A24: 宜兴市 | B24: =SUM(C24:D24) -> 200 | C24: 100 | D24: 100 | E24: 节水产业园区奖补
A25: 徐州市 | B25: =SUM(C25:D25) -> 61 | C25: =SUM(C26:C33) -> 21 | D25: =SUM(D26:D33) -> 40
A26: 徐州市本级 | B26: =SUM(C26:D26) -> 59 | C26: 19 | D26: 40
A27: 铜山区 | B27: =SUM(C27:D27) -> 0
A28: 贾汪区 | B28: =SUM(C28:D28) -> 0
A29: 丰县 | B29: =SUM(C29:D29) -> 2 | C29: 2
A30: 沛县 | B30: =SUM(C30:D30) -> 0
A31: 睢宁县 | B31: =SUM(C31:D31) -> 0
A32: 新沂市 | B32: =SUM(C32:D32) -> 0
A33: 邳州市 | B33: =SUM(C33:D33) -> 0
A34: 常州市 | B34: =SUM(C34:D34) -> 161 | C34: =SUM(C35:C40) -> 86 | D34: =SUM(D35:D40) -> 75
A35: 常州市本级 | B35: =SUM(C35:D35) -> 75 | D35: 75 | E35: 节水产业园区奖补30万元
A36: 金坛区 | B36: =SUM(C36:D36) -> 11 | C36: 11
A37: 武进区 | B37: =SUM(C37:D37) -> 0
A38: 新北区 | B38: =SUM(C38:D38) -> 0
A39: 天宁区 | B39: =SUM(C39:D39) -> 75 | C39: 75
A40: 溧阳市 | B40: =SUM(C40:D40) -> 0
A41: 苏州市 | B41: =SUM(C41:D41) -> 584 | C41: =SUM(C42:C49) -> 539 | D41: =SUM(D42:D49) -> 45
A42: 苏州市本级 | B42: =SUM(C42:D42) -> 84 | C42: 39 | D42: 45
A43: 吴江区 | B43: =SUM(C43:D43) -> 32 | C43: 32
A44: 吴中区 | B44: =SUM(C44:D44) -> 100 | C44: 100
A45: 相城区 | B45: =SUM(C45:D45) -> 5 | C45: 5
A46: 张家港市 | B46: =SUM(C46:D46) -> 193 | C46: 193
A47: 常熟市 | B47: =SUM(C47:D47) -> 33 | C47: 33
A48: 太仓市 | B48: =SUM(C48:D48) -> 55 | C48: 55
A49: 昆山市 | B49: =SUM(C49:D49) -> 82 | C49: 82
A50: 南通市 | B50: =SUM(C50:D50) -> 282 | C50: =SUM(C51:C58) -> 242 | D50: =SUM(D51:D58) -> 40
A51: 南通市本级 | B51: =SUM(C51:D51) -> 166 | C51: 126 | D51: 40
A52: 崇川区 | B52: =SUM(C52:D52) -> 90 | C52: 90
A53: 通州区 | B53: =SUM(C53:D53) -> 0
A54: 海门区 | B54: =SUM(C54:D54) -> 0
A55: 海安市 | B55: =SUM(C55:D55) -> 26 | C55: 26
A56: 如皋市 | B56: =SUM(C56:D56) -> 0
A57: 如东县 | B57: =SUM(C57:D57) -> 0
A58: 启东市 | B58: =SUM(C58:D58) -> 0
A59: 连云港市 | B59: =SUM(C59:D59) -> 240 | C59: =SUM(C60:C66) -> 200 | D59: =SUM(D60:D66) -> 40
A60: 连云港市本级 | B60: =SUM(C60:D60) -> 40 | D60: 40
A61: 赣榆区 | B61: =SUM(C61:D61) -> 0
A62: 海州区 | B62: =SUM(C62:D62) -> 0
A63: 连云区 | B63: =SUM(C63:D63) -> 200 | C63: 200
A64: 东海县 | B64: =SUM(C64:D64) -> 0
A65: 灌云县 | B65: =SUM(C65:D65) -> 0
A66: 灌南县 | B66: =SUM(C66:D66) -> 0
A67: 淮安市 | B67: =SUM(C67:D67) -> 59 | C67: =SUM(C68:C75) -> 19 | D67: =SUM(D68:D75) -> 40
A68: 淮安市本级 | B68: =SUM(C68:D68) -> 40 | D68: 40
A69: 淮安区 | B69: =SUM(C69:D69) -> 0
A70: 淮阴区 | B70: =SUM(C70:D70) -> 1 | C70: 1
A71: 清江浦区 | B71: =SUM(C71:D71) -> 0
A72: 洪泽区 | B72: =SUM(C72:D72) -> 0
A73: 金湖县 | B73: =SUM(C73:D73) -> 0
A74: 盱眙县 | B74: =SUM(C74:D74) -> 18 | C74: 18
A75: 涟水县 | B75: =SUM(C75:D75) -> 0
A76: 盐城市 | B76: =SUM(C76:D76) -> 153 | C76: =SUM(C77:C86) -> 108 | D76: =SUM(D77:D86) -> 45
A77: 盐城市本级 | B77: =SUM(C77:D77) -> 45 | D77: 45
A78: 大丰区 | B78: =SUM(C78:D78) -> 0
A79: 盐都区 | B79: =SUM(C79:D79) -> 0
A80: 亭湖区 | B80: =SUM(C80:D80) -> 0
A81: 东台市 | B81: =SUM(C81:D81) -> 0
A82: 建湖县 | B82: =SUM(C82:D82) -> 0
A83: 射阳县 | B83: =SUM(C83:D83) -> 59 | C83: 59
A84: 阜宁县 | B84: =SUM(C84:D84) -> 0
A85: 滨海县 | B85: =SUM(C85:D85) -> 0
A86: 响水县 | B86: =SUM(C86:D86) -> 49 | C86: 49
A87: 扬州市 | B87: =SUM(C87:D87) -> 169 | C87: =SUM(C88:C94) -> 84 | D87: =SUM(D88:D94) -> 85
A88: 扬州市本级 | B88: =SUM(C88:D88) -> 85 | D88: 85 | E88: 节水技术概念验证工作45万元
A89: 江都区 | B89: =SUM(C89:D89) -> 16 | C89: 16
A90: 邗江区 | B90: =SUM(C90:D90) -> 68 | C90: 68
A91: 广陵区 | B91: =SUM(C91:D91) -> 0
A92: 宝应县 | B92: =SUM(C92:D92) -> 0
A93: 高邮市 | B93: =SUM(C93:D93) -> 0
A94: 仪征市 | B94: =SUM(C94:D94) -> 0
A95: 镇江市 | B95: =SUM(C95:D95) -> 102 | C95: =SUM(C96:C101) -> 47 | D95: =SUM(D96:D101) -> 55
A96: 镇江市本级 | B96: =SUM(C96:D96) -> 88 | C96: 33 | D96: 55 | E96: 农业园区节水工作10万元
A97: 京口区 | B97: =SUM(C97:D97) -> 7 | C97: 7
A98: 丹徒区 | B98: =SUM(C98:D98) -> 0
A99: 丹阳市 | B99: =SUM(C99:D99) -> 7 | C99: 7
A100: 句容市 | B100: =SUM(C100:D100) -> 0
...

Sheet 附件3-8-1
A1: 附件3-8-1
A2: 2026年省级水利建设和发展专项资金（第一批水利发展）明细表（河湖采砂及水行政执法管理）
I3: 单位：万元
A4: 地 区 | B4: 合计 | C4: 采砂管理及水行政执法 | G4: 执法基地 | H4: 执法船艇 | I4: 备 注
C5: 小计 | D5: 绩效奖补 | E5: 疏浚砂监管 | F5: 指定 停泊点
A6: 市县小计 | B6: =SUM(C6,G6,H6) -> 2412 | C6: =SUM(D6:F6) -> 1282 | D6: =SUM(D7,D10,D17,D30,D35,D39,D47,D53,D59,D70,D78,D86,D93) -> 1027 | E6: =SUM(E7,E10,E17,E30,E35,E39,E47,E53,E59,E70,E78,E86,E93) -> 235 | F6: =SUM(F7,F10,F17,F30,F35,F39,F47,F53,F59,F70,F78,F86,F93) -> 20 | G6: =SUM(G7,G10,G17,G30,G35,G39,G47,G53,G59,G70,G78,G86,G93) -> 410 | H6: =SUM(H7,H10,H17,H30,H35,H39,H47,H53,H59,H70,H78,H86,H93) -> 720
A7: 南京市 | B7: =SUM(C7,G7,H7) -> 217 | C7: =SUM(D7:F7) -> 47 | D7: =SUM(D8,D9) -> 42 | E7: =SUM(E8,E9) -> 0 | F7: =SUM(F8,F9) -> 5 | G7: =SUM(G8,G9) -> 120 | H7: =SUM(H8,H9) -> 50
A8: 南京市本级 | B8: =SUM(C8,G8,H8) -> 31 | C8: =SUM(D8:F8) -> 31 | D8: 31 | I8: 巡查经费水上公安5万元、长航公安南京分局20万元
A9: 江宁区 | B9: =SUM(C9,G9,H9) -> 186 | C9: =SUM(D9:F9) -> 16 | D9: 11 | F9: 5 | G9: 120 | H9: 50 | I9: 省砂管局执法船运维50万元
A10: 无锡市 | B10: =SUM(C10,G10,H10) -> 357 | C10: =SUM(D10:F10) -> 137 | D10: =SUM(D11:D16) -> 72 | E10: =SUM(E11:E16) -> 60 | F10: =SUM(F11:F16) -> 5 | G10: =SUM(G11:G16) -> 120 | H10: =SUM(H11:H16) -> 100
A11: 无锡市本级 | B11: =SUM(C11,G11,H11) -> 41 | C11: =SUM(D11:F11) -> 41 | D11: 21 | E11: 20 | F11: 0
A12: 锡山区 | B12: =SUM(C12,G12,H12) -> 11 | C12: =SUM(D12:F12) -> 11 | D12: 11
A13: 惠山区 | B13: =SUM(C13,G13,H13) -> 11 | C13: =SUM(D13:F13) -> 11 | D13: 11
A14: 滨湖区 | B14: =SUM(C14,G14,H14) -> 8 | C14: =SUM(D14:F14) -> 8 | D14: 8
A15: 江阴市 | B15: =SUM(C15,G15,H15) -> 176 | C15: =SUM(D15:F15) -> 56 | D15: 11 | E15: 40 | F15: 5 | G15: 120
A16: 宜兴市 | B16: =SUM(C16,G16,H16) -> 110 | C16: =SUM(D16:F16) -> 10 | D16: 10 | H16: 100
A17: 徐州市 | B17: =SUM(C17,G17,H17) -> 382 | C17: =SUM(D17:F17) -> 122 | D17: =SUM(D18:D29) -> 122 | E17: =SUM(E18:E29) -> 0 | F17: =SUM(F18:F29) -> 0 | G17: =SUM(G18:G29) -> 170 | H17: =SUM(H18:H29) -> 90
A18: 徐州市本级 | B18: =SUM(C18,G18,H18) -> 91 | C18: =SUM(D18:F18) -> 21 | D18: 21 | G18: 70
A19: 铜山区 | B19: =SUM(C19,G19,H19) -> 13 | C19: =SUM(D19:F19) -> 8 | D19: 8 | H19: 5
A20: 贾汪区 | B20: =SUM(C20,G20,H20) -> 10 | C20: =SUM(D20:F20) -> 10 | D20: 10
A21: 鼓楼区 | B21: =SUM(C21,G21,H21) -> 11 | C21: =SUM(D21:F21) -> 11 | D21: 11
A22: 云龙区 | B22: =SUM(C22,G22,H22) -> 11 | C22: =SUM(D22:F22) -> 11 | D22: 11
A23: 泉山区 | B23: =SUM(C23,G23,H23) -> 81 | C23: =SUM(D23:F23) -> 11 | D23: 11 | G23: 70
A24: 开发区 | B24: =SUM(C24,G24,H24) -> 8 | C24: =SUM(D24:F24) -> 8 | D24: 8
A25: 丰 县 | B25: =SUM(C25,G25,H25) -> 8 | C25: =SUM(D25:F25) -> 8 | D25: 8
A26: 沛 县 | B26: =SUM(C26,G26,H26) -> 48 | C26: =SUM(D26:F26) -> 8 | D26: 8 | H26: 40
A27: 睢宁县 | B27: =SUM(C27,G27,H27) -> 8 | C27: =SUM(D27:F27) -> 8 | D27: 8
A28: 邳州市 | B28: =SUM(C28,G28,H28) -> 15 | C28: =SUM(D28:F28) -> 10 | D28: 10 | H28: 5
A29: 新沂市 | B29: =SUM(C29,G29,H29) -> 78 | C29: =SUM(D29:F29) -> 8 | D29: 8 | G29: 30 | H29: 40
A30: 常州市 | B30: =SUM(C30,G30,H30) -> 92 | C30: =SUM(D30:F30) -> 52 | D30: =SUM(D31:D34) -> 52 | E30: =SUM(E31:E34) -> 0 | F30: =SUM(F31:F34) -> 0 | G30: =SUM(G31:G34) -> 0 | H30: =SUM(H31:H34) -> 40
A31: 常州市本级 | B31: =SUM(C31,G31,H31) -> 21 | C31: =SUM(D31:F31) -> 21 | D31: 21
A32: 金坛区 | B32: =SUM(C32,G32,H32) -> 10 | C32: =SUM(D32:F32) -> 10 | D32: 10
A33: 武进区 | B33: =SUM(C33,G33,H33) -> 11 | C33: =SUM(D33:F33) -> 11 | D33: 11
A34: 溧阳市 | B34: =SUM(C34,G34,H34) -> 50 | C34: =SUM(D34:F34) -> 10 | D34: 10 | H34: 40
A35: 苏州市 | B35: =SUM(C35,G35,H35) -> 37 | C35: =SUM(D35:F35) -> 37 | D35: =SUM(D36:D38) -> 37 | E35: =SUM(E36:E38) -> 0 | F35: =SUM(F36:F38) -> 0 | G35: =SUM(G36:G38) -> 0 | H35: =SUM(H36:H38) -> 0
A36: 张家港市 | B36: =SUM(C36,G36,H36) -> 21 | C36: =SUM(D36:F36) -> 21 | D36: 21 | I36: 巡查经费长航公安苏州分局10万元
A37: 常熟市 | B37: =SUM(C37,G37,H37) -> 8 | C37: =SUM(D37:F37) -> 8 | D37: 8
A38: 太仓市 | B38: =SUM(C38,G38,H38) -> 8 | C38: =SUM(D38:F38) -> 8 | D38: 8
A39: 南通市 | B39: =SUM(C39,G39,H39) -> 321 | C39: =SUM(D39:F39) -> 181 | D39: =SUM(D40:D46) -> 136 | E39: =SUM(E40:E46) -> 45 | F39: =SUM(F40:F46) -> 0 | G39: =SUM(G40:G46) -> 0 | H39: =SUM(H40:H46) -> 140
A40: 南通市本级 | B40: =SUM(C40,G40,H40) -> 171 | C40: =SUM(D40:F40) -> 101 | D40: 81 | E40: 20 | H40: 70 | I40: 巡查经费长航公安分局10万元、基数含执法装备50万元
A41: 通州区 | B41: =SUM(C41,G41,H41) -> 10 | C41: =SUM(D41:F41) -> 10 | D41: 10
A42: 海门区 | B42: =SUM(C42,G42,H42) -> 98 | C42: =SUM(D42:F42) -> 28 | D42: 8 | E42: 20 | H42: 70
A43: 海安市 | B43: =SUM(C43,G43,H43) -> 10 | C43: =SUM(D43:F43) -> 10 | D43: 10
A44: 如皋市 | B44: =SUM(C44,G44,H44) -> 11 | C44: =SUM(D44:F44) -> 11 | D44: 11
A45: 如东县 | B45: =SUM(C45,G45,H45) -> 8 | C45: =SUM(D45:F45) -> 8 | D45: 8
A46: 启东市 | B46: =SUM(C46,G46,H46) -> 13 | C46: =SUM(D46:F46) -> 13 | D46: 8 | E46: 5
A47: 连云港市 | B47: =SUM(C47,G47,H47) -> 62 | C47: =SUM(D47:F47) -> 57 | D47: =SUM(D48:D52) -> 57 | E47: =SUM(E48:E52) -> 0 | F47: =SUM(F48:F52) -> 0 | G47: =SUM(G48:G52) -> 0 | H47: =SUM(H48:H52) -> 5
A48: 连云港市本级 | B48: =SUM(C48,G48,H48) -> 21 | C48: =SUM(D48:F48) -> 21 | D48: 21
A49: 赣榆区 | B49: =SUM(C49,G49,H49) -> 8 | C49: =SUM(D49:F49) -> 8 | D49: 8
A50: 东海县 | B50: =SUM(C50,G50,H50) -> 8 | C50: =SUM(D50:F50) -> 8 | D50: 8
A51: 灌云县 | B51: =SUM(C51,G51,H51) -> 10 | C51: =SUM(D51:F51) -> 10 | D51: 10
A52: 灌南县 | B52: =SUM(C52,G52,H52) -> 15 | C52: =SUM(D52:F52) -> 10 | D52: 10 | H52: 5
A53: 淮安市 | B53: =SUM(C53,G53,H53) -> 65 | C53: =SUM(D53:F53) -> 60 | D53: =SUM(D54:D58) -> 60 | E53: =SUM(E54:E58) -> 0 | F53: =SUM(F54:F58) -> 0 | G53: =SUM(G54:G58) -> 0 | H53: =SUM(H54:H58) -> 5
A54: 淮安市本级 | B54: =SUM(C54,G54,H54) -> 20 | C54: =SUM(D54:F54) -> 20 | D54: 20
A55: 淮安区 | B55: =SUM(C55,G55,H55) -> 10 | C55: =SUM(D55:F55) -> 10 | D55: 10
A56: 淮阴区 | B56: =SUM(C56,G56,H56) -> 10 | C56: =SUM(D56:F56) -> 10 | D56: 10
A57: 洪泽区 | B57: =SUM(C57,G57,H57) -> 15 | C57: =SUM(D57:F57) -> 10 | D57: 10 | H57: 5
A58: 涟水县 | B58: =SUM(C58,G58,H58) -> 10 | C58: =SUM(D58:F58) -> 10 | D58: 10
A59: 盐城市 | B59: =SUM(C59,G59,H59) -> 129 | C59: =SUM(D59:F59) -> 119 | D59: =SUM(D60:D69) -> 119 | E59: =SUM(E60:E69) -> 0 | F59: =SUM(F60:F69) -> 0 | G59: =SUM(G60:G69) -> 0 | H59: =SUM(H60:H69) -> 10
A60: 盐城市本级 | B60: =SUM(C60,G60,H60) -> 21 | C60: =SUM(D60:F60) -> 21 | D60: 21
A61: 大丰区 | B61: =SUM(C61,G61,H61) -> 16 | C61: =SUM(D61:F61) -> 11 | D61: 11 | H61: 5
A62: 盐都区 | B62: =SUM(C62,G62,H62) -> 11 | C62: =SUM(D62:F62) -> 11 | D62: 11
A63: 亭湖区 | B63: =SUM(C63,G63,H63) -> 11 | C63: =SUM(D63:F63) -> 11 | D63: 11
A64: 东台市 | B64: =SUM(C64,G64,H64) -> 16 | C64: =SUM(D64:F64) -> 11 | D64: 11 | H64: 5
A65: 建湖县 | B65: =SUM(C65,G65,H65) -> 11 | C65: =SUM(D65:F65) -> 11 | D65: 11
A66: 射阳县 | B66: =SUM(C66,G66,H66) -> 10 | C66: =SUM(D66:F66) -> 10 | D66: 10
A67: 阜宁县 | B67: =SUM(C67,G67,H67) -> 11 | C67: =SUM(D67:F67) -> 11 | D67: 11
A68: 滨海县 | B68: =SUM(C68,G68,H68) -> 11 | C68: =SUM(D68:F68) -> 11 | D68: 11
A69: 响水县 | B69: =SUM(C69,G69,H69) -> 11 | C69: =SUM(D69:F69) -> 11 | D69: 11
A70: 扬州市 | B70: =SUM(C70,G70,H70) -> 212 | C70: =SUM(D70:F70) -> 62 | D70: =SUM(D71:D77) -> 62 | E70: =SUM(E71:E77) -> 0 | F70: =SUM(F71:F77) -> 0 | G70: =SUM(G71:G77) -> 0 | H70: =SUM(H71:H77) -> 150
A71: 扬州市本级 | B71: =SUM(C71,G71,H71) -> 10 | C71: =SUM(D71:F71) -> 10 | D71: 10
A72: 江都区 | B72: =SUM(C72,G72,H72) -> 10 | C72: =SUM(D72:F72) -> 10 | D72: 10
A73: 邗江区 | B73: =SUM(C73,G73,H73) -> 4 | C73: =SUM(D73:F73) -> 4 | D73: 4
A74: 广陵区 | B74: =SUM(C74,G74,H74) -> 10 | C74: =SUM(D74:F74) -> 10 | D74: 10
A75: 宝应县 | B75: =SUM(C75,G75,H75) -> 10 | C75: =SUM(D75:F75) -> 10 | D75: 10
A76: 高邮市 | B76: =SUM(C76,G76,H76) -> 158 | C76: =SUM(D76:F76) -> 8 | D76: 8 | H76: 150
A77: 仪征市 | B77: =SUM(C77,G77,H77) -> 10 | C77: =SUM(D77:F77) -> 10 | D77: 10
A78: 镇江市 | B78: =SUM(C78,G78,H78) -> 288 | C78: =SUM(D78:F78) -> 203 | D78: =SUM(D79:D85) -> 143 | E78: 50 | F78: 10 | G78: 0 | H78: 85
A79: 镇江市本级 | B79: =SUM(C79,G79,H79) -> 146 | C79: =SUM(D79:F79) -> 126 | D79: 81 | E79: 40 | F79: 5 | H79: 20 | I79: 巡查经费长航公安镇江分局5万元，镇江水警5万元； 基数含执法装备50万元
A80: 京口区 | B80: =SUM(C80,G80,H80) -> 60 | C80: =SUM(D80:F80) -> 10 | D80: 10 | H80: 50
A81: 新 区 | B81: =SUM(C81,G81,H81) -> 5 | C81: =SUM(D81:F81) -> 5 | D81: 5
A82: 丹徒区 | B82: =SUM(C82,G82,H82) -> 21 | C82: =SUM(D82:F82) -> 21 | D82: 11 | E82: 10
A83: 丹阳市 | B83: =SUM(C83,G83,H83) -> 10 | C83: =SUM(D83:F83) -> 10 | D83: 10
A84: 句容市 | B84: =SUM(C84,G84,H84) -> 25 | C84: =SUM(D84:F84) -> 10 | D84: 10 | H84: 15
A85: 扬中市 | B85: =SUM(C85,G85,H85) -> 21 | C85: =SUM(D85:F85) -> 21 | D85: 16 | F85: 5 | I85: 巡查经费水上公安5万元
A86: 泰州市 | B86: =SUM(C86,G86,H86) -> 199 | C86: =SUM(D86:F86) -> 154 | D86: =SUM(D87:D92) -> 74 | E86: =SUM(E87:E92) -> 80 | F86: =SUM(F87:F92) -> 0 | G86: =SUM(G87:G92) -> 0 | H86: =SUM(H87:H92) -> 45
A87: 泰州市本级 | B87: =SUM(C87,G87,H87) -> 61 | C87: =SUM(D87:F87) -> 61 | D87: 21 | E87: 40
A88: 高港区 | B88: =SUM(C88,G88,H88) -> 10 | C88: =SUM(D88:F88) -> 10 | D88: 10
A89: 姜堰区 | B89: =SUM(C89,G89,H89) -> 11 | C89: =SUM(D89:F89) -> 11 | D89: 11
A90: 靖江市 | B90: =SUM(C90,G90,H90) -> 71 | C90: =SUM(D90:F90) -> 31 | D90: 11 | E90: 20 | H90: 40
A91: 泰兴市 | B91: =SUM(C91,G91,H91) -> 31 | C91: =SUM(D91:F91) -> 31 | D91: 11 | E91: 20
A92: 兴化市 | B92: =SUM(C92,G92,H92) -> 15 | C92: =SUM(D92:F92) -> 10 | D92: 10 | H92: 5
A93: 宿迁市 | B93: =SUM(C93,G93,H93) -> 51 | C93: =SUM(D93:F93) -> 51 | D93: =SUM(D94:D97) -> 51 | E93: 0 | F93: 0 | G93: 0 | H93: 0
A94: 宿迁市本级 | B94: =SUM(C94,G94,H94) -> 20 | C94: =SUM(D94:F94) -> 20 | D94: 20
A95: 宿豫区 | B95: =SUM(C95,G95,H95) -> 10 | C95: =SUM(D95:F95) -> 10 | D95: 10
A96: 泗洪县 | B96: =SUM(C96,G96,H96) -> 11 | C96: =SUM(D96:F96) -> 11 | D96: 11
A97: 泗阳县 | B97: =SUM(C97,G97,H97) -> 10 | C97: =SUM(D97:F97) -> 10 | D97: 10

Sheet 附件3-8-2
A1: 附件3-8-2
A2: 2026年省级水利建设和发展专项资金（第一批水利发展） 省本级项目明细表（河湖采砂及水行政执法管理）
B3: 单位：万元
A4: 单位 | B4: 项目内容 | C4: 补助 资金
B5: 总计 | C5: =C6+C9 -> 588
A6: 政策法规处 | B6: 小 计 | C6: =SUM(C7:C8) -> 17
B7: 水行政许可、执法案卷评查 | C7: 6
B8: 《江苏省水土保持条例》立法后评估 | C8: 11
A9: 厅属有关单位 | B9: 小 计 | C9: =SUM(C10:C22) -> 571
A10: 骆运水利工程管理处 | B10: 水行政执法 | C10: 13
A11: 淮沭新河管理处 | B11: 水行政执法 | C11: 10
A12: 灌溉总渠管理处 | B12: 水行政执法 | C12: 10
A13: 洪泽湖水利工程管理处 | B13: 水行政执法 | C13: 33
A14: 江都水利工程管理处 | B14: 水行政执法 | C14: 10
A15: 秦淮河水利工程管理处 | B15: 水行政执法 | C15: 15
A16: 太湖地区水利工程管理处 | B16: 水行政执法、新建船艇 | C16: 200
A17: 泰州引江河管理处 | B17: 水行政执法 | C17: 10
A18: 省水利科学研究院 | B18: 水行政许可事中事后监管技术支撑 | C18: 50
B19: 河湖“清四乱”常态化规范化技术支撑 | C19: 50
B20: 编制全省水事案例和水行政执法年报 | C20: 20
B21: 长江工程类（疏浚砂综合利用）采砂项目监管检测及后评估 | C21: 120
B22: 长江、洪泽湖、骆马湖重点水域采砂管理无人机监控及季度巡江技术支撑 | C22: 30

Sheet 附件3-9
A1: 附件3-9
A2: 2026年省级水利建设和发展专项资金（第一批水利发展）明细表 （水旱灾害防御）
F3: 单位：万元
A4: 序号 | B4: 单位 | C4: 项目名称 | D4: 防汛应急度汛费 | E4: 排涝降渍补助 | F4: 防汛物资管理增储费 | G4: 合计
B5: 全省合计 | D5: =SUM(D6,D117) -> 4045 | E5: =SUM(E6,E117) -> 1615 | F5: =SUM(F6,F117) -> 857 | G5: =SUM(D5:F5) -> 6517
A6: 一 | B6: 市县小计 | D6: =SUM(D7,D17,D21,D32,D35,D39,D48,D57,D72,D81,D93,D101,D106) -> 2301 | E6: =SUM(E7,E17,E21,E32,E35,E39,E48,E57,E72,E81,E93,E101,E106) -> 1615 | F6: =SUM(F7,F17,F21,F32,F35,F39,F48,F57,F72,F81,F93,F101,F106) -> 141 | G6: =SUM(D6:F6) -> 4057
A7: （一） | B7: 南京市 | D7: =SUM(D8:D16) -> 359 | E7: =SUM(E8:E16) -> 0 | F7: =SUM(F8:F16) -> 18 | G7: =SUM(D7:F7) -> 377
A8: 1 | B8: 市本级 | C8: 外秦淮河左岸扫帚巷段堤防消险工程补助 | D8: 150 | G8: =SUM(D8:F8) -> 150
A9: 2 | B9: 市本级 | C9: 全省特大暴雨城市防洪避险预案修编审查 | D9: 20 | G9: =SUM(D9:F9) -> 20
A10: 3 | B10: 市本级 | C10: 省级防汛块石保管 | F10: 13 | G10: =SUM(D10:F10) -> 13
A11: 4 | B11: 江宁区 | C11: 句容河赤山桥上游右岸堤防消险工程补助 | D11: 150 | G11: =SUM(D11:F11) -> 150
A12: 5 | B12: 浦口区 | C12: 全省小型水库防汛抢险应急预案修编审查 | D12: 19 | G12: =SUM(D12:F12) -> 19
A13: 6 | B13: 溧水区 | C13: 省级防汛块石保管 | F13: 2 | G13: =SUM(D13:F13) -> 2
A14: 7 | B14: 溧水区 | C14: 方便水库、中山水库旱限水位核定 | D14: 20 | G14: =SUM(D14:F14) -> 20
A15: 8 | B15: 高淳区 | C15: 省级防汛块石及砼块保管 | F15: 2 | G15: =SUM(D15:F15) -> 2
A16: 9 | B16: 栖霞区 | C16: 省级防汛块石及砼块保管 | F16: 1 | G16: =SUM(D16:F16) -> 1
A17: （二） | B17: 无锡市 | D17: =SUM(D18:D20) -> 25 | E17: =SUM(E18:E20) -> 0 | F17: =SUM(F18:F20) -> 4 | G17: =SUM(D17:F17) -> 29
A18: 1 | B18: 江阴市 | C18: 省级防汛块石保管 | F18: 4 | G18: =SUM(D18:F18) -> 4
A19: 2 | B19: 宜兴市 | C19: 油车水库旱限水位核定 | D19: 10 | G19: =SUM(D19:F19) -> 10
A20: 3 | B20: 宜兴市 | C20: 全省大中型水库防汛抢险应急预案修编审查 | D20: 15 | G20: =SUM(D20:F20) -> 15
A21: （三） | B21: 徐州市 | D21: =SUM(D22:D31) -> 160 | E21: =SUM(E22:E31) -> 1170 | F21: =SUM(F22:F31) -> 19 | G21: =SUM(D21:F21) -> 1349
A22: 1 | B22: 市本级 | C22: 省级水旱灾害防御物资管理及防汛块石保管 | F22: 4 | G22: =SUM(D22:F22) -> 4
A23: 2 | B23: 铜山区 | C23: 省级防汛块石保管 | F23: 4 | G23: =SUM(D23:F23) -> 4
A24: 3 | B24: 沛 县 | C24: 省级防汛块石保管 | F24: 2 | G24: =SUM(D24:F24) -> 2
A25: 4 | B25: 睢宁县 | C25: 庆安水库旱限水位核定 | D25: 10 | G25: =SUM(D25:F25) -> 10
A26: 5 | B26: 睢宁县 | C26: 省级防汛块石保管 | F26: 2 | G26: =SUM(D26:F26) -> 2
A27: 6 | B27: 邳州市 | C27: 骆马湖周边排涝降渍补助 | E27: 724 | G27: =SUM(D27:F27) -> 724
A28: 7 | B28: 邳州市 | C28: 省级防汛块石保管 | F28: 2 | G28: =SUM(D28:F28) -> 2
A29: 8 | B29: 新沂市 | C29: 阿湖水库泄洪闸下游连接段水毁修复 | D29: 150 | G29: =SUM(D29:F29) -> 150
A30: 9 | B30: 新沂市 | C30: 骆马湖周边排涝降渍补助 | E30: 446 | G30: =SUM(D30:F30) -> 446
A31: 10 | B31: 新沂市 | C31: 省级防汛块石保管 | F31: 5 | G31: =SUM(D31:F31) -> 5
A32: （四） | B32: 常州市 | F32: =SUM(F33:F34) -> 2 | G32: =SUM(D32:F32) -> 2
A33: 1 | B33: 市本级 | C33: 省级防汛块石及砼块保管 | F33: 1 | G33: =SUM(D33:F33) -> 1
A34: 2 | B34: 金坛区 | C34: 省级防汛块石保管 | F34: 1 | G34: =SUM(D34:F34) -> 1
A35: （五） | B35: 苏州市 | D35: =SUM(D36:D38) -> 110 | E35: =SUM(E36:E38) -> 0 | F35: =SUM(F36:F38) -> 1 | G35: =SUM(D35:F35) -> 111
A36: 1 | B36: 市本级 | C36: 直塘站警戒水位、保证水位核定 | D36: 10 | G36: =SUM(D36:F36) -> 10
A37: 2 | B37: 常熟市 | C37: 徐六泾枢纽下游长江侧水下冲刷应急处理 | D37: 100 | G37: =SUM(D37:F37) -> 100
A38: 3 | B38: 太仓市 | C38: 省级防汛块石保管 | F38: 1 | G38: =SUM(D38:F38) -> 1
A39: （六） | B39: 南通市 | D39: =SUM(D40:D47) -> 160 | E39: =SUM(E40:E47) -> 0 | F39: =SUM(F40:F47) -> 15 | G39: =SUM(D39:F39) -> 175
A40: 1 | B40: 市本级 | C40: 长江新通海沙围堤上游排水闸段近岸抛石处理 | D40: 150 | G40: =SUM(D40:F40) -> 150
A41: 2 | B41: 市本级 | C41: 省级防汛块石保管 | F41: 1 | G41: =SUM(D41:F41) -> 1
A42: 3 | B42: 海门区 | C42: 省级防汛块石保管 | F42: 2 | G42: =SUM(D42:F42) -> 2
A43: 4 | B43: 海安市 | C43: 省级防汛块石保管 | F43: 3 | G43: =SUM(D43:F43) -> 3
A44: 5 | B44: 如皋市 | C44: 全省险工险段重点防御预案修编审查 | D44: 10 | G44: =SUM(D44:F44) -> 10
A45: 6 | B45: 如皋市 | C45: 省级防汛块石保管 | F45: 2 | G45: =SUM(D45:F45) -> 2
A46: 7 | B46: 如东县 | C46: 省级防汛块石保管 | F46: 2 | G46: =SUM(D46:F46) -> 2
A47: 8 | B47: 启东市 | C47: 省级防汛块石保管 | F47: 5 | G47: =SUM(D47:F47) -> 5
A48: （七） | B48: 连云港市 | D48: =SUM(D49:D56) -> 260 | E48: =SUM(E49:E56) -> 0 | F48: =SUM(F49:F56) -> 11 | G48: =SUM(D48:F48) -> 271
A49: 1 | B49: 市本级 | C49: 三洋港挡潮闸闸下清於 | D49: 100 | G49: =SUM(D49:F49) -> 100
A50: 2 | B50: 市本级 | C50: 2025年新沭河太平庄闸至三洋港挡潮闸段芦苇清理补助 | D50: 150 | G50: =SUM(D50:F50) -> 150
A51: 3 | B51: 市本级 | C51: 西双湖水库旱限水位核定 | D51: 10 | G51: =SUM(D51:F51) -> 10
A52: 4 | B52: 市本级 | C52: 省级水旱灾害防御物资管理及防汛块石保管 | F52: 2 | G52: =SUM(D52:F52) -> 2
A53: 5 | B53: 赣榆区 | C53: 省级防汛块石及砼块保管 | F53: 2 | G53: =SUM(D53:F53) -> 2
A54: 6 | B54: 东海县 | C54: 省级防汛块石保管 | F54: 3 | G54: =SUM(D54:F54) -> 3
A55: 7 | B55: 灌云县 | C55: 省级防汛块石保管 | F55: 1 | G55: =SUM(D55:F55) -> 1
A56: 8 | B56: 灌南县 | C56: 省级防汛块石及砼块保管 | F56: 3 | G56: =SUM(D56:F56) -> 3
A57: （八） | B57: 淮安市 | D57: =SUM(D58:D71) -> 189 | E57: =SUM(E58:E71) -> 132 | F57: =SUM(F58:F71) -> 15 | G57: =SUM(D57:F57) -> 336
A58: 1 | B58: 市本级 | C58: 2025年洪泽区淮河入江水道滩面应急清障补助 | D58: 5 | G58: =SUM(D58:F58) -> 5
A59: 2 | B59: 市本级 | C59: 全省在建水利工程度汛预案修编审查 | D59: 10 | G59: =SUM(D59:F59) -> 10
A60: 3 | B60: 市本级 | C60: 淮河入江水道沿线地区排涝降渍补助 | E60: 21 | G60: =SUM(D60:F60) -> 21
A61: 4 | B61: 市本级 | C61: 省级水旱灾害防御物资管理 | F61: 2 | G61: =SUM(D61:F61) -> 2
A62: 5 | B62: 淮安区 | C62: 省级防汛块石保管 | F62: 1 | G62: =SUM(D62:F62) -> 1
A63: 6 | B63: 淮阴区 | C63: 省级防汛块石保管 | F63: 6 | G63: =SUM(D63:F63) -> 6
A64: 7 | B64: 清江浦区 | C64: 省级防汛块石保管 | F64: 3 | G64: =SUM(D64:F64) -> 3
A65: 8 | B65: 洪泽区 | C65: 省级防汛块石保管 | F65: 2 | G65: =SUM(D65:F65) -> 2
A66: 9 | B66: 金湖县 | C66: 2025年金湖控制线省级抗旱架机临时工程 | D66: 128 | G66: =SUM(D66:F66) -> 128
A67: 10 | B67: 金湖县 | C67: 2025年淮河入江水道滩面应急清障补助 | D67: 36 | G67: =SUM(D67:F67) -> 36
A68: 11 | B68: 金湖县 | C68: 淮河入江水道沿线地区排涝降渍补助 | E68: 102 | G68: =SUM(D68:F68) -> 102
A69: 12 | B69: 盱眙县 | C69: 龙王山水库旱限水位核定 | D69: 10 | G69: =SUM(D69:F69) -> 10
A70: 13 | B70: 盱眙县 | C70: 淮河入江水道沿线地区排涝降渍补助 | E70: 9 | G70: =SUM(D70:F70) -> 9
A71: 14 | B71: 盱眙县 | C71: 省级防汛块石保管 | F71: 1 | G71: =SUM(D71:F71) -> 1
A72: （九） | B72: 盐城市 | D72: =SUM(D73:D80) -> 285 | E72: =SUM(E73:E80) -> 0 | F72: =SUM(F73:F80) -> 8 | G72: =SUM(D72:F72) -> 293
A73: 1 | B73: 市本级 | C73: 省级水旱灾害防御物资管理及防汛块石保管 | F73: 4 | G73: =SUM(D73:F73) -> 4
A74: 2 | B74: 盐都区 | C74: 古殿堡站警戒水位、保证水位核定 | D74: 10 | G74: =SUM(D74:F74) -> 10
A75: 3 | B75: 建湖县 | C75: 西塘河赵湾二组圩口闸水毁修复 | D75: 105 | G75: =SUM(D75:F75) -> 105
A76: 4 | B76: 阜宁县 | C76: 2025年苏北灌溉总渠滩面应急清障补助 | D76: 10 | G76: =SUM(D76:F76) -> 10
A77: 5 | B77: 滨海县 | C77: 省级防汛块石保管 | F77: 2 | G77: =SUM(D77:F77) -> 2
A78: 6 | B78: 响水县 | C78: 灌河堤防23+400-23+700段防护工程应急修复 | D78: 150 | G78: =SUM(D78:F78) -> 150
A79: 7 | B79: 响水县 | C79: 响水口站警戒水位、保证水位核定 | D79: 10 | G79: =SUM(D79:F79) -> 10
A80: 8 | B80: 响水县 | C80: 省级防汛块石保管 | F80: 2 | G80: =SUM(D80:F80) -> 2
A81: （十） | B81: 扬州市 | D81: =SUM(D82:D92) -> 230 | E81: =SUM(E82:E92) -> 191 | F81: =SUM(F82:F92) -> 18 | G81: =SUM(D81:F81) -> 439
A82: 1 | B82: 市本级 | C82: 月塘水库旱限水位核定 | D82: 10 | G82: =SUM(D82:F82) -> 10
A83: 2 | B83: 市本级 | C83: 淮河入江水道沿线地区排涝降渍补助 | E83: 130 | G83: =SUM(D83:F83) -> 130
A84: 3 | B84: 市本级 | C84: 省级水旱灾害防御物资管理及防汛块石保管 | F84: 10 | G84: =SUM(D84:F84) -> 10
A85: 4 | B85: 经开区 | C85: 省级防汛块石保管 | F85: 1 | G85: =SUM(D85:F85) -> 1
A86: 5 | B86: 江都区 | C86: 省级防汛块石及砼块（固化石）保管 | F86: 2 | G86: =SUM(D86:F86) -> 2
A87: 6 | B87: 广陵区 | C87: 省级防汛块石保管 | F87: 3 | G87: =SUM(D87:F87) -> 3
A88: 7 | B88: 宝应县 | C88: 淮河入江水道沿线地区排涝降渍补助 | E88: 2 | G88: =SUM(D88:F88) -> 2
A89: 8 | B89: 高邮市 | C89: 2025年淮河入江水道滩面应急清障补助 | D89: 65 | G89: =SUM(D89:F89) -> 65
A90: 9 | B90: 高邮市 | C90: 运河东堤K14+150-K15+050段堤后深塘处置 | D90: 155 | G90: =SUM(D90:F90) -> 155
A91: 10 | B91: 高邮市 | C91: 淮河入江水道沿线地区排涝降渍补助 | E91: 59 | G91: =SUM(D91:F91) -> 59
A92: 11 | B92: 高邮市 | C92: 省级防汛块石保管 | F92: 2 | G92: =SUM(D92:F92) -> 2
A93: （十一） | B93: 镇江市 | D93: =SUM(D94:D100) -> 332 | E93: =SUM(E94:E100) -> 0 | F93: =SUM(F94:F100) -> 9 | G93: =SUM(D93:F93) -> 341
A94: 1 | B94: 市本级 | C94: 北山、仑山、句容、二圣水库旱限水位核定 | D94: 40 | G94: =SUM(D94:F94) -> 40
A95: 2 | B95: 市本级 | C95: 2025年和畅洲堤防应急清障补助 | D95: 22 | G95: =SUM(D95:F95) -> 22
A96: 3 | B96: 市本级 | C96: 省级防汛块石保管 | F96: 1 | G96: =SUM(D96:F96) -> 1
A97: 4 | B97: 句容市 | C97: 赤山湖堤防郭庄镇花兰墩段消险处置 | D97: 150 | G97: =SUM(D97:F97) -> 150
A98: 5 | B98: 句容市 | C98: 省级防汛块石保管 | F98: 1 | G98: =SUM(D98:F98) -> 1
A99: 6 | B99: 扬中市 | C99: 三茅街道木桥港涵洞水毁修复 | D99: 120 | G99: =SUM(D99:F99) -> 120
A100: 7 | B100: 扬中市 | C100: 省级防汛块石及砼块保管 | F100: 7 | G100: =SUM(D100:F100) -> 7
...

Sheet 附件3-10
A1: 附件3-10
A2: 2026年省级水利建设和发展专项资金（第一批水利发展）明细表 （南水北调水费奖补）
E3: 单位：万元
A4: 序号 | B4: 地 区 | D4: 各单位实际上缴额 | E4: 本次下达资金
A5: 全省合计 | D5: =SUM(D6,D16,D28,D40,D47,D51) -> 35100 | E5: =SUM(E6,E16,E28,E40,E47,E51) -> 10548
A6: 一、徐州市 | D6: =SUM(D8:D15) -> 9900 | E6: =SUM(E8:E15) -> 2973
B7: 市 本 级 | C7: 市本级小计 | D7: =SUM(D8:D10) -> 3024.24 | E7: 908
A8: 1 | C8: 市区 | D8: 752.07 | E8: 226
A9: 2 | C9: 铜山区 | D9: 1773.07 | E9: 532
A10: 3 | C10: 贾汪区 | D10: 499.1 | E10: 150
A11: 4 | B11: 丰县 | D11: 1011.88 | E11: 304
A12: 5 | B12: 沛县 | D12: 1337.78 | E12: 402
A13: 6 | B13: 睢宁县 | D13: 1369.68 | E13: 411
A14: 7 | B14: 邳州市 | D14: 1583.91 | E14: 476
A15: 8 | B15: 新沂市 | D15: 1572.51 | E15: 472
A16: 二、连云港市 | D16: =SUM(D18:D27) -> 6600 | E16: =SUM(E18:E27) -> 1985
B17: 市 本 级 | C17: 市本级小计 | D17: =SUM(D18:D24) -> 2821 | E17: =SUM(E18:E24) -> 850
A18: 9 | C18: 海州区 | D18: 884 | E18: 266
A19: 10 | C19: 连云区 | D19: 110 | E19: 33
A20: 11 | C20: 开发区 | D20: 198 | E20: 60
A21: 12 | C21: 徐圩新区 | D21: 364 | E21: 110
A22: 13 | C22: 云台山景区 | D22: 63 | E22: 19
A23: 14 | C23: 高新区 | D23: 104 | E23: 32
A24: 15 | C24: 赣榆区 | D24: 1098 | E24: 330
A25: 16 | B25: 东海县 | D25: 1612 | E25: 484
A26: 17 | B26: 灌云县 | D26: 1202 | E26: 361
A27: 18 | B27: 灌南县 | D27: 965 | E27: 290
A28: 三、淮安市 | D28: =SUM(D30:D39) -> 6500 | E28: =SUM(E30:E39) -> 1955
B29: 市 本 级 | C29: 市本级小计 | D29: =SUM(D30:D36) -> 3630 | E29: =SUM(E30:E36) -> 1093
A30: 19 | C30: 清江浦区 | D30: 293 | E30: 88
A31: 20 | C31: 淮安经济技术开发区 | D31: 338 | E31: 102
A32: 21 | C32: 淮安工业园区 | D32: 377.6 | E32: 115
A33: 22 | C33: 淮安生态文旅区 | D33: 105 | E33: 32
A34: 23 | B34: 市 本 级 | C34: 淮阴区 | D34: 787 | E34: 237
A35: 24 | C35: 淮安区 | D35: 1149.4 | E35: 345
A36: 25 | C36: 洪泽区 | D36: 580 | E36: 174
A37: 26 | B37: 涟水县 | D37: 1142 | E37: 343
A38: 27 | B38: 金湖县 | D38: 668 | E38: 201
A39: 28 | B39: 盱眙县 | D39: 1060 | E39: 318
A40: 四、盐城市 | D40: =SUM(D42:D46) -> 1600 | E40: =SUM(E42:E46) -> 483
B41: 市 本 级 | C41: 市本级小计 | D41: =SUM(D42:D43) -> 283 | E41: =SUM(E42:E43) -> 86
A42: 29 | C42: 中心城区 | D42: 188 | E42: 57
A43: 30 | C43: 大丰区 | D43: 95 | E43: 29
A44: 31 | B44: 建湖县 | D44: 61 | E44: 19
A45: 32 | B45: 射阳县 | D45: 74 | E45: 23
A46: 33 | B46: 阜宁县 | D46: 1182 | E46: 355
A47: 五、扬州市 | D47: =SUM(D48:D50) -> 4500 | E47: 1350
A48: 34 | B48: 市本级-江都区 | D48: 1480 | E48: 444
A49: 35 | B49: 宝应县 | D49: 1440 | E49: 432
A50: 36 | B50: 高邮市 | D50: 1580 | E50: 474
A51: 六、宿迁市 | D51: =SUM(D53:D57) -> 6000 | E51: =SUM(E53:E57) -> 1802
B52: 市 本 级 | C52: 市本级小计 | D52: =SUM(D53:D54) -> 1750 | E52: =SUM(E53:E54) -> 526
A53: 37 | C53: 宿豫区 | D53: 766 | E53: 230
A54: 38 | C54: 宿城区 | D54: 984 | E54: 296
A55: 39 | B55: 沭阳县 | D55: 1791 | E55: 538
A56: 40 | B56: 泗阳县 | D56: 1226 | E56: 368
A57: 41 | B57: 泗洪县 | D57: 1233 | E57: 370
